Workbook

Sheet Capa
A12: PLANO DE NEGÓCIOS

Sheet 1-Empresa
A2: 1. INFORMAÇÃO DA EMPRESA
A4: 1.1. Identificação da Empresa
A6: Nome da Empresa
A7: Morada
A9: Localidade | D9: Código Postal
A10: Concelho | D10: Distrito
A11: Telefone | D11: Fax | E11: ____/___________
A12: Forma Jurídica
A14: 1.2. Identificação dos Sócios
A15: 1. Nome | E15: Idade
A16: 2. Nome | E16: Idade
A17: 3. Nome | E17: Idade
A19: 1.3. Caracterização da Actividade
A21: Principal
A22: Secundária
A24: Especifique em que consiste a principal actividade

Sheet Promotores
A1: 1.4. Experiência dos promotores nas diversas áreas do projecto
A17: 1.5. Breve diagnóstico dos promotores: apresente de forma sumária os pontos fortes e fracos dos promotores

Sheet Local
A1: 1.6.Descrição do Local (zona industrial/zona comercial)

Sheet 2-Produtos_Serviços
A1: 2. APRESENTAÇÃO DO NEGÓCIO
A3: 2.1. Descrição sumária das diversas componentes
A5: 2.1.1. O que faz? (serviços a prestar, artigos a produzir,...)

Sheet Factores
A1: 2.1.2. Que factores utiliza? ( matérias-primas, recursos humanos...)

Sheet 3-Mercado
A1: 3. ANÁLISE DE MERCADO
A3: 3.1. Pesquisa de mercado
A5: 3.1.1. Os Consumidores
A6: Identifique e caracterize os clientes ( tipo, poder de compra, dimensão, etc.)
A22: 3.1.2. A Concorrência
A23: Indique os seus concorrentes e justifique porque os considera como tal

Sheet Concorrência
A1: Quais as diferenças entre os seus produtos e os dos seus principais concorrentes?
A2: ( Se possível indique as diferenças relativamente a cada concorrente).
A17: Como avalia a sua empresa em comparação com as dos seus principais
A18: concorrentes. Justifique
A19: ( + A sua empresa é melhor; 0 a sua empresa é igual; - a sua empresa é pior )
C21: + / 0 / - | E21: Porquê ?
A22: Gama de Serviços | C22: +
A23: Qualidade dos Serviços | C23: 0
A24: Dimensão | C24: -
A25: Imagem | C25: 0/+
A26: Preço | C26: +
A27: Rapidez de execução | C27: +
A28: Garantias | C28: +

Sheet Fornecedores
A1: 3.1.3. Os Fornecedores
A2: Indique quem serão os seus fornecedores e descreva as condições que oferecem em termos de prazos de entrega, qualidade, prazos de pagamento, assistência pós-venda, etc.
A16: 3.2. Plano de Marketing
A17: 3.2.1. O Serviço
A18: Faça uma descrição detalhada dos produtos/serviços que vai oferecer

Sheet Preço_Distribuição
A1: 3.2.2. O Preço
A2: Indique o custo dos seus produtos/serviços
A17: Indique o preço de venda dos seus produtos/serviços
A38: 3.2.3. A Distribuição
A39: Indique quais os canais de distribuição que vai utilizar e justifique com os critérios que utilizou para a sua escolha

Sheet Pressupostos
A1: 5 - ESTUDO ECONÓMICO E FINANCEIRO
A2: 5.1 - Pressupostos do Projecto
AI3: 1. Plano de Investimento | AN3: Preços correntes
AN4: (contos) | CB4: Imobilizado | CC4: Valor de | CD4: Taxa | CE4: Amortização | CJ4: =BV4 -> 0 | CK4: =BW4 -> 0 | CL4: =BX4 -> 0 | CM4: =BY4 -> 0 | CN4: =BZ4 -> 0 | CW4: Designação | CX4: =CQ4 -> 0 | CY4: =CR4 -> 0 | CZ4: =CS4 -> 0 | DA4: =CT4 -> 0 | DB4: =CU4 -> 0 | ED4: PRESSUPOSTOS | EE4: INVESTIMENTO | EF4: PRODUCAO | EG4: MERCADORIAS | EH4: PROVEITOS | EI4: CONSUMOS | EJ4: FORN.SERV.EXT. | EK4: C. c/ PESSOAL | EL4: FUNCAO FINANCEIRA | EM4: CAPITAL CIRCULANTE | EN4: AUXILIARES | EO4: CONTROLO | EP4: QUADROS PRINCIPAIS | EQ4: IMPRIMIR | ER4: SAIR
CC5: aquisição | CD5: anual | CE5: anual
A6: * PERIODO DE ANÁLISE | B6: =C6-1 -> 2010 | C6: 2011 | D6: =C6+1 -> 2012 | E6: =D6+1 -> 2013 | F6: =E6+1 -> 2014 | G6: =F6+1 -> 2015 | H6: =G6+1 -> 2016 | AI6: PLANO DE INVESTIMENTOS | AJ6: =C6 -> 2011 | AK6: =D6 -> 2012 | AL6: =E6 -> 2013 | AM6: =F6 -> 2014 | AN6: =G6 -> 2015 | CW6: ACTIVO | ED6: {GOTO}A1~ | EE6: {GOTO}A63~ | EF6: {GOTO}A146~ | EG6: {GOTO}A220~ | EH6: {GOTO}A287~ | EI6: {GOTO}A258~ | EJ6: {GOTO}A331~ | EK6: {GOTO}A367~ | EL6: {MENUBRANCH MENU3} | EM6: {GOTO}A420~ | EN6: {GOTO}A540~ | EO6: {GOTO}A575~ | EP6: {MENUBRANCH MENU4} | EQ6: {MENUBRANCH MENU5} | ER6: {MENUBRANCH MENU6}
CB7: Terrenos | CC7: =AJ11 -> 0 | CD7: =IF(CE7>0,CE7/CC7,0) -> 0 | CE7: 0 | CW7: 1.1. Imobilizações Corpóreas | CX7: =M59 -> 0 | CY7: =N59 -> 0 | CZ7: =O59 -> 0 | DA7: =P59 -> 0 | DB7: =Q59 -> 0 | EL7: FUNCAO FINANCEIRA | EM7: FINANCIAMENTO A M/L PRAZO | EP7: CONTA DE RESULTADOS | EQ7: BALANCO | ER7: CASH-FLOW | ES7: MOAF | ET7: VAR. FUNDOS CIRC. | EU7: INDICADORES
A8: * NÚMERO DE MESES DE EXPLORAÇÃO | C8: 4 | D8: 12 | E8: 12 | F8: 12 | G8: 12 | H8: 12 | AI8: CAPITAL FIXO | AJ8: =AJ10+AJ19 -> 73465.96 | AK8: =AK10+AK19 -> 0 | AL8: =AL10+AL19 -> #REF! | AM8: =AM10+AM19 -> #REF! | AN8: =AN10+AN19 -> #REF! | CB8: Infraestruturas | CC8: =AJ12 -> 0 | CD8: =IF(CE8>0,CE8/CC8,0) -> 0 | CE8: 0 | CI8: Vendas de prosutos | CJ8: 0 | CK8: 0 | CL8: 0 | CM8: 0 | CN8: 0 | CW8: 1.2. Imobilizações Incorpóreas | CX8: =M58 -> 0 | CY8: =N58 -> 0 | CZ8: =O58 -> 0 | DA8: =P58 -> 0 | DB8: =Q58 -> 0
A9: * PRAZOS MÉDIOS DO CIRCULANTE (DIAS) | CB9: Construções | CC9: =AJ13 -> 0 | CD9: =IF(CE9>0,CE9/CC9,0) -> 0 | CE9: 0 | CI9: Serviços prestados | CJ9: 0 | CK9: 0 | CL9: 0 | CM9: 0 | CN9: 0 | CW9: 1.3. Investimentos Financeiros | CX9: =M60 -> 0 | CY9: =N60 -> 0 | CZ9: =O60 -> 0 | DA9: =P60 -> 0 | DB9: =Q60 -> 0 | EL9: {GOTO}A404~ | EM9: {GOTO}A448~ | EP9: {GOTO}O4~ | EQ9: {GOTO}O35~ | ER9: {GOTO}A476~ | ES9: {GOTO}O102~ | ET9: {GOTO}O150~ | EU9: {GOTO}A512~
A10: - Fornecedores (Mercadorias) | C10: 30 | D10: =C10 -> 30 | E10: =D10 -> 30 | F10: =E10 -> 30 | G10: =F10 -> 30 | H10: =G10 -> 30 | AI10: * CAPITAL FIXO CORPÓREO | AJ10: =SUM(AJ11:AJ17) -> 72465.96 | AK10: =SUM(AK11:AK17) -> 0 | AL10: =SUM(AL11:AL17) -> #REF! | AM10: =SUM(AM11:AM17) -> #REF! | AN10: =SUM(AN11:AN17) -> #REF! | CB10: Adaptação e/ou ampliação de instalações | CC10: =AJ14 -> 25000 | CD10: =IF(CE10>0,CE10/CC10,0) -> 0.1428 | CE10: 3570 | CI10: Outros | CJ10: =CJ12-CJ8-CJ9 -> 0 | CK10: =CK12-CK8-CK9 -> 0 | CL10: =CL12-CL8-CL9 -> 0 | CM10: =CM12-CM8-CM9 -> 0 | CN10: =CN12-CN8-CN9 -> 0 | CW10: 1.4. Imobilizações em curso | CX10: =M61 -> 0 | CY10: =N61 -> 0 | CZ10: =O61 -> 0 | DA10: =P61 -> 0 | DB10: =Q61 -> 0
A11: - Fornecedores (Out. Forn. Serv.) | C11: 15 | D11: =C11 -> 15 | E11: =D11 -> 15 | F11: =E11 -> 15 | G11: =F11 -> 15 | H11: =G11 -> 15 | AI11: Terrenos | AJ11: 0 | AK11: 0 | AL11: #REF! | AM11: #REF! | AN11: #REF! | CB11: Equipamento | CC11: =AJ15 -> 39848 | CD11: =IF(CE11>0,CE11/CC11,0) -> 0.1428 | CE11: 5690.2944
A12: - Clientes | C12: 7 | D12: =C12 -> 7 | E12: =D12 -> 7 | F12: =E12 -> 7 | G12: =F12 -> 7 | H12: =G12 -> 7 | AI12: Infraestruturas | AJ12: 0 | AK12: 0 | AL12: #REF! | AM12: #REF! | AN12: #REF! | CB12: Material de carga e transporte apoiável (*) | CC12: =AJ16 -> 0 | CD12: =IF(CE12>0,CE12/CC12,0) -> 0 | CE12: 0 | CI12: 1. TOTAL DE PROVEITOS | CJ12: 0 | CK12: 0 | CL12: 0 | CM12: 0 | CN12: 0 | CW12: 2. Amortizações | CX12: =M62 -> 0 | CY12: =N62 -> 0 | CZ12: =O62 -> 0 | DA12: =P62 -> 0 | DB12: =Q62 -> 0
A13: - Armazenagem | AI13: Construções | AJ13: 0 | AK13: 0 | AL13: 0 | AM13: 0 | AN13: 0 | CB13: Outro material de carga | CC13: =#REF! -> #REF! | CD13: =IF(CE13>0,CE13/CC13,0) -> 0 | CE13: 0 | ED13: PRESSUPOSTOS | EE13: INVESTIMENTO | EF13: PRODUCAO | EG13: MERCADORIAS | EH13: PROVEITOS | EI13: FORN.SERV.EXT. | EJ13: FUNCAO FINANCEIRA | EK13: AUXILIARES | EL13: CONTA DE RESULTADOS | EM13: BALANCO | EN13: CASH-FLOW | EO13: MOAF | EP13: VAR. FUNDOS CIRC. | EQ13: ANALISE COB. FIN.
A14: . Mercadorias | C14: 15 | D14: =C14 -> 15 | E14: =D14 -> 15 | F14: =E14 -> 15 | G14: =F14 -> 15 | H14: =G14 -> 15 | AI14: Adaptação e/ou ampliação de instalações | AJ14: 25000 | AK14: 0 | AL14: #REF! | AM14: #REF! | AN14: #REF! | CB14: Outros | CC14: =AJ17 -> 7617.96 | CD14: =IF(CE14>0,CE14/CC14,0) -> 0.1 | CE14: 761.796 | CI14: CUSTOS | CW14: 3. Existências
A15: . Materias Primas e Subsidiárias | C15: 0 | D15: =C15 -> 0 | E15: =D15 -> 0 | F15: =E15 -> 0 | G15: =F15 -> 0 | H15: =G15 -> 0 | AI15: Equipamento | AJ15: 39848 | AK15: 0 | AL15: #REF! | AM15: #REF! | AN15: #REF! | CW15: 3.1. Prod. e Trabalhos em Curso | CX15: 0 | CY15: 0 | CZ15: 0 | DA15: 0 | DB15: 0 | ED15: /PLT7~QBSUPOST~PQ | EE15: /PLT3~QBINVEST~PQ | EF15: /PLT4~QBPRODUCAO~PQ | EG15: /PLT7~QBMERCAD~PQ | EH15: /PLT12~QBPROV~PQ | EI15: /PLT7~QBFSE~PQ | EJ15: /PLT7~QBFUNFIN~PQ | EK15: /PLT12~QBAUXIL~PQ | EL15: /PLT12~QBDRES~PQ | EM15: /PLT7~QBBAL1~PQ | EN15: /PLL5~T10~QBCFLOW~PQ | EO15: /PLL8~T12~QBMOAF1~PQ | EP15: /PLT12~QBVARFUNC~PQ | EQ15: /PLT15~QBANACOBFIN~PQ
A16: . Produtos Acabados | C16: 0 | D16: =C16 -> 0 | E16: =D16 -> 0 | F16: =E16 -> 0 | G16: =F16 -> 0 | H16: =G16 -> 0 | AI16: Material de carga e transporte apoiável (*) | AJ16: 0 | AK16: 0 | AL16: #REF! | AM16: #REF! | AN16: #REF! | CB16: * CAPITAL FIXO INCORPÓREO | CC16: =SUM(CC17:CC18) -> 500 | CD16: =SUM(CD17:CD18) -> 0.3333 | CE16: =SUM(CE17:CE18) -> 166.65 | CI16: Custos das existências vendIdas e consumidas | CJ16: 0 | CK16: 0 | CL16: 0 | CM16: 0 | CN16: 0 | CW16: 3.2. Mercadorias | CX16: 0 | CY16: 0 | CZ16: 0 | DA16: 0 | DB16: 0
AI17: Outros | AJ17: 7617.96 | AK17: 0 | AL17: #REF! | AM17: #REF! | AN17: #REF! | CB17: Assistência técnica | CC17: =AJ21 -> 0 | CD17: =IF(CE17>0,CE17/CC17,0) -> 0 | CE17: 0 | CI17: Encargos com pessoal | CJ17: #REF! | CK17: #REF! | CL17: #REF! | CM17: #REF! | CN17: #REF! | CW17: 4. Dívidas de Terceiros de Médio e Longo Prazo | CX17: =M63 -> 0 | CY17: =N63 -> 0 | CZ17: =O63 -> 0 | DA17: =P63 -> 0 | DB17: =Q63 -> 0
A18: * VND P/ MERCADO EXTERNO (Em % média) | C18: 0 | D18: =C18 -> 0 | E18: =D18 -> 0 | F18: =E18 -> 0 | G18: =F18 -> 0 | H18: =G18 -> 0 | CB18: Outros (não apoiável) | CC18: =AJ22 -> 500 | CD18: =IF(CE18>0,CE18/CC18,0) -> 0.3333 | CE18: 166.65 | CI18: Impostos | CJ18: 0 | CK18: 0 | CL18: 0 | CM18: 0 | CN18: 0
A19: * CMP AO MERCADO EXTERNO (Em % média) | C19: 0 | D19: =C19 -> 0 | E19: =D19 -> 0 | F19: =E19 -> 0 | G19: =F19 -> 0 | H19: =G19 -> 0 | AI19: * CAPITAL FIXO INCORPÓREO | AJ19: =SUM(AJ20:AJ22) -> 1000 | AK19: =SUM(AK20:AK22) -> 0 | AL19: =SUM(AL20:AL22) -> #REF! | AM19: =SUM(AM20:AM22) -> #REF! | AN19: =SUM(AN20:AN22) -> #REF! | CI19: Amortizações e reintegrações | CJ19: 6903.6047 | CK19: 10355.407 | CL19: 10355.407 | CM19: 10133.246 | CN19: 10022.09 | CW19: 5. Dívidas de Terceiros de Curto Prazo
AI20: Estudos e projectos | AJ20: 500 | AK20: 0 | AL20: #REF! | AM20: #REF! | AN20: #REF! | CI20: Provisões | CJ20: 0 | CK20: 0 | CL20: 0 | CM20: 0 | CN20: 0 | CW20: 5.1. Clientes | CX20: =M67 -> 0 | CY20: =N67 -> 0 | CZ20: =O67 -> 0 | DA20: =P67 -> 0 | DB20: =Q67 -> 0
AI21: Assistência técnica | AJ21: 0 | AK21: 0 | AL21: #REF! | AM21: #REF! | AN21: #REF! | CB21: TOTAL | CC21: =#REF!+CC16 -> #REF! | CD21: =#REF!+CD16 -> #REF! | CE21: =#REF!+CE16 -> #REF! | CI21: Outros | CJ21: 0 | CK21: 0 | CL21: 0 | CM21: 0 | CN21: 0 | CW21: 5.2. Outros | CX21: =M68 -> 0 | CY21: =N68 -> 0 | CZ21: =O68 -> 0 | DA21: =P68 -> 0 | DB21: =Q68 -> 0 | ED21: GRAVAR | EE21: SEM GRAVAR
A22: * TAXA DE INFLAÇÃO | C22: 0.02 | D22: 0.02 | E22: =D22 -> 0.02 | F22: =E22 -> 0.02 | G22: =F22 -> 0.02 | H22: =G22 -> 0.02 | AI22: Outros (não apoiável) | AJ22: 500 | AK22: 0 | AL22: #REF! | AM22: #REF! | AN22: #REF!
A23: * PROVISOES | CI23: 2. TOTAL DE CUSTOS | CJ23: =SUM(CJ16:CJ22) -> #REF! | CK23: =SUM(CK16:CK22) -> #REF! | CL23: =SUM(CL16:CL22) -> #REF! | CM23: =SUM(CM16:CM22) -> #REF! | CN23: =SUM(CN16:CN22) -> #REF! | CW23: 6. Depósitos Bancários/Títulos Negociáveis/Caixa | CX23: =M69+M70 -> 0 | CY23: =N69+N70 -> 0 | CZ23: =O69+O70 -> 0 | DA23: =P69+P70 -> 0 | DB23: =Q69+Q70 -> 0 | ED23: /FSR | EE23: /FXY
A24: - Para Depreciação de Existências | C24: 0 | D24: =C24 -> 0 | E24: =D24 -> 0 | F24: =E24 -> 0 | G24: =F24 -> 0 | H24: =G24 -> 0 | AI24: JUROS DURANTE A FASE DE INVESTIMENTO | CB24: 14. ENCARGOS FINANCEIROS | CW24: 7. Acréscimos e Diferimentos | CX24: =M71 -> 0 | CY24: =N71 -> 0 | CZ24: =O71 -> 0 | DA24: =P71 -> 0 | DB24: =Q71 -> 0 | ED24: /FX
A25: - Para Cobranças Duvidosas | C25: 0 | D25: =C25 -> 0 | E25: =D25 -> 0 | F25: =E25 -> 0 | G25: =F25 -> 0 | H25: =G25 -> 0 | AI25: DIVERSOS | CG25: (contos) | CI25: 3. RESULTADOS SEM ENCARGOS (1-2) | CJ25: =CJ12-CJ23 -> #REF! | CK25: =CK12-CK23 -> #REF! | CL25: =CL12-CL23 -> #REF! | CM25: =CM12-CM23 -> #REF! | CN25: =CN12-CN23 -> #REF! | CW25: 8. TOTAL DO ACTIVO | CX25: =CX7+CX8+CX9+CX10-CX12+CX15+CX16+CX17+CX20+CX21+CX23+CX24 -> 0 | CY25: =CY7+CY8+CY9+CY10-CY12+CY15+CY16+CY17+CY20+CY21+CY23+CY24 -> 0 | CZ25: =CZ7+CZ8+CZ9+CZ10-CZ12+CZ15+CZ16+CZ17+CZ20+CZ21+CZ23+CZ24 -> 0 | DA25: =DA7+DA8+DA9+DA10-DA12+DA15+DA16+DA17+DA20+DA21+DA23+DA24 -> 0 | DB25: =DB7+DB8+DB9+DB10-DB12+DB15+DB16+DB17+DB20+DB21+DB23+DB24 -> 0
A26: - Para Outros Riscos e Encargos | C26: 0 | D26: 0 | E26: 0 | F26: 0 | G26: 0 | H26: 0 | AI26: FUNDO DE MANEIO | AJ26: #REF! | AK26: #REF! | AL26: #REF! | AM26: #REF! | AN26: #REF! | CC26: Prestação | CF26: Capital em dívida | CW26: CAPITAL PRÓPRIO
CB27: Período | CC27: Encargos | CD27: Reembolso | CE27: Total | CF27: No início do | CG27: No fim do | CI27: 4. Encargos financeiros | CJ27: 0 | CK27: 4275 | CL27: 3725 | CM27: 3025 | CN27: 1925 | CW27: 9. Capital Social | CX27: =M75 -> 0 | CY27: =N75 -> 0 | CZ27: =O75 -> 0 | DA27: =P75 -> 0 | DB27: =Q75 -> 0
CC28: financeiros | CF28: período | CG28: período | CW28: 10. Prestações suplementares | CX28: =M76 -> 0 | CY28: =N76 -> 0 | CZ28: =O76 -> 0 | DA28: =P76 -> 0 | DB28: =Q76 -> 0
A29: * TAXA DE DISTRIBUIÇÃO DE DIVIDENDOS | C29: 0 | D29: =C29 -> 0 | E29: =D29 -> 0 | F29: =E29 -> 0 | G29: =F29 -> 0 | H29: =G29 -> 0 | AI29: TOTAL | AJ29: =AJ26+AJ170+AJ24+AJ8 -> #REF! | AK29: =AK26+AK170+AK24+AK8 -> #REF! | AL29: =AL26+AL170+AL24+AL8 -> #REF! | AM29: =AM26+AM170+AM24+AM8 -> #REF! | AN29: =AN26+AN170+AN24+AN8 -> #REF! | CI29: 5. RESULTADOS APÓS ENCARGOS FINANCEIROS (3-4) | CJ29: =CJ25-CJ27 -> #REF! | CK29: =CK25-CK27 -> #REF! | CL29: =CL25-CL27 -> #REF! | CM29: =CM25-CM27 -> #REF! | CN29: =CN25-CN27 -> #REF! | CW29: 11. Reservas + Resultados transitados | CX29: =M77 -> 0 | CY29: =N77 -> 0 | CZ29: =O77 -> 0 | DA29: =P77 -> 0 | DB29: =Q77 -> 0
CB30: - SEMESTRE 0 | CC30: 0 | CD30: 0 | CE30: =CC30+CD30 -> 0 | CF30: 0 | CG30: 0 | CW30: 12. Resultado liquido do exercício | CX30: =M78 -> 0 | CY30: =N78 -> 0 | CZ30: =O78 -> 0 | DA30: =P78 -> 0 | DB30: =Q78 -> 0 | ED30: /PDPQ
CB31: - SEMESTRE 1 | CC31: 0 | CD31: 0 | CE31: =CC31+CD31 -> 0 | CF31: 0 | CG31: 50000 | CI31: 6. Impostos sobre o rendimento do exercício | CJ31: #REF! | CK31: #REF! | CL31: #REF! | CM31: #REF! | CN31: #REF! | CW31: 13. Dividendos antecipados | CX31: =M80 -> 0 | CY31: =N80 -> 0 | CZ31: =O80 -> 0 | DA31: =P80 -> 0 | DB31: =Q80 -> 0
CB32: 1º ANO - SEMESTRE 2 | CC32: 2250 | CD32: 5000 | CE32: =CC32+CD32 -> 7250 | CF32: 50000 | CG32: 45000
CB33: - SEMESTRE 3 | CC33: 2025 | CD33: 5000 | CE33: =CC33+CD33 -> 7025 | CF33: 45000 | CG33: 40000 | CW33: 14. TOTAL DO CAPITAL PRÓPRIO | CX33: =SUM(CX27:CX32) -> 0 | CY33: =SUM(CY27:CY32) -> 0 | CZ33: =SUM(CZ27:CZ32) -> 0 | DA33: =SUM(DA27:DA32) -> 0 | DB33: =SUM(DB27:DB32) -> 0
CB34: 2º ANO - SEMESTRE 4 | CC34: 1800 | CD34: 5000 | CE34: =CC34+CD34 -> 6800 | CF34: 40000 | CG34: 35000 | CI34: 7. RESULTADOS LÍQUIDOS (5-6) | CJ34: =CJ29-CJ31 -> #REF! | CK34: =CK29-CK31 -> #REF! | CL34: =CL29-CL31 -> #REF! | CM34: =CM29-CM31 -> #REF! | CN34: =CN29-CN31 -> #REF!
CB35: - SEMESTRE 5 | CC35: 1925 | CD35: 5000 | CE35: =CC35+CD35 -> 6925 | CF35: 35000 | CG35: 30000 | CW35: PASSIVO
CB36: 3º ANO - SEMESTRE 6 | CC36: 1650 | CD36: 5000 | CE36: =CC36+CD36 -> 6650 | CF36: 30000 | CG36: 25000 | CW36: 15. Provisões para riscos e encargos | CX36: =#REF! -> #REF! | CY36: =#REF! -> #REF! | CZ36: =#REF! -> #REF! | DA36: =#REF! -> #REF! | DB36: =#REF! -> #REF!
CB37: - SEMESTRE 7 | CC37: 1375 | CD37: 5000 | CE37: =CC37+CD37 -> 6375 | CF37: 25000 | CG37: 20000 | CI37: Controlo | CJ37: #REF! | CK37: #REF! | CL37: #REF! | CM37: #REF! | CN37: #REF!
CB38: 4º ANO - SEMESTRE 8 | CC38: 1100 | CD38: 5000 | CE38: =CC38+CD38 -> 6100 | CF38: 20000 | CG38: 15000 | CW38: 16. Dividas a terceiros médio e longo prazo
CB39: - SEMESTRE 9 | CC39: 825 | CD39: 5000 | CE39: =CC39+CD39 -> 5825 | CF39: 15000 | CG39: 10000 | CW39: 16.1. Dividas a Instituições de credito | CX39: =#REF! -> #REF! | CY39: =#REF! -> #REF! | CZ39: =#REF! -> #REF! | DA39: =#REF! -> #REF! | DB39: =#REF! -> #REF!
CB40: 5º ANO - SEMESTRE 10 | CC40: 550 | CD40: 5000 | CE40: =CC40+CD40 -> 5550 | CF40: 10000 | CG40: 5000 | CW40: 16.2. Dividas a sócios | CX40: =#REF! -> #REF! | CY40: =#REF! -> #REF! | CZ40: =#REF! -> #REF! | DA40: =#REF! -> #REF! | DB40: =#REF! -> #REF!
CB41: - SEMESTRE 11 | CC41: 275 | CD41: 5000 | CE41: =CC41+CD41 -> 5275 | CF41: 5000 | CG41: 0 | CW41: 16.3. Outros dividas | CX41: =#REF! -> #REF! | CY41: =#REF! -> #REF! | CZ41: =#REF! -> #REF! | DA41: =#REF! -> #REF! | DB41: =#REF! -> #REF!
CB42: 6º ANO - SEMESTRE 12 | CC42: 0 | CD42: 0 | CE42: =CC42+CD42 -> 0 | CF42: 0 | CG42: 0
CB43: - SEMESTRE 13 | CC43: 0 | CD43: 0 | CE43: =CC43+CD43 -> 0 | CF43: 0 | CG43: 0 | CW43: 17. Dividas a terceiros a curto prazo
CB44: 7º ANO - SEMESTRE 14 | CC44: 0 | CD44: 0 | CE44: =CC44+CD44 -> 0 | CF44: 0 | CG44: 0 | CW44: 17.1. Dividas a Instituições de credito | CX44: =M86 -> 0 | CY44: =N86 -> 0 | CZ44: =O86 -> 0 | DA44: =P86 -> 0 | DB44: =Q86 -> 0
CB45: - SEMESTRE 15 | CC45: 0 | CD45: 0 | CE45: =CC45+CD45 -> 0 | CF45: 0 | CG45: 0 | CW45: 17.2. Fornecedores | CX45: =#REF! -> #REF! | CY45: =#REF! -> #REF! | CZ45: =#REF! -> #REF! | DA45: =#REF! -> #REF! | DB45: =#REF! -> #REF!
CB46: 8º ANO - SEMESTRE 16 | CC46: 0 | CD46: 0 | CE46: =CC46+CD46 -> 0 | CF46: 0 | CG46: 0 | CW46: 17.3. Outras dividas | CX46: =M87 -> 0 | CY46: =N87 -> 0 | CZ46: =O87 -> 0 | DA46: =P87 -> 0 | DB46: =Q87 -> 0
CW47: 17.4. Sector Publico Estatal | CX47: =#REF! -> #REF! | CY47: =#REF! -> #REF! | CZ47: =#REF! -> #REF! | DA47: =#REF! -> #REF! | DB47: =#REF! -> #REF!
CB49: TOTAL | CC49: =SUM(CC32:CC48) -> 13775 | CD49: =SUM(CD32:CD48) -> 50000 | CE49: =SUM(CE32:CE48) -> 63775 | CF49: =SUM(CF32:CF48) -> 275000 | CG49: =SUM(CG32:CG48) -> 225000 | CW49: 18. Acréscimos e diferimentos | CX49: =M88 -> 0 | CY49: =N88 -> 0 | CZ49: =O88 -> 0 | DA49: =P88 -> 0 | DB49: =Q88 -> 0
CW50: 17. TOTAL DO PASSIVO | CX50: =SUM(CX36:CX49) -> #REF! | CY50: =SUM(CY36:CY49) -> #REF! | CZ50: =SUM(CZ36:CZ49) -> #REF! | DA50: =SUM(DA36:DA49) -> #REF! | DB50: =SUM(DB36:DB49) -> #REF!
CW51: 18. TOT. DO PASSIVO + CAPITAL PRÓPRIO | CX51: =CX50+CX33 -> #REF! | CY51: =CY50+CY33 -> #REF! | CZ51: =CZ50+CZ33 -> #REF! | DA51: =DA50+DA33 -> #REF! | DB51: =DB50+DB33 -> #REF!
CW53: CONTROLO | CX53: =CX25-CX51 -> #REF! | CY53: =CY25-CY51 -> #REF! | CZ53: =CZ25-CZ51 -> #REF! | DA53: =DA25-DA51 -> #REF! | DB53: =DB25-DB51 -> #REF!
CW54: CONTROLO TOTAL | CX54: =CX51-M72 -> #REF! | CY54: =CY51-N72 -> #REF! | CZ54: =CZ51-O72 -> #REF! | DA54: =DA51-P72 -> #REF! | DB54: =DB51-Q72 -> #REF!
CW55: CONTROLO DO ACTIVO | CX55: #REF! | CY55: #REF! | CZ55: #REF! | DA55: #REF! | DB55: #REF!
CW56: CONTROLO DOS CAPITAIS PRÓPRIOS | CX56: #REF! | CY56: #REF! | CZ56: #REF! | DA56: #REF! | DB56: #REF!
CW57: CONTROLO DO PASSIVO | CX57: =CX50-M90 -> #REF! | CY57: =CY50-N90 -> #REF! | CZ57: =CZ50-O90 -> #REF! | DA57: =DA50-P90 -> #REF! | DB57: =DB50-Q90 -> #REF!

Sheet Vendas PA
A1: 5.2 - Plano de Exploração Previsional
A3: 5.2.1. - Vendas de Produtos Acabados
A5: VENDAS DE PRODUTOS ACABADOS | C5: UNIDADE | D5: Quant. Mensal | E5: Preço de venda
A6: Vestuário para senhoras | C6: N.º Peças | D6: 0 | E6: 0
A7: Vestuário para homem | C7: N.º Peças | D7: 0 | E7: 0
A8: Vestuário para criança | C8: N.º Peças | D8: 0 | E8: 0
A9: . | D9: 0 | E9: 0
A10: . | D10: 0 | E10: 0
A11: . | D11: 0 | E11: 0
A12: . | D12: 0 | E12: 0
A13: . | D13: 0 | E13: 0
A15: TAXA DE CRESCIMENTO DAS VENDAS EM QUANTIDADES | E15: =Pressupostos!D$6 -> 2012 | F15: =Pressupostos!E$6 -> 2013 | G15: =Pressupostos!F$6 -> 2014 | H15: =Pressupostos!G$6 -> 2015 | I15: =Pressupostos!H$6 -> 2016
A16: =A6 -> Vestuário para senhoras | E16: 0 | F16: =E16 -> 0 | G16: =F16 -> 0 | H16: =G16 -> 0 | I16: =H16 -> 0
A17: =A7 -> Vestuário para homem | E17: 0 | F17: =E17 -> 0 | G17: =F17 -> 0 | H17: =G17 -> 0 | I17: =H17 -> 0
A18: =A8 -> Vestuário para criança | E18: 0 | F18: =E18 -> 0 | G18: =F18 -> 0 | H18: =G18 -> 0 | I18: =H18 -> 0
A19: =A9 -> . | E19: 0 | F19: =E19 -> 0 | G19: =F19 -> 0 | H19: =G19 -> 0 | I19: =H19 -> 0
A20: =A10 -> . | E20: 0 | F20: =E20 -> 0 | G20: =F20 -> 0 | H20: =G20 -> 0 | I20: =H20 -> 0
A21: =A11 -> . | E21: 0 | F21: =E21 -> 0 | G21: =F21 -> 0 | H21: =G21 -> 0 | I21: =H21 -> 0
A22: =A12 -> . | E22: 0 | F22: =E22 -> 0 | G22: =F22 -> 0 | H22: =G22 -> 0 | I22: =H22 -> 0
A23: =A13 -> . | E23: 0 | F23: =E23 -> 0 | G23: =F23 -> 0 | H23: =G23 -> 0 | I23: =H23 -> 0
A25: TAXA DE CRESCIMENTO DO PREÇO UNITARIO | E25: =Pressupostos!D$6 -> 2012 | F25: =Pressupostos!E$6 -> 2013 | G25: =Pressupostos!F$6 -> 2014 | H25: =Pressupostos!G$6 -> 2015 | I25: =Pressupostos!H$6 -> 2016
A26: =A46 -> Vestuário para senhoras | E26: 0 | F26: =E26 -> 0 | G26: =F26 -> 0 | H26: =G26 -> 0 | I26: =H26 -> 0
A27: =A47 -> Vestuário para homem | E27: 0 | F27: =E27 -> 0 | G27: =F27 -> 0 | H27: =G27 -> 0 | I27: =H27 -> 0
A28: =A48 -> Vestuário para criança | E28: 0 | F28: =E28 -> 0 | G28: =F28 -> 0 | H28: =G28 -> 0 | I28: =H28 -> 0
A29: =A49 -> . | E29: 0 | F29: =E29 -> 0 | G29: =F29 -> 0 | H29: =G29 -> 0 | I29: =H29 -> 0
A30: =A50 -> . | E30: 0 | F30: =E30 -> 0 | G30: =F30 -> 0 | H30: =G30 -> 0 | I30: =H30 -> 0
A31: =A51 -> . | E31: 0 | F31: =E31 -> 0 | G31: =F31 -> 0 | H31: =G31 -> 0 | I31: =H31 -> 0
A32: =A52 -> . | E32: 0 | F32: =E32 -> 0 | G32: =F32 -> 0 | H32: =G32 -> 0 | I32: =H32 -> 0
A33: =A53 -> . | E33: 0 | F33: =E33 -> 0 | G33: =F33 -> 0 | H33: =G33 -> 0 | I33: =H33 -> 0
A35: Quantidades Vendidas mensais | C35: Unidade | D35: =Pressupostos!C$6 -> 2011 | E35: =Pressupostos!D$6 -> 2012 | F35: =Pressupostos!E$6 -> 2013 | G35: =Pressupostos!F$6 -> 2014 | H35: =Pressupostos!G$6 -> 2015 | I35: =Pressupostos!H$6 -> 2016
A36: =A6 -> Vestuário para senhoras | C36: =IF(ISBLANK(C6),"",C6) -> N.º Peças | D36: =D6 -> 0 | E36: =(D6*(1+E16)) -> 0 | F36: =E36*(1+F16) -> 0 | G36: =F36*(1+G16) -> 0 | H36: =G36*(1+H16) -> 0 | I36: =H36*(1+I16) -> 0
A37: =A7 -> Vestuário para homem | C37: =IF(ISBLANK(C7),"",C7) -> N.º Peças | D37: =D7 -> 0 | E37: =(D7*(1+E17)) -> 0 | F37: =E37*(1+F17) -> 0 | G37: =F37*(1+G17) -> 0 | H37: =G37*(1+H17) -> 0 | I37: =H37*(1+I17) -> 0
A38: =A8 -> Vestuário para criança | C38: =IF(ISBLANK(C8),"",C8) -> N.º Peças | D38: =D8 -> 0 | E38: =(D8*(1+E18)) -> 0 | F38: =E38*(1+F18) -> 0 | G38: =F38*(1+G18) -> 0 | H38: =G38*(1+H18) -> 0 | I38: =H38*(1+I18) -> 0
A39: =A9 -> . | C39: =IF(ISBLANK(C9),"",C9) | D39: =D9 -> 0 | E39: =(D9*(1+E19)) -> 0 | F39: =E39*(1+F19) -> 0 | G39: =F39*(1+G19) -> 0 | H39: =G39*(1+H19) -> 0 | I39: =H39*(1+I19) -> 0
A40: =A10 -> . | C40: =IF(ISBLANK(C10),"",C10) | D40: =D10 -> 0 | E40: =(D10*(1+E20)) -> 0 | F40: =E40*(1+F20) -> 0 | G40: =F40*(1+G20) -> 0 | H40: =G40*(1+H20) -> 0 | I40: =H40*(1+I20) -> 0
A41: =A11 -> . | C41: =IF(ISBLANK(C11),"",C11) | D41: =D11 -> 0 | E41: =(D11*(1+E21)) -> 0 | F41: =E41*(1+F21) -> 0 | G41: =F41*(1+G21) -> 0 | H41: =G41*(1+H21) -> 0 | I41: =H41*(1+I21) -> 0
A42: =A12 -> . | C42: =IF(ISBLANK(C12),"",C12) | D42: =D12 -> 0 | E42: =(D12*(1+E22)) -> 0 | F42: =E42*(1+F22) -> 0 | G42: =F42*(1+G22) -> 0 | H42: =G42*(1+H22) -> 0 | I42: =H42*(1+I22) -> 0
A43: =A13 -> . | C43: =IF(ISBLANK(C13),"",C13) | D43: =D13 -> 0 | E43: =(D13*(1+E23)) -> 0 | F43: =E43*(1+F23) -> 0 | G43: =F43*(1+G23) -> 0 | H43: =G43*(1+H23) -> 0 | I43: =H43*(1+I23) -> 0
C44: =IF(ISBLANK(C14),"",C14)
A45: PREÇO DE VENDA | C45: Euros | D45: =Pressupostos!C$6 -> 2011 | E45: =Pressupostos!D$6 -> 2012 | F45: =Pressupostos!E$6 -> 2013 | G45: =Pressupostos!F$6 -> 2014 | H45: =Pressupostos!G$6 -> 2015 | I45: =Pressupostos!H$6 -> 2016
A46: =A6 -> Vestuário para senhoras | D46: =E6 -> 0 | E46: =(D46*(1+E26)) -> 0 | F46: =E46*(1+F26) -> 0 | G46: =F46*(1+G26) -> 0 | H46: =G46*(1+H26) -> 0 | I46: =H46*(1+I26) -> 0
A47: =A7 -> Vestuário para homem | D47: =E7 -> 0 | E47: =(D47*(1+E27)) -> 0 | F47: =E47*(1+F27) -> 0 | G47: =F47*(1+G27) -> 0 | H47: =G47*(1+H27) -> 0 | I47: =H47*(1+I27) -> 0
A48: =A8 -> Vestuário para criança | D48: =E8 -> 0 | E48: =(D48*(1+E28)) -> 0 | F48: =E48*(1+F28) -> 0 | G48: =F48*(1+G28) -> 0 | H48: =G48*(1+H28) -> 0 | I48: =H48*(1+I28) -> 0
A49: =A9 -> . | D49: =E9 -> 0 | E49: =(D49*(1+E29)) -> 0 | F49: =E49*(1+F29) -> 0 | G49: =F49*(1+G29) -> 0 | H49: =G49*(1+H29) -> 0 | I49: =H49*(1+I29) -> 0
A50: =A10 -> . | D50: =E10 -> 0 | E50: =(D50*(1+E30)) -> 0 | F50: =E50*(1+F30) -> 0 | G50: =F50*(1+G30) -> 0 | H50: =G50*(1+H30) -> 0 | I50: =H50*(1+I30) -> 0
A51: =A11 -> . | D51: =E11 -> 0 | E51: =(D51*(1+E31)) -> 0 | F51: =E51*(1+F31) -> 0 | G51: =F51*(1+G31) -> 0 | H51: =G51*(1+H31) -> 0 | I51: =H51*(1+I31) -> 0
A52: =A12 -> . | D52: =E12 -> 0 | E52: =(D52*(1+E32)) -> 0 | F52: =E52*(1+F32) -> 0 | G52: =F52*(1+G32) -> 0 | H52: =G52*(1+H32) -> 0 | I52: =H52*(1+I32) -> 0
A53: =A13 -> . | D53: =E13 -> 0 | E53: =(D53*(1+E33)) -> 0 | F53: =E53*(1+F33) -> 0 | G53: =F53*(1+G33) -> 0 | H53: =G53*(1+H33) -> 0 | I53: =H53*(1+I33) -> 0
A55: VENDAS PRODUTOS ACABADOS | D55: =Pressupostos!C$6 -> 2011 | E55: =Pressupostos!D$6 -> 2012 | F55: =Pressupostos!E$6 -> 2013 | G55: =Pressupostos!F$6 -> 2014 | H55: =Pressupostos!G$6 -> 2015 | I55: =Pressupostos!H$6 -> 2016
A56: =A6 -> Vestuário para senhoras | D56: =(D36*Pressupostos!C$8)*D46 -> 0 | E56: =(E36*Pressupostos!D$8)*E46 -> 0 | F56: =(F36*Pressupostos!E$8)*F46 -> 0 | G56: =(G36*Pressupostos!F$8)*G46 -> 0 | H56: =(H36*Pressupostos!G$8)*H46 -> 0 | I56: =(I36*Pressupostos!H$8)*I46 -> 0
A57: =A7 -> Vestuário para homem | D57: =(D37*Pressupostos!C$8)*D47 -> 0 | E57: =(E37*Pressupostos!D$8)*E47 -> 0 | F57: =(F37*Pressupostos!E$8)*F47 -> 0 | G57: =(G37*Pressupostos!F$8)*G47 -> 0 | H57: =(H37*Pressupostos!G$8)*H47 -> 0 | I57: =(I37*Pressupostos!H$8)*I47 -> 0 | J57: =H57 -> 0
A58: =A8 -> Vestuário para criança | D58: =(D38*Pressupostos!C$8)*D48 -> 0 | E58: =(E38*Pressupostos!D$8)*E48 -> 0 | F58: =(F38*Pressupostos!E$8)*F48 -> 0 | G58: =(G38*Pressupostos!F$8)*G48 -> 0 | H58: =(H38*Pressupostos!G$8)*H48 -> 0 | I58: =(I38*Pressupostos!H$8)*I48 -> 0
A59: =A9 -> . | D59: =(D39*Pressupostos!C$8)*D49 -> 0 | E59: =(E39*Pressupostos!D$8)*E49 -> 0 | F59: =(F39*Pressupostos!E$8)*F49 -> 0 | G59: =(G39*Pressupostos!F$8)*G49 -> 0 | H59: =(H39*Pressupostos!G$8)*H49 -> 0 | I59: =(I39*Pressupostos!H$8)*I49 -> 0
A60: =A10 -> . | D60: =(D40*Pressupostos!C$8)*D50 -> 0 | E60: =(E40*Pressupostos!D$8)*E50 -> 0 | F60: =(F40*Pressupostos!E$8)*F50 -> 0 | G60: =(G40*Pressupostos!F$8)*G50 -> 0 | H60: =(H40*Pressupostos!G$8)*H50 -> 0 | I60: =(I40*Pressupostos!H$8)*I50 -> 0
A61: =A11 -> . | D61: =(D41*Pressupostos!C$8)*D51 -> 0 | E61: =(E41*Pressupostos!D$8)*E51 -> 0 | F61: =(F41*Pressupostos!E$8)*F51 -> 0 | G61: =(G41*Pressupostos!F$8)*G51 -> 0 | H61: =(H41*Pressupostos!G$8)*H51 -> 0 | I61: =(I41*Pressupostos!H$8)*I51 -> 0
A62: =A12 -> . | D62: =(D42*Pressupostos!C$8)*D52 -> 0 | E62: =(E42*Pressupostos!D$8)*E52 -> 0 | F62: =(F42*Pressupostos!E$8)*F52 -> 0 | G62: =(G42*Pressupostos!F$8)*G52 -> 0 | H62: =(H42*Pressupostos!G$8)*H52 -> 0 | I62: =(I42*Pressupostos!H$8)*I52 -> 0
A63: =A13 -> . | D63: =(D43*Pressupostos!C$8)*D53 -> 0 | E63: =(E43*Pressupostos!D$8)*E53 -> 0 | F63: =(F43*Pressupostos!E$8)*F53 -> 0 | G63: =(G43*Pressupostos!F$8)*G53 -> 0 | H63: =(H43*Pressupostos!G$8)*H53 -> 0 | I63: =(I43*Pressupostos!H$8)*I53 -> 0
D64: =(D44*Pressupostos!C$8)*D54 -> 0 | E64: =(E44*Pressupostos!D$8)*E54 -> 0 | F64: =(F44*Pressupostos!E$8)*F54 -> 0 | G64: =(G44*Pressupostos!F$8)*G54 -> 0 | H64: =(H44*Pressupostos!G$8)*H54 -> 0 | I64: =(I44*Pressupostos!H$8)*I54 -> 0
A65: TOTAL | D65: =SUM(D56:D63) -> 0 | E65: =SUM(E56:E63) -> 0 | F65: =SUM(F56:F63) -> 0 | G65: =SUM(G56:G63) -> 0 | H65: =SUM(H56:H63) -> 0 | I65: =SUM(I56:I63) -> 0

Sheet VM
A1: 5.2.2. - Vendas de Mercadorias
A3: Vendas de Mercadorias | C3: UNIDADE | D3: Quant. Mensal | E3: Preço de venda
A4: Vestuário para senhoras | C4: N.º Peças | D4: 0 | E4: 0
A5: Vestuário para homem | C5: N.º Peças | D5: 0 | E5: 0
A6: Vestuário para criança | C6: N.º Peças | D6: 0 | E6: 0
A7: . | D7: 0 | E7: 0
A8: . | D8: 0 | E8: 0
A9: . | D9: 0 | E9: 0
A10: . | D10: 0 | E10: 0
A11: . | D11: 0 | E11: 0
A13: TAXA DE CRESCIMENTO DAS VENDAS EM QUANTIDADES | E13: =Pressupostos!D$6 -> 2012 | F13: =Pressupostos!E$6 -> 2013 | G13: =Pressupostos!F$6 -> 2014 | H13: =Pressupostos!G$6 -> 2015 | I13: =Pressupostos!H$6 -> 2016
A14: =A4 -> Vestuário para senhoras | E14: 0 | F14: =E14 -> 0 | G14: =F14 -> 0 | H14: =G14 -> 0 | I14: =H14 -> 0
A15: =A5 -> Vestuário para homem | E15: 0 | F15: =E15 -> 0 | G15: =F15 -> 0 | H15: =G15 -> 0 | I15: =H15 -> 0
A16: =A6 -> Vestuário para criança | E16: 0 | F16: =E16 -> 0 | G16: =F16 -> 0 | H16: =G16 -> 0 | I16: =H16 -> 0
A17: =A7 -> . | E17: 0 | F17: =E17 -> 0 | G17: =F17 -> 0 | H17: =G17 -> 0 | I17: =H17 -> 0
A18: =A8 -> . | E18: 0 | F18: =E18 -> 0 | G18: =F18 -> 0 | H18: =G18 -> 0 | I18: =H18 -> 0
A19: =A9 -> . | E19: 0 | F19: =E19 -> 0 | G19: =F19 -> 0 | H19: =G19 -> 0 | I19: =H19 -> 0
A20: =A10 -> . | E20: 0 | F20: =E20 -> 0 | G20: =F20 -> 0 | H20: =G20 -> 0 | I20: =H20 -> 0
A21: =A11 -> . | E21: 0 | F21: =E21 -> 0 | G21: =F21 -> 0 | H21: =G21 -> 0 | I21: =H21 -> 0
A23: TAXA DE CRESCIMENTO DO PREÇO UNITARIO | E23: =Pressupostos!D$6 -> 2012 | F23: =Pressupostos!E$6 -> 2013 | G23: =Pressupostos!F$6 -> 2014 | H23: =Pressupostos!G$6 -> 2015 | I23: =Pressupostos!H$6 -> 2016
A24: =A45 -> Vestuário para senhoras | E24: 0 | F24: =E24 -> 0 | G24: =F24 -> 0 | H24: =G24 -> 0 | I24: =H24 -> 0
A25: =A46 -> Vestuário para homem | E25: 0 | F25: =E25 -> 0 | G25: =F25 -> 0 | H25: =G25 -> 0 | I25: =H25 -> 0
A26: =A47 -> Vestuário para criança | E26: 0 | F26: =E26 -> 0 | G26: =F26 -> 0 | H26: =G26 -> 0 | I26: =H26 -> 0
A27: =A48 -> . | E27: 0 | F27: =E27 -> 0 | G27: =F27 -> 0 | H27: =G27 -> 0 | I27: =H27 -> 0
A28: =A49 -> . | E28: 0 | F28: =E28 -> 0 | G28: =F28 -> 0 | H28: =G28 -> 0 | I28: =H28 -> 0
A29: =A50 -> . | E29: 0 | F29: =E29 -> 0 | G29: =F29 -> 0 | H29: =G29 -> 0 | I29: =H29 -> 0
A30: =A51 -> . | E30: 0 | F30: =E30 -> 0 | G30: =F30 -> 0 | H30: =G30 -> 0 | I30: =H30 -> 0
A31: =A52 -> . | E31: 0 | F31: =E31 -> 0 | G31: =F31 -> 0 | H31: =G31 -> 0 | I31: =H31 -> 0
A34: Quantidades Vendidas mensais | C34: Unidade | D34: =Pressupostos!C$6 -> 2011 | E34: =Pressupostos!D$6 -> 2012 | F34: =Pressupostos!E$6 -> 2013 | G34: =Pressupostos!F$6 -> 2014 | H34: =Pressupostos!G$6 -> 2015 | I34: =Pressupostos!H$6 -> 2016
A35: =A4 -> Vestuário para senhoras | C35: =IF(ISBLANK(C4),"",C4) -> N.º Peças | D35: =D4 -> 0 | E35: =(D4*(1+E14)) -> 0 | F35: =E35*(1+F14) -> 0 | G35: =F35*(1+G14) -> 0 | H35: =G35*(1+H14) -> 0 | I35: =H35*(1+I14) -> 0
A36: =A5 -> Vestuário para homem | C36: =IF(ISBLANK(C5),"",C5) -> N.º Peças | D36: =D5 -> 0 | E36: =(D5*(1+E15)) -> 0 | F36: =E36*(1+F15) -> 0 | G36: =F36*(1+G15) -> 0 | H36: =G36*(1+H15) -> 0 | I36: =H36*(1+I15) -> 0
A37: =A6 -> Vestuário para criança | C37: =IF(ISBLANK(C6),"",C6) -> N.º Peças | D37: =D6 -> 0 | E37: =(D6*(1+E16)) -> 0 | F37: =E37*(1+F16) -> 0 | G37: =F37*(1+G16) -> 0 | H37: =G37*(1+H16) -> 0 | I37: =H37*(1+I16) -> 0
A38: =A7 -> . | C38: =IF(ISBLANK(C7),"",C7) | D38: =D7 -> 0 | E38: =(D7*(1+E17)) -> 0 | F38: =E38*(1+F17) -> 0 | G38: =F38*(1+G17) -> 0 | H38: =G38*(1+H17) -> 0 | I38: =H38*(1+I17) -> 0
A39: =A8 -> . | C39: =IF(ISBLANK(C8),"",C8) | D39: =D8 -> 0 | E39: =(D8*(1+E18)) -> 0 | F39: =E39*(1+F18) -> 0 | G39: =F39*(1+G18) -> 0 | H39: =G39*(1+H18) -> 0 | I39: =H39*(1+I18) -> 0
A40: =A9 -> . | C40: =IF(ISBLANK(C9),"",C9) | D40: =D9 -> 0 | E40: =(D9*(1+E19)) -> 0 | F40: =E40*(1+F19) -> 0 | G40: =F40*(1+G19) -> 0 | H40: =G40*(1+H19) -> 0 | I40: =H40*(1+I19) -> 0
A41: =A10 -> . | C41: =IF(ISBLANK(C10),"",C10) | D41: =D10 -> 0 | E41: =(D10*(1+E20)) -> 0 | F41: =E41*(1+F20) -> 0 | G41: =F41*(1+G20) -> 0 | H41: =G41*(1+H20) -> 0 | I41: =H41*(1+I20) -> 0
A42: =A11 -> . | C42: =IF(ISBLANK(C11),"",C11) | D42: =D11 -> 0 | E42: =(D11*(1+E21)) -> 0 | F42: =E42*(1+F21) -> 0 | G42: =F42*(1+G21) -> 0 | H42: =G42*(1+H21) -> 0 | I42: =H42*(1+I21) -> 0
C43: =IF(ISBLANK(C12),"",C12)
A44: PREÇO DE VENDA | C44: Euros | D44: =Pressupostos!C$6 -> 2011 | E44: =Pressupostos!D$6 -> 2012 | F44: =Pressupostos!E$6 -> 2013 | G44: =Pressupostos!F$6 -> 2014 | H44: =Pressupostos!G$6 -> 2015 | I44: =Pressupostos!H$6 -> 2016
A45: =A4 -> Vestuário para senhoras | D45: =E4 -> 0 | E45: =(D45*(1+E24)) -> 0 | F45: =E45*(1+F24) -> 0 | G45: =F45*(1+G24) -> 0 | H45: =G45*(1+H24) -> 0 | I45: =H45*(1+I24) -> 0
A46: =A5 -> Vestuário para homem | D46: =E5 -> 0 | E46: =(D46*(1+E25)) -> 0 | F46: =E46*(1+F25) -> 0 | G46: =F46*(1+G25) -> 0 | H46: =G46*(1+H25) -> 0 | I46: =H46*(1+I25) -> 0
A47: =A6 -> Vestuário para criança | D47: =E6 -> 0 | E47: =(D47*(1+E26)) -> 0 | F47: =E47*(1+F26) -> 0 | G47: =F47*(1+G26) -> 0 | H47: =G47*(1+H26) -> 0 | I47: =H47*(1+I26) -> 0
A48: =A7 -> . | D48: =E7 -> 0 | E48: =(D48*(1+E27)) -> 0 | F48: =E48*(1+F27) -> 0 | G48: =F48*(1+G27) -> 0 | H48: =G48*(1+H27) -> 0 | I48: =H48*(1+I27) -> 0
A49: =A8 -> . | D49: =E8 -> 0 | E49: =(D49*(1+E28)) -> 0 | F49: =E49*(1+F28) -> 0 | G49: =F49*(1+G28) -> 0 | H49: =G49*(1+H28) -> 0 | I49: =H49*(1+I28) -> 0
A50: =A9 -> . | D50: =E9 -> 0 | E50: =(D50*(1+E29)) -> 0 | F50: =E50*(1+F29) -> 0 | G50: =F50*(1+G29) -> 0 | H50: =G50*(1+H29) -> 0 | I50: =H50*(1+I29) -> 0
A51: =A10 -> . | D51: =E10 -> 0 | E51: =(D51*(1+E30)) -> 0 | F51: =E51*(1+F30) -> 0 | G51: =F51*(1+G30) -> 0 | H51: =G51*(1+H30) -> 0 | I51: =H51*(1+I30) -> 0
A52: =A11 -> . | D52: =E11 -> 0 | E52: =(D52*(1+E31)) -> 0 | F52: =E52*(1+F31) -> 0 | G52: =F52*(1+G31) -> 0 | H52: =G52*(1+H31) -> 0 | I52: =H52*(1+I31) -> 0
A54: VENDAS DE MERCADORIAS | D54: =Pressupostos!C$6 -> 2011 | E54: =Pressupostos!D$6 -> 2012 | F54: =Pressupostos!E$6 -> 2013 | G54: =Pressupostos!F$6 -> 2014 | H54: =Pressupostos!G$6 -> 2015 | I54: =Pressupostos!H$6 -> 2016
A55: =A4 -> Vestuário para senhoras | D55: =(D35*Pressupostos!C$8)*D45 -> 0 | E55: =(E35*Pressupostos!D$8)*E45 -> 0 | F55: =(F35*Pressupostos!E$8)*F45 -> 0 | G55: =(G35*Pressupostos!F$8)*G45 -> 0 | H55: =(H35*Pressupostos!G$8)*H45 -> 0 | I55: =(I35*Pressupostos!H$8)*I45 -> 0
A56: =A5 -> Vestuário para homem | D56: =(D36*Pressupostos!C$8)*D46 -> 0 | E56: =(E36*Pressupostos!D$8)*E46 -> 0 | F56: =(F36*Pressupostos!E$8)*F46 -> 0 | G56: =(G36*Pressupostos!F$8)*G46 -> 0 | H56: =(H36*Pressupostos!G$8)*H46 -> 0 | I56: =(I36*Pressupostos!H$8)*I46 -> 0 | J56: =H56 -> 0
A57: =A6 -> Vestuário para criança | D57: =(D37*Pressupostos!C$8)*D47 -> 0 | E57: =(E37*Pressupostos!D$8)*E47 -> 0 | F57: =(F37*Pressupostos!E$8)*F47 -> 0 | G57: =(G37*Pressupostos!F$8)*G47 -> 0 | H57: =(H37*Pressupostos!G$8)*H47 -> 0 | I57: =(I37*Pressupostos!H$8)*I47 -> 0
A58: =A7 -> . | D58: =(D38*Pressupostos!C$8)*D48 -> 0 | E58: =(E38*Pressupostos!D$8)*E48 -> 0 | F58: =(F38*Pressupostos!E$8)*F48 -> 0 | G58: =(G38*Pressupostos!F$8)*G48 -> 0 | H58: =(H38*Pressupostos!G$8)*H48 -> 0 | I58: =(I38*Pressupostos!H$8)*I48 -> 0
A59: =A8 -> . | D59: =(D39*Pressupostos!C$8)*D49 -> 0 | E59: =(E39*Pressupostos!D$8)*E49 -> 0 | F59: =(F39*Pressupostos!E$8)*F49 -> 0 | G59: =(G39*Pressupostos!F$8)*G49 -> 0 | H59: =(H39*Pressupostos!G$8)*H49 -> 0 | I59: =(I39*Pressupostos!H$8)*I49 -> 0
A60: =A9 -> . | D60: =(D40*Pressupostos!C$8)*D50 -> 0 | E60: =(E40*Pressupostos!D$8)*E50 -> 0 | F60: =(F40*Pressupostos!E$8)*F50 -> 0 | G60: =(G40*Pressupostos!F$8)*G50 -> 0 | H60: =(H40*Pressupostos!G$8)*H50 -> 0 | I60: =(I40*Pressupostos!H$8)*I50 -> 0
A61: =A10 -> . | D61: =(D41*Pressupostos!C$8)*D51 -> 0 | E61: =(E41*Pressupostos!D$8)*E51 -> 0 | F61: =(F41*Pressupostos!E$8)*F51 -> 0 | G61: =(G41*Pressupostos!F$8)*G51 -> 0 | H61: =(H41*Pressupostos!G$8)*H51 -> 0 | I61: =(I41*Pressupostos!H$8)*I51 -> 0
A62: =A11 -> . | D62: =(D42*Pressupostos!C$8)*D52 -> 0 | E62: =(E42*Pressupostos!D$8)*E52 -> 0 | F62: =(F42*Pressupostos!E$8)*F52 -> 0 | G62: =(G42*Pressupostos!F$8)*G52 -> 0 | H62: =(H42*Pressupostos!G$8)*H52 -> 0 | I62: =(I42*Pressupostos!H$8)*I52 -> 0
D63: =(D43*Pressupostos!C$8)*D53 -> 0 | E63: =(E43*Pressupostos!D$8)*E53 -> 0 | F63: =(F43*Pressupostos!E$8)*F53 -> 0 | G63: =(G43*Pressupostos!F$8)*G53 -> 0 | H63: =(H43*Pressupostos!G$8)*H53 -> 0 | I63: =(I43*Pressupostos!H$8)*I53 -> 0
A64: TOTAL | D64: =SUM(D55:D62) -> 0 | E64: =SUM(E55:E62) -> 0 | F64: =SUM(F55:F62) -> 0 | G64: =SUM(G55:G62) -> 0 | H64: =SUM(H55:H62) -> 0 | I64: =SUM(I55:I62) -> 0

Sheet CMVMC
A1: 5.2.3. - Custo das Matérias Consumidas
A3: CUSTO DAS VENDAS DE PRODUTOS ACABADOS | C3: % imp. de Custos | D3: =Pressupostos!C$6 -> 2011 | E3: =Pressupostos!D$6 -> 2012 | F3: =Pressupostos!E$6 -> 2013 | G3: =Pressupostos!F$6 -> 2014 | H3: =Pressupostos!G$6 -> 2015 | I3: =Pressupostos!H$6 -> 2016
A4: ='Vendas PA'!A6 -> Vestuário para senhoras | C4: 0 | D4: ='Vendas PA'!D56*$C4 -> 0 | E4: ='Vendas PA'!E56*$C4 -> 0 | F4: ='Vendas PA'!F56*$C4 -> 0 | G4: ='Vendas PA'!G56*$C4 -> 0 | H4: ='Vendas PA'!H56*$C4 -> 0 | I4: ='Vendas PA'!I56*$C4 -> 0
A5: ='Vendas PA'!A7 -> Vestuário para homem | C5: 0 | D5: ='Vendas PA'!D57*$C5 -> 0 | E5: ='Vendas PA'!E57*$C5 -> 0 | F5: ='Vendas PA'!F57*$C5 -> 0 | G5: ='Vendas PA'!G57*$C5 -> 0 | H5: ='Vendas PA'!H57*$C5 -> 0 | I5: ='Vendas PA'!I57*$C5 -> 0
A6: ='Vendas PA'!A8 -> Vestuário para criança | C6: 0 | D6: ='Vendas PA'!D58*$C6 -> 0 | E6: ='Vendas PA'!E58*$C6 -> 0 | F6: ='Vendas PA'!F58*$C6 -> 0 | G6: ='Vendas PA'!G58*$C6 -> 0 | H6: ='Vendas PA'!H58*$C6 -> 0 | I6: ='Vendas PA'!I58*$C6 -> 0
A7: ='Vendas PA'!A9 -> . | C7: 0 | D7: ='Vendas PA'!D59*$C7 -> 0 | E7: ='Vendas PA'!E59*$C7 -> 0 | F7: ='Vendas PA'!F59*$C7 -> 0 | G7: ='Vendas PA'!G59*$C7 -> 0 | H7: ='Vendas PA'!H59*$C7 -> 0 | I7: ='Vendas PA'!I59*$C7 -> 0
A8: ='Vendas PA'!A10 -> . | C8: 0 | D8: ='Vendas PA'!D60*$C8 -> 0 | E8: ='Vendas PA'!E60*$C8 -> 0 | F8: ='Vendas PA'!F60*$C8 -> 0 | G8: ='Vendas PA'!G60*$C8 -> 0 | H8: ='Vendas PA'!H60*$C8 -> 0 | I8: ='Vendas PA'!I60*$C8 -> 0
A9: ='Vendas PA'!A11 -> . | C9: 0 | D9: ='Vendas PA'!D61*$C9 -> 0 | E9: ='Vendas PA'!E61*$C9 -> 0 | F9: ='Vendas PA'!F61*$C9 -> 0 | G9: ='Vendas PA'!G61*$C9 -> 0 | H9: ='Vendas PA'!H61*$C9 -> 0 | I9: ='Vendas PA'!I61*$C9 -> 0
A10: ='Vendas PA'!A12 -> . | C10: 0 | D10: ='Vendas PA'!D62*$C10 -> 0 | E10: ='Vendas PA'!E62*$C10 -> 0 | F10: ='Vendas PA'!F62*$C10 -> 0 | G10: ='Vendas PA'!G62*$C10 -> 0 | H10: ='Vendas PA'!H62*$C10 -> 0 | I10: ='Vendas PA'!I62*$C10 -> 0
A11: ='Vendas PA'!A13 -> . | C11: 0 | D11: ='Vendas PA'!D63*$C11 -> 0 | E11: ='Vendas PA'!E63*$C11 -> 0 | F11: ='Vendas PA'!F63*$C11 -> 0 | G11: ='Vendas PA'!G63*$C11 -> 0 | H11: ='Vendas PA'!H63*$C11 -> 0 | I11: ='Vendas PA'!I63*$C11 -> 0
A12: TOTAL | D12: =SUM(D4:D11) -> 0 | E12: =SUM(E4:E11) -> 0 | F12: =SUM(F4:F11) -> 0 | G12: =SUM(G4:G11) -> 0 | H12: =SUM(H4:H11) -> 0 | I12: =SUM(I4:I11) -> 0
A14: VARIAÇÃO DA PRODUÇÃO | D14: =Pressupostos!C$6 -> 2011 | E14: =Pressupostos!D$6 -> 2012 | F14: =Pressupostos!E$6 -> 2013 | G14: =Pressupostos!F$6 -> 2014 | H14: =Pressupostos!G$6 -> 2015 | I14: =Pressupostos!H$6 -> 2016
A15: Existência inicial P.A. | D15: 0 | E15: =D16 -> 0 | F15: =E16 -> 0 | G15: =F16 -> 0 | H15: =G16 -> 0 | I15: =H16 -> 0
A16: Existência final P.A. | D16: =('Vendas PA'!D65/Pressupostos!C8)*Pressupostos!C16/30 -> 0 | E16: =('Vendas PA'!E65/Pressupostos!D8)*Pressupostos!D16/30 -> 0 | F16: =('Vendas PA'!F65/Pressupostos!E8)*Pressupostos!E16/30 -> 0 | G16: =('Vendas PA'!G65/Pressupostos!F8)*Pressupostos!F16/30 -> 0 | H16: =('Vendas PA'!H65/Pressupostos!G8)*Pressupostos!G16/30 -> 0 | I16: =('Vendas PA'!I65/Pressupostos!H8)*Pressupostos!H16/30 -> 0
A17: VALOR | D17: =D16-D15 -> 0 | E17: =E16-E15 -> 0 | F17: =F16-F15 -> 0 | G17: =G16-G15 -> 0 | H17: =H16-H15 -> 0 | I17: =I16-I15 -> 0
A19: STOCK FINAL DE MATÉRIAS PRIMAS | D19: =Pressupostos!C$6 -> 2011 | E19: =Pressupostos!D$6 -> 2012 | F19: =Pressupostos!E$6 -> 2013 | G19: =Pressupostos!F$6 -> 2014 | H19: =Pressupostos!G$6 -> 2015 | I19: =Pressupostos!H$6 -> 2016
A20: =A4 -> Vestuário para senhoras | D20: =(D4/Pressupostos!C$8)*Pressupostos!C$15/30 -> 0 | E20: =(E4/Pressupostos!D$8)*Pressupostos!D$15/30 -> 0 | F20: =(F4/Pressupostos!E$8)*Pressupostos!E$15/30 -> 0 | G20: =(G4/Pressupostos!F$8)*Pressupostos!F$15/30 -> 0 | H20: =(H4/Pressupostos!G$8)*Pressupostos!G$15/30 -> 0 | I20: =(I4/Pressupostos!H$8)*Pressupostos!H$15/30 -> 0
A21: =A5 -> Vestuário para homem | D21: =(D5/Pressupostos!C$8)*Pressupostos!C$15/30 -> 0 | E21: =(E5/Pressupostos!D$8)*Pressupostos!D$15/30 -> 0 | F21: =(F5/Pressupostos!E$8)*Pressupostos!E$15/30 -> 0 | G21: =(G5/Pressupostos!F$8)*Pressupostos!F$15/30 -> 0 | H21: =(H5/Pressupostos!G$8)*Pressupostos!G$15/30 -> 0 | I21: =(I5/Pressupostos!H$8)*Pressupostos!H$15/30 -> 0
A22: =A6 -> Vestuário para criança | D22: =(D6/Pressupostos!C$8)*Pressupostos!C$15/30 -> 0 | E22: =(E6/Pressupostos!D$8)*Pressupostos!D$15/30 -> 0 | F22: =(F6/Pressupostos!E$8)*Pressupostos!E$15/30 -> 0 | G22: =(G6/Pressupostos!F$8)*Pressupostos!F$15/30 -> 0 | H22: =(H6/Pressupostos!G$8)*Pressupostos!G$15/30 -> 0 | I22: =(I6/Pressupostos!H$8)*Pressupostos!H$15/30 -> 0
A23: =A7 -> . | D23: =(D7/Pressupostos!C$8)*Pressupostos!C$15/30 -> 0 | E23: =(E7/Pressupostos!D$8)*Pressupostos!D$15/30 -> 0 | F23: =(F7/Pressupostos!E$8)*Pressupostos!E$15/30 -> 0 | G23: =(G7/Pressupostos!F$8)*Pressupostos!F$15/30 -> 0 | H23: =(H7/Pressupostos!G$8)*Pressupostos!G$15/30 -> 0 | I23: =(I7/Pressupostos!H$8)*Pressupostos!H$15/30 -> 0
A24: =A8 -> . | D24: =(D8/Pressupostos!C$8)*Pressupostos!C$15/30 -> 0 | E24: =(E8/Pressupostos!D$8)*Pressupostos!D$15/30 -> 0 | F24: =(F8/Pressupostos!E$8)*Pressupostos!E$15/30 -> 0 | G24: =(G8/Pressupostos!F$8)*Pressupostos!F$15/30 -> 0 | H24: =(H8/Pressupostos!G$8)*Pressupostos!G$15/30 -> 0 | I24: =(I8/Pressupostos!H$8)*Pressupostos!H$15/30 -> 0
A25: =A9 -> . | D25: =(D9/Pressupostos!C$8)*Pressupostos!C$15/30 -> 0 | E25: =(E9/Pressupostos!D$8)*Pressupostos!D$15/30 -> 0 | F25: =(F9/Pressupostos!E$8)*Pressupostos!E$15/30 -> 0 | G25: =(G9/Pressupostos!F$8)*Pressupostos!F$15/30 -> 0 | H25: =(H9/Pressupostos!G$8)*Pressupostos!G$15/30 -> 0 | I25: =(I9/Pressupostos!H$8)*Pressupostos!H$15/30 -> 0
A26: =A10 -> . | D26: =(D10/Pressupostos!C$8)*Pressupostos!C$15/30 -> 0 | E26: =(E10/Pressupostos!D$8)*Pressupostos!D$15/30 -> 0 | F26: =(F10/Pressupostos!E$8)*Pressupostos!E$15/30 -> 0 | G26: =(G10/Pressupostos!F$8)*Pressupostos!F$15/30 -> 0 | H26: =(H10/Pressupostos!G$8)*Pressupostos!G$15/30 -> 0 | I26: =(I10/Pressupostos!H$8)*Pressupostos!H$15/30 -> 0
A27: =A11 -> . | D27: =(D11/Pressupostos!C$8)*Pressupostos!C$15/30 -> 0 | E27: =(E11/Pressupostos!D$8)*Pressupostos!D$15/30 -> 0 | F27: =(F11/Pressupostos!E$8)*Pressupostos!E$15/30 -> 0 | G27: =(G11/Pressupostos!F$8)*Pressupostos!F$15/30 -> 0 | H27: =(H11/Pressupostos!G$8)*Pressupostos!G$15/30 -> 0 | I27: =(I11/Pressupostos!H$8)*Pressupostos!H$15/30 -> 0
A28: TOTAL | D28: =SUM(D20:D27) -> 0 | E28: =SUM(E20:E27) -> 0 | F28: =SUM(F20:F27) -> 0 | G28: =SUM(G20:G27) -> 0 | H28: =SUM(H20:H27) -> 0 | I28: =SUM(I20:I27) -> 0
A30: COMPRAS DE M. P. | D30: =Pressupostos!C$6 -> 2011 | E30: =Pressupostos!D$6 -> 2012 | F30: =Pressupostos!E$6 -> 2013 | G30: =Pressupostos!F$6 -> 2014 | H30: =Pressupostos!G$6 -> 2015 | I30: =Pressupostos!H$6 -> 2016
A31: Existência inicial M.P. | D31: 0 | E31: =D33 -> 0 | F31: =E33 -> 0 | G31: =F33 -> 0 | H31: =G33 -> 0 | I31: =H33 -> 0
A32: Custo das matérias consumidas | D32: =D12+D17 -> 0 | E32: =E12+E17 -> 0 | F32: =F12+F17 -> 0 | G32: =G12+G17 -> 0 | H32: =H12+H17 -> 0 | I32: =I12+I17 -> 0
A33: Existência final M.P. | D33: =D28 -> 0 | E33: =E28 -> 0 | F33: =F28 -> 0 | G33: =G28 -> 0 | H33: =H28 -> 0 | I33: =I28 -> 0
A34: Compras M.P. em valor | D34: =D32+D33-D31 -> 0 | E34: =E32+E33-E31 -> 0 | F34: =F32+F33-F31 -> 0 | G34: =G32+G33-G31 -> 0 | H34: =H32+H33-H31 -> 0 | I34: =I32+I33-I31 -> 0
D36: =Pressupostos!C$6 -> 2011 | E36: =Pressupostos!D$6 -> 2012 | F36: =Pressupostos!E$6 -> 2013 | G36: =Pressupostos!F$6 -> 2014 | H36: =Pressupostos!G$6 -> 2015 | I36: =Pressupostos!H$6 -> 2016
A37: C.M.V.M.C. | D37: =D32+'Custo Merc'!D12 -> 0 | E37: =E32+'Custo Merc'!E12 -> 0 | F37: =F32+'Custo Merc'!F12 -> 0 | G37: =G32+'Custo Merc'!G12 -> 0 | H37: =H32+'Custo Merc'!H12 -> 0 | I37: =I32+'Custo Merc'!J12 -> 0
A38: Compras de M.V.M.C. | D38: =D34+'Custo Merc'!D29 -> 0 | E38: =E34+'Custo Merc'!E29 -> 0 | F38: =F34+'Custo Merc'!F29 -> 0 | G38: =G34+'Custo Merc'!G29 -> 0 | H38: =H34+'Custo Merc'!H29 -> 0 | I38: =I34+'Custo Merc'!J29 -> 0

Sheet Custo Merc
A1: 5.2.4. - Custo das Mercadorias Vendidas
A3: CUSTO DAS MERCADORIAS VENDIDAS | C3: % imp. de Custos | D3: =Pressupostos!C$6 -> 2011 | E3: =Pressupostos!D$6 -> 2012 | F3: =Pressupostos!E$6 -> 2013 | G3: =Pressupostos!F$6 -> 2014 | H3: =Pressupostos!G$6 -> 2015 | I3: =Pressupostos!H$6 -> 2016
A4: =VM!A4 -> Vestuário para senhoras | C4: 0 | D4: =VM!D55*$C4 -> 0 | E4: =VM!E55*$C4 -> 0 | F4: =VM!F55*$C4 -> 0 | G4: =VM!G55*$C4 -> 0 | H4: =VM!H55*$C4 -> 0 | I4: =VM!I55*$C4 -> 0
A5: =VM!A5 -> Vestuário para homem | C5: 0 | D5: =VM!D56*$C5 -> 0 | E5: =VM!E56*$C5 -> 0 | F5: =VM!F56*$C5 -> 0 | G5: =VM!G56*$C5 -> 0 | H5: =VM!H56*$C5 -> 0 | I5: =VM!I56*$C5 -> 0
A6: =VM!A6 -> Vestuário para criança | C6: 0 | D6: =VM!D57*$C6 -> 0 | E6: =VM!E57*$C6 -> 0 | F6: =VM!F57*$C6 -> 0 | G6: =VM!G57*$C6 -> 0 | H6: =VM!H57*$C6 -> 0 | I6: =VM!I57*$C6 -> 0
A7: =VM!A7 -> . | C7: 0 | D7: =VM!D58*$C7 -> 0 | E7: =VM!E58*$C7 -> 0 | F7: =VM!F58*$C7 -> 0 | G7: =VM!G58*$C7 -> 0 | H7: =VM!H58*$C7 -> 0 | I7: =VM!I58*$C7 -> 0
A8: =VM!A8 -> . | C8: 0 | D8: =VM!D59*$C8 -> 0 | E8: =VM!E59*$C8 -> 0 | F8: =VM!F59*$C8 -> 0 | G8: =VM!G59*$C8 -> 0 | H8: =VM!H59*$C8 -> 0 | I8: =VM!I59*$C8 -> 0
A9: =VM!A9 -> . | C9: 0 | D9: =VM!D60*$C9 -> 0 | E9: =VM!E60*$C9 -> 0 | F9: =VM!F60*$C9 -> 0 | G9: =VM!G60*$C9 -> 0 | H9: =VM!H60*$C9 -> 0 | I9: =VM!I60*$C9 -> 0
A10: =VM!A10 -> . | C10: 0 | D10: =VM!D61*$C10 -> 0 | E10: =VM!E61*$C10 -> 0 | F10: =VM!F61*$C10 -> 0 | G10: =VM!G61*$C10 -> 0 | H10: =VM!H61*$C10 -> 0 | I10: =VM!I61*$C10 -> 0
A11: =VM!A11 -> . | C11: 0 | D11: =VM!D62*$C11 -> 0 | E11: =VM!E62*$C11 -> 0 | F11: =VM!F62*$C11 -> 0 | G11: =VM!G62*$C11 -> 0 | H11: =VM!H62*$C11 -> 0 | I11: =VM!I62*$C11 -> 0
A12: TOTAL | D12: =SUM(D4:D11) -> 0 | E12: =SUM(E4:E11) -> 0 | F12: =SUM(F4:F11) -> 0 | G12: =SUM(G4:G11) -> 0 | H12: =SUM(H4:H11) -> 0 | I12: =SUM(I4:I11) -> 0
A14: VALOR DO STOCK FINAL DE MERCADORIAS | D14: =Pressupostos!C$6 -> 2011 | E14: =Pressupostos!D$6 -> 2012 | F14: =Pressupostos!E$6 -> 2013 | G14: =Pressupostos!F$6 -> 2014 | H14: =Pressupostos!G$6 -> 2015 | I14: =Pressupostos!H$6 -> 2016
A15: =A4 -> Vestuário para senhoras | D15: =(D4/Pressupostos!C$8)*Pressupostos!C$14/30 -> 0 | E15: =(E4/Pressupostos!D$8)*Pressupostos!D$14/30 -> 0 | F15: =(F4/Pressupostos!E$8)*Pressupostos!E$14/30 -> 0 | G15: =(G4/Pressupostos!F$8)*Pressupostos!F$14/30 -> 0 | H15: =(H4/Pressupostos!G$8)*Pressupostos!G$14/30 -> 0 | I15: =(I4/Pressupostos!H$8)*Pressupostos!H$14/30 -> 0
A16: =A5 -> Vestuário para homem | D16: =(D5/Pressupostos!C$8)*Pressupostos!C$14/30 -> 0 | E16: =(E5/Pressupostos!D$8)*Pressupostos!D$14/30 -> 0 | F16: =(F5/Pressupostos!E$8)*Pressupostos!E$14/30 -> 0 | G16: =(G5/Pressupostos!F$8)*Pressupostos!F$14/30 -> 0 | H16: =(H5/Pressupostos!G$8)*Pressupostos!G$14/30 -> 0 | I16: =(I5/Pressupostos!H$8)*Pressupostos!H$14/30 -> 0
A17: =A6 -> Vestuário para criança | D17: =(D6/Pressupostos!C$8)*Pressupostos!C$14/30 -> 0 | E17: =(E6/Pressupostos!D$8)*Pressupostos!D$14/30 -> 0 | F17: =(F6/Pressupostos!E$8)*Pressupostos!E$14/30 -> 0 | G17: =(G6/Pressupostos!F$8)*Pressupostos!F$14/30 -> 0 | H17: =(H6/Pressupostos!G$8)*Pressupostos!G$14/30 -> 0 | I17: =(I6/Pressupostos!H$8)*Pressupostos!H$14/30 -> 0
A18: =A7 -> . | D18: =(D7/Pressupostos!C$8)*Pressupostos!C$14/30 -> 0 | E18: =(E7/Pressupostos!D$8)*Pressupostos!D$14/30 -> 0 | F18: =(F7/Pressupostos!E$8)*Pressupostos!E$14/30 -> 0 | G18: =(G7/Pressupostos!F$8)*Pressupostos!F$14/30 -> 0 | H18: =(H7/Pressupostos!G$8)*Pressupostos!G$14/30 -> 0 | I18: =(I7/Pressupostos!H$8)*Pressupostos!H$14/30 -> 0
A19: =A8 -> . | D19: =(D8/Pressupostos!C$8)*Pressupostos!C$14/30 -> 0 | E19: =(E8/Pressupostos!D$8)*Pressupostos!D$14/30 -> 0 | F19: =(F8/Pressupostos!E$8)*Pressupostos!E$14/30 -> 0 | G19: =(G8/Pressupostos!F$8)*Pressupostos!F$14/30 -> 0 | H19: =(H8/Pressupostos!G$8)*Pressupostos!G$14/30 -> 0 | I19: =(I8/Pressupostos!H$8)*Pressupostos!H$14/30 -> 0
A20: =A9 -> . | D20: =(D9/Pressupostos!C$8)*Pressupostos!C$14/30 -> 0 | E20: =(E9/Pressupostos!D$8)*Pressupostos!D$14/30 -> 0 | F20: =(F9/Pressupostos!E$8)*Pressupostos!E$14/30 -> 0 | G20: =(G9/Pressupostos!F$8)*Pressupostos!F$14/30 -> 0 | H20: =(H9/Pressupostos!G$8)*Pressupostos!G$14/30 -> 0 | I20: =(I9/Pressupostos!H$8)*Pressupostos!H$14/30 -> 0
A21: =A10 -> . | D21: =(D10/Pressupostos!C$8)*Pressupostos!C$14/30 -> 0 | E21: =(E10/Pressupostos!D$8)*Pressupostos!D$14/30 -> 0 | F21: =(F10/Pressupostos!E$8)*Pressupostos!E$14/30 -> 0 | G21: =(G10/Pressupostos!F$8)*Pressupostos!F$14/30 -> 0 | H21: =(H10/Pressupostos!G$8)*Pressupostos!G$14/30 -> 0 | I21: =(I10/Pressupostos!H$8)*Pressupostos!H$14/30 -> 0
A22: =A11 -> . | D22: =(D11/Pressupostos!C$8)*Pressupostos!C$14/30 -> 0 | E22: =(E11/Pressupostos!D$8)*Pressupostos!D$14/30 -> 0 | F22: =(F11/Pressupostos!E$8)*Pressupostos!E$14/30 -> 0 | G22: =(G11/Pressupostos!F$8)*Pressupostos!F$14/30 -> 0 | H22: =(H11/Pressupostos!G$8)*Pressupostos!G$14/30 -> 0 | I22: =(I11/Pressupostos!H$8)*Pressupostos!H$14/30 -> 0
A23: TOTAL | D23: =SUM(D15:D22) -> 0 | E23: =SUM(E15:E22) -> 0 | F23: =SUM(F15:F22) -> 0 | G23: =SUM(G15:G22) -> 0 | H23: =SUM(H15:H22) -> 0 | I23: =SUM(I15:I22) -> 0
A25: COMPRAS DE MERCADORIAS | D25: =Pressupostos!C$6 -> 2011 | E25: =Pressupostos!D$6 -> 2012 | F25: =Pressupostos!E$6 -> 2013 | G25: =Pressupostos!F$6 -> 2014 | H25: =Pressupostos!G$6 -> 2015 | I25: =Pressupostos!H$6 -> 2016
A26: Existência inicial Mercadorias | D26: 0 | E26: =D28 -> 0 | F26: =E28 -> 0 | G26: =F28 -> 0 | H26: =G28 -> 0 | I26: =H28 -> 0
A27: Mercadorias vendidas | D27: =D12 -> 0 | E27: =E12 -> 0 | F27: =F12 -> 0 | G27: =G12 -> 0 | H27: =H12 -> 0 | I27: =I12 -> 0
A28: Existência final Mercadorias | D28: =D23 -> 0 | E28: =E23 -> 0 | F28: =F23 -> 0 | G28: =G23 -> 0 | H28: =H23 -> 0 | I28: =I23 -> 0
A29: Compras Mercadorias em valor | D29: =D27+D28-D26 -> 0 | E29: =E27+E28-E26 -> 0 | F29: =F27+F28-F26 -> 0 | G29: =G27+G28-G26 -> 0 | H29: =H27+H28-H26 -> 0 | I29: =I27+I28-I26 -> 0

Sheet P. Serviços
A1: 5.2.5. - Prestação de Serviços
A3: PRESTAÇÂO DE SERVIÇOS E OUTROS PROV. | C3: Valor/Mês | D3: =Pressupostos!C$6 -> 2011 | E3: =Pressupostos!D$6 -> 2012 | F3: =Pressupostos!E$6 -> 2013 | G3: =Pressupostos!F$6 -> 2014 | H3: =Pressupostos!G$6 -> 2015 | I3: =Pressupostos!H$6 -> 2016
A4: Bainhas e Outras Arranjos | D4: =$C4*Pressupostos!C$8*(1+D16) -> 0 | E4: =$C4*Pressupostos!D$8*(1+E16) -> 0 | F4: =E4*(1+F16) -> 0 | G4: =F4*(1+G16) -> 0 | H4: =G4*(1+H16) -> 0 | I4: =H4*(1+I16) -> 0
A5: . | D5: =$C5*Pressupostos!C$8*(1+D17) -> 0 | E5: =$C5*Pressupostos!D$8*(1+E17) -> 0 | F5: =E5*(1+F17) -> 0 | G5: =F5*(1+G17) -> 0 | H5: =G5*(1+H17) -> 0 | I5: =H5*(1+I17) -> 0
A6: . | D6: =$C6*Pressupostos!C$8*(1+D18) -> 0 | E6: =$C6*Pressupostos!D$8*(1+E18) -> 0 | F6: =E6*(1+F18) -> 0 | G6: =F6*(1+G18) -> 0 | H6: =G6*(1+H18) -> 0 | I6: =H6*(1+I18) -> 0
A7: . | D7: =$C7*Pressupostos!C$8*(1+D19) -> 0 | E7: =$C7*Pressupostos!D$8*(1+E19) -> 0 | F7: =E7*(1+F19) -> 0 | G7: =F7*(1+G19) -> 0 | H7: =G7*(1+H19) -> 0 | I7: =H7*(1+I19) -> 0
A8: . | D8: =$C8*Pressupostos!C$8*(1+D20) -> 0 | E8: =$C8*Pressupostos!D$8*(1+E20) -> 0 | F8: =E8*(1+F20) -> 0 | G8: =F8*(1+G20) -> 0 | H8: =G8*(1+H20) -> 0 | I8: =H8*(1+I20) -> 0
A9: . | D9: =$C9*Pressupostos!C$8*(1+D21) -> 0 | E9: =$C9*Pressupostos!D$8*(1+E21) -> 0 | F9: =E9*(1+F21) -> 0 | G9: =F9*(1+G21) -> 0 | H9: =G9*(1+H21) -> 0 | I9: =H9*(1+I21) -> 0
A10: . | D10: =$C10*Pressupostos!C$8*(1+D22) -> 0 | E10: =$C10*Pressupostos!D$8*(1+E22) -> 0 | F10: =E10*(1+F22) -> 0 | G10: =F10*(1+G22) -> 0 | H10: =G10*(1+H22) -> 0 | I10: =H10*(1+I22) -> 0
A11: . | D11: =$C11*Pressupostos!C$8*(1+D23) -> 0 | E11: =$C11*Pressupostos!D$8*(1+E23) -> 0 | F11: =E11*(1+F23) -> 0 | G11: =F11*(1+G23) -> 0 | H11: =G11*(1+H23) -> 0 | I11: =H11*(1+I23) -> 0
A12: . | D12: =$C12*Pressupostos!C$8*(1+D24) -> 0 | E12: =$C12*Pressupostos!D$8*(1+E24) -> 0 | F12: =E12*(1+F24) -> 0 | G12: =F12*(1+G24) -> 0 | H12: =G12*(1+H24) -> 0 | I12: =H12*(1+I24) -> 0
A13: TOTAL PRESTAÇÃO DE SERVIÇOS | D13: =SUM(D4:D12) -> 0 | E13: =SUM(E4:E12) -> 0 | F13: =SUM(F4:F12) -> 0 | G13: =SUM(G4:G12) -> 0 | H13: =SUM(H4:H12) -> 0 | I13: =SUM(I4:I12) -> 0
A15: TAXAS DE CRESCIMENTO DA PRESTAÇÃO DE SERVIÇOS | E15: =Pressupostos!D$6 -> 2012 | F15: =Pressupostos!E$6 -> 2013 | G15: =Pressupostos!F$6 -> 2014 | H15: =Pressupostos!G$6 -> 2015 | I15: =Pressupostos!H$6 -> 2016
A16: =A4 -> Bainhas e Outras Arranjos | E16: 0 | F16: =E16 -> 0 | G16: =F16 -> 0 | H16: =G16 -> 0 | I16: =H16 -> 0
A17: =A5 -> . | E17: 0 | F17: =E17 -> 0 | G17: =F17 -> 0 | H17: =G17 -> 0 | I17: =H17 -> 0
A18: =A6 -> . | E18: 0 | F18: =E18 -> 0 | G18: =F18 -> 0 | H18: =G18 -> 0 | I18: =H18 -> 0
A19: =A7 -> . | E19: 0 | F19: =E19 -> 0 | G19: =F19 -> 0 | H19: =G19 -> 0 | I19: =H19 -> 0
A20: =A8 -> . | E20: 0 | F20: =E20 -> 0 | G20: =F20 -> 0 | H20: =G20 -> 0 | I20: =H20 -> 0
A21: =A9 -> . | E21: 0 | F21: =E21 -> 0 | G21: =F21 -> 0 | H21: =G21 -> 0 | I21: =H21 -> 0
A22: =A10 -> . | E22: 0 | F22: =E22 -> 0 | G22: =F22 -> 0 | H22: =G22 -> 0 | I22: =H22 -> 0
A23: =A11 -> . | E23: 0 | F23: =E23 -> 0 | G23: =F23 -> 0 | H23: =G23 -> 0 | I23: =H23 -> 0
A24: =A12 -> . | E24: 0 | F24: =E24 -> 0 | G24: =F24 -> 0 | H24: =G24 -> 0 | I24: =H24 -> 0
A26: OUTROS PROVEITOS | D26: =Pressupostos!C$6 -> 2011 | E26: =Pressupostos!D$6 -> 2012 | F26: =Pressupostos!E$6 -> 2013 | G26: =Pressupostos!F$6 -> 2014 | H26: =Pressupostos!G$6 -> 2015 | I26: =Pressupostos!H$6 -> 2016
A37: TOTAL DE OUTROS PROVEITOS | D37: =SUM(D27:D36) -> 0 | E37: =SUM(E27:E36) -> 0 | F37: =SUM(F27:F36) -> 0 | G37: =SUM(G27:G36) -> 0 | H37: =SUM(H27:H36) -> 0 | I37: =SUM(I27:I36) -> 0

Sheet FSE
A1: 5.2.6. - Fornecimentos e Serviços Externos
A3: FORNECIMENTOS E SERVIÇOS EXTERNOS | C3: Valor Mês (€) | D3: =Pressupostos!C$6 -> 2011 | E3: =Pressupostos!D$6 -> 2012 | F3: =Pressupostos!E$6 -> 2013 | G3: =Pressupostos!F$6 -> 2014 | H3: =Pressupostos!G$6 -> 2015 | I3: =Pressupostos!H$6 -> 2016
A4: Subcontratos | D4: =$C4*Pressupostos!C$8 -> 0 | E4: =$C4*(1+Pressupostos!D$22)*Pressupostos!D$8 -> 0 | F4: =$C4*(1+Pressupostos!D$22)*(1+Pressupostos!E$22)*Pressupostos!E$8 -> 0 | G4: =$C4*(1+Pressupostos!D$22)*(1+Pressupostos!E$22)*(1+Pressupostos!F$22)*Pressupostos!F$8 -> 0 | H4: =$C4*(1+Pressupostos!D$22)*(1+Pressupostos!E$22)*(1+Pressupostos!F$22)*(1+Pressupostos!G$22)*Pressupostos!G$8 -> 0 | I4: =$C4*(1+Pressupostos!E$22)*(1+Pressupostos!F$22)*(1+Pressupostos!G$22)*(1+Pressupostos!H$22)*Pressupostos!H$8 -> 0
A5: Electricidade e Gás | C5: 0 | D5: =$C5*Pressupostos!C$8 -> 0 | E5: =$C5*(1+Pressupostos!D$22)*Pressupostos!D$8 -> 0 | F5: =$C5*(1+Pressupostos!D$22)*(1+Pressupostos!E$22)*Pressupostos!E$8 -> 0 | G5: =$C5*(1+Pressupostos!D$22)*(1+Pressupostos!E$22)*(1+Pressupostos!F$22)*Pressupostos!F$8 -> 0 | H5: =$C5*(1+Pressupostos!D$22)*(1+Pressupostos!E$22)*(1+Pressupostos!F$22)*(1+Pressupostos!G$22)*Pressupostos!G$8 -> 0 | I5: =$C5*(1+Pressupostos!E$22)*(1+Pressupostos!F$22)*(1+Pressupostos!G$22)*(1+Pressupostos!H$22)*Pressupostos!H$8 -> 0
A6: Água | C6: 0 | D6: =$C6*Pressupostos!C$8 -> 0 | E6: =$C6*(1+Pressupostos!D$22)*Pressupostos!D$8 -> 0 | F6: =$C6*(1+Pressupostos!D$22)*(1+Pressupostos!E$22)*Pressupostos!E$8 -> 0 | G6: =$C6*(1+Pressupostos!D$22)*(1+Pressupostos!E$22)*(1+Pressupostos!F$22)*Pressupostos!F$8 -> 0 | H6: =$C6*(1+Pressupostos!D$22)*(1+Pressupostos!E$22)*(1+Pressupostos!F$22)*(1+Pressupostos!G$22)*Pressupostos!G$8 -> 0 | I6: =$C6*(1+Pressupostos!E$22)*(1+Pressupostos!F$22)*(1+Pressupostos!G$22)*(1+Pressupostos!H$22)*Pressupostos!H$8 -> 0
A7: Ferramentas e Utensilios de desgaste rápido | C7: 0 | D7: =$C7*Pressupostos!C$8 -> 0 | E7: =$C7*(1+Pressupostos!D$22)*Pressupostos!D$8 -> 0 | F7: =$C7*(1+Pressupostos!D$22)*(1+Pressupostos!E$22)*Pressupostos!E$8 -> 0 | G7: =$C7*(1+Pressupostos!D$22)*(1+Pressupostos!E$22)*(1+Pressupostos!F$22)*Pressupostos!F$8 -> 0 | H7: =$C7*(1+Pressupostos!D$22)*(1+Pressupostos!E$22)*(1+Pressupostos!F$22)*(1+Pressupostos!G$22)*Pressupostos!G$8 -> 0 | I7: =$C7*(1+Pressupostos!E$22)*(1+Pressupostos!F$22)*(1+Pressupostos!G$22)*(1+Pressupostos!H$22)*Pressupostos!H$8 -> 0
A8: Material de Escritório | C8: 0 | D8: =$C8*Pressupostos!C$8 -> 0 | E8: =$C8*(1+Pressupostos!D$22)*Pressupostos!D$8 -> 0 | F8: =$C8*(1+Pressupostos!D$22)*(1+Pressupostos!E$22)*Pressupostos!E$8 -> 0 | G8: =$C8*(1+Pressupostos!D$22)*(1+Pressupostos!E$22)*(1+Pressupostos!F$22)*Pressupostos!F$8 -> 0 | H8: =$C8*(1+Pressupostos!D$22)*(1+Pressupostos!E$22)*(1+Pressupostos!F$22)*(1+Pressupostos!G$22)*Pressupostos!G$8 -> 0 | I8: =$C8*(1+Pressupostos!E$22)*(1+Pressupostos!F$22)*(1+Pressupostos!G$22)*(1+Pressupostos!H$22)*Pressupostos!H$8 -> 0
A9: Comunicações | C9: 0 | D9: =$C9*Pressupostos!C$8 -> 0 | E9: =$C9*(1+Pressupostos!D$22)*Pressupostos!D$8 -> 0 | F9: =$C9*(1+Pressupostos!D$22)*(1+Pressupostos!E$22)*Pressupostos!E$8 -> 0 | G9: =$C9*(1+Pressupostos!D$22)*(1+Pressupostos!E$22)*(1+Pressupostos!F$22)*Pressupostos!F$8 -> 0 | H9: =$C9*(1+Pressupostos!D$22)*(1+Pressupostos!E$22)*(1+Pressupostos!F$22)*(1+Pressupostos!G$22)*Pressupostos!G$8 -> 0 | I9: =$C9*(1+Pressupostos!E$22)*(1+Pressupostos!F$22)*(1+Pressupostos!G$22)*(1+Pressupostos!H$22)*Pressupostos!H$8 -> 0
A10: Rendas e Alugeres (Instalações) | C10: 0 | D10: =$C10*Pressupostos!C$8 -> 0 | E10: =$C10*(1+Pressupostos!D$22)*Pressupostos!D$8 -> 0 | F10: =$C10*(1+Pressupostos!D$22)*(1+Pressupostos!E$22)*Pressupostos!E$8 -> 0 | G10: =$C10*(1+Pressupostos!D$22)*(1+Pressupostos!E$22)*(1+Pressupostos!F$22)*Pressupostos!F$8 -> 0 | H10: =$C10*(1+Pressupostos!D$22)*(1+Pressupostos!E$22)*(1+Pressupostos!F$22)*(1+Pressupostos!G$22)*Pressupostos!G$8 -> 0 | I10: =$C10*(1+Pressupostos!E$22)*(1+Pressupostos!F$22)*(1+Pressupostos!G$22)*(1+Pressupostos!H$22)*Pressupostos!H$8 -> 0
A11: Seguros | C11: 0 | D11: =$C11*Pressupostos!C$8 -> 0 | E11: =$C11*(1+Pressupostos!D$22)*Pressupostos!D$8 -> 0 | F11: =$C11*(1+Pressupostos!D$22)*(1+Pressupostos!E$22)*Pressupostos!E$8 -> 0 | G11: =$C11*(1+Pressupostos!D$22)*(1+Pressupostos!E$22)*(1+Pressupostos!F$22)*Pressupostos!F$8 -> 0 | H11: =$C11*(1+Pressupostos!D$22)*(1+Pressupostos!E$22)*(1+Pressupostos!F$22)*(1+Pressupostos!G$22)*Pressupostos!G$8 -> 0 | I11: =$C11*(1+Pressupostos!E$22)*(1+Pressupostos!F$22)*(1+Pressupostos!G$22)*(1+Pressupostos!H$22)*Pressupostos!H$8 -> 0
A12: Transportes de Mercadorias | C12: 0 | D12: =$C12*Pressupostos!C$8 -> 0 | E12: =$C12*(1+Pressupostos!D$22)*Pressupostos!D$8 -> 0 | F12: =$C12*(1+Pressupostos!D$22)*(1+Pressupostos!E$22)*Pressupostos!E$8 -> 0 | G12: =$C12*(1+Pressupostos!D$22)*(1+Pressupostos!E$22)*(1+Pressupostos!F$22)*Pressupostos!F$8 -> 0 | H12: =$C12*(1+Pressupostos!D$22)*(1+Pressupostos!E$22)*(1+Pressupostos!F$22)*(1+Pressupostos!G$22)*Pressupostos!G$8 -> 0 | I12: =$C12*(1+Pressupostos!E$22)*(1+Pressupostos!F$22)*(1+Pressupostos!G$22)*(1+Pressupostos!H$22)*Pressupostos!H$8 -> 0
A13: Deslocações e Estadas | C13: 0 | D13: =$C13*Pressupostos!C$8 -> 0 | E13: =$C13*(1+Pressupostos!D$22)*Pressupostos!D$8 -> 0 | F13: =$C13*(1+Pressupostos!D$22)*(1+Pressupostos!E$22)*Pressupostos!E$8 -> 0 | G13: =$C13*(1+Pressupostos!D$22)*(1+Pressupostos!E$22)*(1+Pressupostos!F$22)*Pressupostos!F$8 -> 0 | H13: =$C13*(1+Pressupostos!D$22)*(1+Pressupostos!E$22)*(1+Pressupostos!F$22)*(1+Pressupostos!G$22)*Pressupostos!G$8 -> 0 | I13: =$C13*(1+Pressupostos!E$22)*(1+Pressupostos!F$22)*(1+Pressupostos!G$22)*(1+Pressupostos!H$22)*Pressupostos!H$8 -> 0
A14: Conservação e Reparação | C14: 0 | D14: =$C14*Pressupostos!C$8 -> 0 | E14: =$C14*(1+Pressupostos!D$22)*Pressupostos!D$8 -> 0 | F14: =$C14*(1+Pressupostos!D$22)*(1+Pressupostos!E$22)*Pressupostos!E$8 -> 0 | G14: =$C14*(1+Pressupostos!D$22)*(1+Pressupostos!E$22)*(1+Pressupostos!F$22)*Pressupostos!F$8 -> 0 | H14: =$C14*(1+Pressupostos!D$22)*(1+Pressupostos!E$22)*(1+Pressupostos!F$22)*(1+Pressupostos!G$22)*Pressupostos!G$8 -> 0 | I14: =$C14*(1+Pressupostos!E$22)*(1+Pressupostos!F$22)*(1+Pressupostos!G$22)*(1+Pressupostos!H$22)*Pressupostos!H$8 -> 0
A15: Publicidade e Propaganda | C15: 0 | D15: =$C15*Pressupostos!C$8 -> 0 | E15: =$C15*(1+Pressupostos!D$22)*Pressupostos!D$8 -> 0 | F15: =$C15*(1+Pressupostos!D$22)*(1+Pressupostos!E$22)*Pressupostos!E$8 -> 0 | G15: =$C15*(1+Pressupostos!D$22)*(1+Pressupostos!E$22)*(1+Pressupostos!F$22)*Pressupostos!F$8 -> 0 | H15: =$C15*(1+Pressupostos!D$22)*(1+Pressupostos!E$22)*(1+Pressupostos!F$22)*(1+Pressupostos!G$22)*Pressupostos!G$8 -> 0 | I15: =$C15*(1+Pressupostos!E$22)*(1+Pressupostos!F$22)*(1+Pressupostos!G$22)*(1+Pressupostos!H$22)*Pressupostos!H$8 -> 0
A16: Limpeza, Higiene e Conforto | C16: 0 | D16: =$C16*Pressupostos!C$8 -> 0 | E16: =$C16*(1+Pressupostos!D$22)*Pressupostos!D$8 -> 0 | F16: =$C16*(1+Pressupostos!D$22)*(1+Pressupostos!E$22)*Pressupostos!E$8 -> 0 | G16: =$C16*(1+Pressupostos!D$22)*(1+Pressupostos!E$22)*(1+Pressupostos!F$22)*Pressupostos!F$8 -> 0 | H16: =$C16*(1+Pressupostos!D$22)*(1+Pressupostos!E$22)*(1+Pressupostos!F$22)*(1+Pressupostos!G$22)*Pressupostos!G$8 -> 0 | I16: =$C16*(1+Pressupostos!E$22)*(1+Pressupostos!F$22)*(1+Pressupostos!G$22)*(1+Pressupostos!H$22)*Pressupostos!H$8 -> 0
A17: Vigilância e Segurança | C17: 0 | D17: =$C17*Pressupostos!C$8 -> 0 | E17: =$C17*(1+Pressupostos!D$22)*Pressupostos!D$8 -> 0 | F17: =$C17*(1+Pressupostos!D$22)*(1+Pressupostos!E$22)*Pressupostos!E$8 -> 0 | G17: =$C17*(1+Pressupostos!D$22)*(1+Pressupostos!E$22)*(1+Pressupostos!F$22)*Pressupostos!F$8 -> 0 | H17: =$C17*(1+Pressupostos!D$22)*(1+Pressupostos!E$22)*(1+Pressupostos!F$22)*(1+Pressupostos!G$22)*Pressupostos!G$8 -> 0 | I17: =$C17*(1+Pressupostos!E$22)*(1+Pressupostos!F$22)*(1+Pressupostos!G$22)*(1+Pressupostos!H$22)*Pressupostos!H$8 -> 0
A18: Trabalhos Especializados (Contabilista) | D18: =$C18*Pressupostos!C$8 -> 0 | E18: =$C18*(1+Pressupostos!D$22)*Pressupostos!D$8 -> 0 | F18: =$C18*(1+Pressupostos!D$22)*(1+Pressupostos!E$22)*Pressupostos!E$8 -> 0 | G18: =$C18*(1+Pressupostos!D$22)*(1+Pressupostos!E$22)*(1+Pressupostos!F$22)*Pressupostos!F$8 -> 0 | H18: =$C18*(1+Pressupostos!D$22)*(1+Pressupostos!E$22)*(1+Pressupostos!F$22)*(1+Pressupostos!G$22)*Pressupostos!G$8 -> 0 | I18: =$C18*(1+Pressupostos!E$22)*(1+Pressupostos!F$22)*(1+Pressupostos!G$22)*(1+Pressupostos!H$22)*Pressupostos!H$8 -> 0
A19: Outros FSE | D19: =$C19*Pressupostos!C$8 -> 0 | E19: =$C19*(1+Pressupostos!D$22)*Pressupostos!D$8 -> 0 | F19: =$C19*(1+Pressupostos!D$22)*(1+Pressupostos!E$22)*Pressupostos!E$8 -> 0 | G19: =$C19*(1+Pressupostos!D$22)*(1+Pressupostos!E$22)*(1+Pressupostos!F$22)*Pressupostos!F$8 -> 0 | H19: =$C19*(1+Pressupostos!D$22)*(1+Pressupostos!E$22)*(1+Pressupostos!F$22)*(1+Pressupostos!G$22)*Pressupostos!G$8 -> 0 | I19: =$C19*(1+Pressupostos!E$22)*(1+Pressupostos!F$22)*(1+Pressupostos!G$22)*(1+Pressupostos!H$22)*Pressupostos!H$8 -> 0
A20: TOTAL DE FORN. E SERV. EXTERNOS | D20: =SUM(D4:D19) -> 0 | E20: =SUM(E4:E19) -> 0 | F20: =SUM(F4:F19) -> 0 | G20: =SUM(G4:G19) -> 0 | H20: =SUM(H4:H19) -> 0 | I20: =SUM(I4:I19) -> 0
A22: PROVISÕES | C22: =D22-1 -> 2010 | D22: =Pressupostos!C$6 -> 2011 | E22: =Pressupostos!D$6 -> 2012 | F22: =Pressupostos!E$6 -> 2013 | G22: =Pressupostos!F$6 -> 2014 | H22: =Pressupostos!G$6 -> 2015 | I22: =Pressupostos!H$6 -> 2016
A24: Para Depreciação de Existências | D24: =Pressupostos!C$24*(FMN!D5+FMN!D6+FMN!D7) -> 0 | E24: =Pressupostos!D$24*(FMN!E5+FMN!E6+FMN!E7) -> 0 | F24: =Pressupostos!E$24*(FMN!F5+FMN!F6+FMN!F7) -> 0 | G24: =Pressupostos!F$24*(FMN!G5+FMN!G6+FMN!G7) -> 0 | H24: =Pressupostos!G$24*(FMN!H5+FMN!H6+FMN!H7) -> 0 | I24: =Pressupostos!H$24*(FMN!J5+FMN!J6+FMN!J7) -> 0
A25: Para Cobranças Duvidosas | D25: =Pressupostos!C$25*FMN!D4 -> 0 | E25: =Pressupostos!D$25*FMN!E4 -> 0 | F25: =Pressupostos!E$25*FMN!F4 -> 0 | G25: =Pressupostos!F$25*FMN!G4 -> 0 | H25: =Pressupostos!G$25*FMN!H4 -> 0 | I25: =Pressupostos!H$25*FMN!J4 -> 0
A26: Para Outros Riscos e Encargos | D26: 0 | E26: 0 | F26: 0 | G26: 0 | H26: 0 | I26: 0
A28: TOTAL DAS PROVISÕES | D28: =D25+D24 -> 0 | E28: =E25+E24 -> 0 | F28: =F25+F24 -> 0 | G28: =G25+G24 -> 0 | H28: =H25+H24 -> 0 | I28: =I25+I24 -> 0

Sheet C. Pessoal
A1: 5.2.7. - Custos com Pessoal
A3: CUSTOS COM O PESSOAL | C3: Valor unit. | D3: =Pressupostos!C$6 -> 2011 | E3: =Pressupostos!D$6 -> 2012 | F3: =Pressupostos!E$6 -> 2013 | G3: =Pressupostos!F$6 -> 2014 | H3: =Pressupostos!G$6 -> 2015 | I3: =Pressupostos!H$6 -> 2016
A4: *SUBSÍDIO DE REFEIÇÃO | C4: Dia | D4: 3.83 | E4: =D4*(1+E10) -> 3.9449 | F4: =E4*(1+F10) -> 4.063247 | G4: =F4*(1+G10) -> 4.1851444 | H4: =G4*(1+H10) -> 4.3106987 | I4: =H4*(1+I10) -> 4.4400197
A5: * ENCARGOS SOCIAIS DE CONTA DA EMP.
A6: - Segurança Social do Sócio Gerente | C6: % | D6: 0.2125 | E6: =D6 -> 0.2125 | F6: =E6 -> 0.2125 | G6: =F6 -> 0.2125 | H6: =G6 -> 0.2125 | I6: =H6 -> 0.2125
A7: - Segurança Social | C7: % | D7: 0.2375 | E7: =D7 -> 0.2375 | F7: =E7 -> 0.2375 | G7: =F7 -> 0.2375 | H7: =G7 -> 0.2375 | I7: =H7 -> 0.2375
A8: - Seguro de Acidentes de Trabalho | C8: % | D8: 0.02 | E8: =D8 -> 0.02 | F8: =E8 -> 0.02 | G8: =F8 -> 0.02 | H8: =G8 -> 0.02 | I8: =H8 -> 0.02
A9: - Outros custos | C9: % | D9: 0.005 | E9: =D9 -> 0.005 | F9: =E9 -> 0.005 | G9: =F9 -> 0.005 | H9: =G9 -> 0.005 | I9: =H9 -> 0.005
A10: * Tx de Crescimento Nominal Salários | C10: % | E10: 0.03 | F10: =E10 -> 0.03 | G10: =F10 -> 0.03 | H10: =G10 -> 0.03 | I10: =H10 -> 0.03
A12: TRABALHADORES POR CATEGORIAS | D12: =Pressupostos!C$6 -> 2011 | E12: =Pressupostos!D$6 -> 2012 | F12: =Pressupostos!E$6 -> 2013 | G12: =Pressupostos!F$6 -> 2014 | H12: =Pressupostos!G$6 -> 2015 | I12: =Pressupostos!H$6 -> 2016
A13: Sócio Gerente | C13: N.º | D13: 0 | E13: =D13 -> 0 | F13: =E13 -> 0 | G13: =F13 -> 0 | H13: =G13 -> 0 | I13: =H13 -> 0
A14: Recepcionista/Auxiliar | C14: N.º | D14: 0 | E14: =D14 -> 0 | F14: =E14 -> 0 | G14: =F14 -> 0 | H14: =G14 -> 0 | I14: =H14 -> 0
C15: N.º | D15: 0 | E15: =D15 -> 0 | F15: =E15 -> 0 | G15: =F15 -> 0 | H15: =G15 -> 0 | I15: =H15 -> 0
C16: N.º | D16: 0 | E16: =D16 -> 0 | F16: =E16 -> 0 | G16: =F16 -> 0 | H16: =G16 -> 0 | I16: =H16 -> 0
C17: N.º | D17: 0 | E17: =D17 -> 0 | F17: =E17 -> 0 | G17: =F17 -> 0 | H17: =G17 -> 0 | I17: =H17 -> 0
C18: N.º | D18: 0 | E18: =D18 -> 0 | F18: =E18 -> 0 | G18: =F18 -> 0 | H18: =G18 -> 0 | I18: =H18 -> 0
C19: N.º | D19: 0 | E19: =D19 -> 0 | F19: =E19 -> 0 | G19: =F19 -> 0 | H19: =G19 -> 0 | I19: =H19 -> 0
C20: N.º | D20: 0 | E20: =D20 -> 0 | F20: =E20 -> 0 | G20: =F20 -> 0 | H20: =G20 -> 0 | I20: =H20 -> 0
C21: N.º | D21: 0 | E21: =D21 -> 0 | F21: =E21 -> 0 | G21: =F21 -> 0 | H21: =G21 -> 0 | I21: =H21 -> 0
A22: TOTAL | D22: =SUM(D13:D21) -> 0 | E22: =SUM(E13:E21) -> 0 | F22: =SUM(F13:F21) -> 0 | G22: =SUM(G13:G21) -> 0 | H22: =SUM(H13:H21) -> 0 | I22: =SUM(I13:I21) -> 0
A23: CUSTOS ANUAIS COM PESSOAL | C23: Rem. Mês | D23: =Pressupostos!C$6 -> 2011 | E23: =Pressupostos!D$6 -> 2012 | F23: =Pressupostos!E$6 -> 2013 | G23: =Pressupostos!F$6 -> 2014 | H23: =Pressupostos!G$6 -> 2015 | I23: =Pressupostos!H$6 -> 2016
A24: =IF(ISBLANK(A13),"",A13) -> Sócio Gerente | C24: 0 | D24: =($C24*D13*14)*(1+D$6+D$8+D$9)*Pressupostos!C$8/12+(D$4*22*D13)*Pressupostos!C$8*11/12 -> 0 | E24: =($C24*E13*14)*(1+E$10)*(1+E$6+E$8+E$9)+(E$4*22*E13)*11 -> 0 | F24: =($C24*F13*14)*(1+F$10)*(1+E$10)*(1+F$6+F$8+F$9)+(F$4*22*F13)*11 -> 0 | G24: =($C24*G13*14)*(1+G$10)*(1+F$10)*(1+E$10)*(1+G$6+G$8+G$9)+(G$4*22*G13)*11 -> 0 | H24: =($C24*H13*14)*(1+G$10)*(1+F$10)*(1+E$10)*(1+H$10)*(1+H$6+H$8+H$9)+(H$4*22*H13)*11 -> 0 | I24: =($C24*I13*14)*(1+H$10)*(1+G$10)*(1+F$10)*(1+I$10)*(1+I$6+I$8+I$9)+(I$4*22*I13)*11 -> 0
A25: =IF(ISBLANK(A14),"",A14) -> Recepcionista/Auxiliar | C25: 0 | D25: =($C25*D14*14)*(1+D$7+D$8+D$9)*Pressupostos!$C$8/12+(D$4*22*D14)*Pressupostos!$C$8*11/12 -> 0 | E25: =($C25*E14*14)*(1+E$10)*(1+E$7+E$8+E$9)+(E$4*22*E14)*11 -> 0 | F25: =($C25*F14*14)*(1+F$10)*(1+E$10)*(1+F$7+F$8+F$9)+(F$4*22*F14)*11 -> 0 | G25: =($C25*G14*14)*(1+G$10)*(1+F$10)*(1+E$10)*(1+G$7+G$8+G$9)+(G$4*22*G14)*11 -> 0 | H25: =($C25*H14*14)*(1+G$10)*(1+F$10)*(1+E$10)*(1+H$10)*(1+H$7+H$8+H$9)+(H$4*22*H14)*11 -> 0 | I25: =($C25*I14*14)*(1+H$10)*(1+G$10)*(1+F$10)*(1+I$10)*(1+I$7+I$8+I$9)+(I$4*22*I14)*11 -> 0
A26: =IF(ISBLANK(A15),"",A15) | D26: =($C26*D15*14)*(1+D$7+D$8+D$9)*Pressupostos!$C$8/12+(D$4*22*D15)*Pressupostos!$C$8*11/12 -> 0 | E26: =($C26*E15*14)*(1+E$10)*(1+E$7+E$8+E$9)+(E$4*22*E15)*11 -> 0 | F26: =($C26*F15*14)*(1+F$10)*(1+E$10)*(1+F$7+F$8+F$9)+(F$4*22*F15)*11 -> 0 | G26: =($C26*G15*14)*(1+G$10)*(1+F$10)*(1+E$10)*(1+G$7+G$8+G$9)+(G$4*22*G15)*11 -> 0 | H26: =($C26*H15*14)*(1+G$10)*(1+F$10)*(1+E$10)*(1+H$10)*(1+H$7+H$8+H$9)+(H$4*22*H15)*11 -> 0 | I26: =($C26*I15*14)*(1+H$10)*(1+G$10)*(1+F$10)*(1+I$10)*(1+I$7+I$8+I$9)+(I$4*22*I15)*11 -> 0
A27: =IF(ISBLANK(A16),"",A16) | D27: =($C27*D16*14)*(1+D$7+D$8+D$9)*Pressupostos!$C$8/12+(D$4*22*D16)*Pressupostos!$C$8*11/12 -> 0 | E27: =($C27*E16*14)*(1+E$10)*(1+E$7+E$8+E$9)+(E$4*22*E16)*11 -> 0 | F27: =($C27*F16*14)*(1+F$10)*(1+E$10)*(1+F$7+F$8+F$9)+(F$4*22*F16)*11 -> 0 | G27: =($C27*G16*14)*(1+G$10)*(1+F$10)*(1+E$10)*(1+G$7+G$8+G$9)+(G$4*22*G16)*11 -> 0 | H27: =($C27*H16*14)*(1+G$10)*(1+F$10)*(1+E$10)*(1+H$10)*(1+H$7+H$8+H$9)+(H$4*22*H16)*11 -> 0 | I27: =($C27*I16*14)*(1+H$10)*(1+G$10)*(1+F$10)*(1+I$10)*(1+I$7+I$8+I$9)+(I$4*22*I16)*11 -> 0
A28: =IF(ISBLANK(A17),"",A17) | D28: =($C28*D17*14)*(1+D$7+D$8+D$9)*Pressupostos!$C$8/12+(D$4*22*D17)*Pressupostos!$C$8*11/12 -> 0 | E28: =($C28*E17*14)*(1+E$10)*(1+E$7+E$8+E$9)+(E$4*22*E17)*11 -> 0 | F28: =($C28*F17*14)*(1+F$10)*(1+E$10)*(1+F$7+F$8+F$9)+(F$4*22*F17)*11 -> 0 | G28: =($C28*G17*14)*(1+G$10)*(1+F$10)*(1+E$10)*(1+G$7+G$8+G$9)+(G$4*22*G17)*11 -> 0 | H28: =($C28*H17*14)*(1+G$10)*(1+F$10)*(1+E$10)*(1+H$10)*(1+H$7+H$8+H$9)+(H$4*22*H17)*11 -> 0 | I28: =($C28*I17*14)*(1+H$10)*(1+G$10)*(1+F$10)*(1+I$10)*(1+I$7+I$8+I$9)+(I$4*22*I17)*11 -> 0
A29: =IF(ISBLANK(A18),"",A18) | D29: =($C29*D18*14)*(1+D$7+D$8+D$9)*Pressupostos!$C$8/12+(D$4*22*D18)*Pressupostos!$C$8*11/12 -> 0 | E29: =($C29*E18*14)*(1+E$10)*(1+E$7+E$8+E$9)+(E$4*22*E18)*11 -> 0 | F29: =($C29*F18*14)*(1+F$10)*(1+E$10)*(1+F$7+F$8+F$9)+(F$4*22*F18)*11 -> 0 | G29: =($C29*G18*14)*(1+G$10)*(1+F$10)*(1+E$10)*(1+G$7+G$8+G$9)+(G$4*22*G18)*11 -> 0 | H29: =($C29*H18*14)*(1+G$10)*(1+F$10)*(1+E$10)*(1+H$10)*(1+H$7+H$8+H$9)+(H$4*22*H18)*11 -> 0 | I29: =($C29*I18*14)*(1+H$10)*(1+G$10)*(1+F$10)*(1+I$10)*(1+I$7+I$8+I$9)+(I$4*22*I18)*11 -> 0
A30: =IF(ISBLANK(A19),"",A19) | D30: =($C30*D19*14)*(1+D$7+D$8+D$9)*Pressupostos!$C$8/12+(D$4*22*D19)*Pressupostos!$C$8*11/12 -> 0 | E30: =($C30*E19*14)*(1+E$10)*(1+E$7+E$8+E$9)+(E$4*22*E19)*11 -> 0 | F30: =($C30*F19*14)*(1+F$10)*(1+E$10)*(1+F$7+F$8+F$9)+(F$4*22*F19)*11 -> 0 | G30: =($C30*G19*14)*(1+G$10)*(1+F$10)*(1+E$10)*(1+G$7+G$8+G$9)+(G$4*22*G19)*11 -> 0 | H30: =($C30*H19*14)*(1+G$10)*(1+F$10)*(1+E$10)*(1+H$10)*(1+H$7+H$8+H$9)+(H$4*22*H19)*11 -> 0 | I30: =($C30*I19*14)*(1+H$10)*(1+G$10)*(1+F$10)*(1+I$10)*(1+I$7+I$8+I$9)+(I$4*22*I19)*11 -> 0
A31: =IF(ISBLANK(A20),"",A20) | D31: =($C31*D20*14)*(1+D$7+D$8+D$9)*Pressupostos!$C$8/12+(D$4*22*D20)*Pressupostos!$C$8*11/12 -> 0 | E31: =($C31*E20*14)*(1+E$10)*(1+E$7+E$8+E$9)+(E$4*22*E20)*11 -> 0 | F31: =($C31*F20*14)*(1+F$10)*(1+E$10)*(1+F$7+F$8+F$9)+(F$4*22*F20)*11 -> 0 | G31: =($C31*G20*14)*(1+G$10)*(1+F$10)*(1+E$10)*(1+G$7+G$8+G$9)+(G$4*22*G20)*11 -> 0 | H31: =($C31*H20*14)*(1+G$10)*(1+F$10)*(1+E$10)*(1+H$10)*(1+H$7+H$8+H$9)+(H$4*22*H20)*11 -> 0 | I31: =($C31*I20*14)*(1+H$10)*(1+G$10)*(1+F$10)*(1+I$10)*(1+I$7+I$8+I$9)+(I$4*22*I20)*11 -> 0
A32: =IF(ISBLANK(A21),"",A21) | D32: =($C32*D21*14)*(1+D$7+D$8+D$9)*Pressupostos!$C$8/12+(D$4*22*D21)*Pressupostos!$C$8*11/12 -> 0 | E32: =($C32*E21*14)*(1+E$10)*(1+E$7+E$8+E$9)+(E$4*22*E21)*11 -> 0 | F32: =($C32*F21*14)*(1+F$10)*(1+E$10)*(1+F$7+F$8+F$9)+(F$4*22*F21)*11 -> 0 | G32: =($C32*G21*14)*(1+G$10)*(1+F$10)*(1+E$10)*(1+G$7+G$8+G$9)+(G$4*22*G21)*11 -> 0 | H32: =($C32*H21*14)*(1+G$10)*(1+F$10)*(1+E$10)*(1+H$10)*(1+H$7+H$8+H$9)+(H$4*22*H21)*11 -> 0 | I32: =($C32*I21*14)*(1+H$10)*(1+G$10)*(1+F$10)*(1+I$10)*(1+I$7+I$8+I$9)+(I$4*22*I21)*11 -> 0
A33: TOTAL | D33: =SUM(D24:D32) -> 0 | E33: =SUM(E24:E32) -> 0 | F33: =SUM(F24:F32) -> 0 | G33: =SUM(G24:G32) -> 0 | H33: =SUM(H24:H32) -> 0 | I33: =SUM(I24:I32) -> 0

Sheet Desc Invest
A1: 5.3 - Plano de Investimento
A2: 5.3.1 - Descrição do Investimento
A4: N.º ORDEM | B4: RÚBRICAS DE INVESTIMENTO | F4: VALOR S/ IVA
B5: A. TRESPASSE:
B6: A.1. Trespasse - Mobiliário | F6: 0
B7: a) Máquina registadora | F7: 0
B8: b) Máquina de marcar preços | F8: 0
B9: c) Expositores de parede | F9: 0
B10: d) Painéis de exposição | F10: 0
B11: e) Expositores de montras | F11: 0
B12: f) Expositores móveis | F12: 0
B13: A.2.Trespasse - Existência em mercadorias | F13: 0
B14: A.3.Trespasse - Instalações | F14: 0
B15: Sub-Total A | F15: 0
B16: B. EQUIPAMENTO BÁSICO:
B17: Portas com vidro duplo e fechadura (segurança) | F17: 0
B18: Sub-Total B | F18: 0
B19: C. OBRAS DE REMODELAÇÃO
B20: Pequenas reparações de construção civil | F20: 0
B21: Pintura interior e exterior | F21: 0
B22: Sub-Total C | F22: =F21+F20 -> 0
A23: TOTAL DO INVESTIMENTO | F23: =F22+F18+F15 -> 0

Sheet Invest
A1: 5.3.2 - Investimento
A3: INVESTIMENTO | C3: =Pressupostos!B$6 -> 2010 | D3: =Pressupostos!C$6 -> 2011 | E3: =Pressupostos!D$6 -> 2012 | F3: =Pressupostos!E$6 -> 2013 | G3: =Pressupostos!F$6 -> 2014 | H3: =Pressupostos!G$6 -> 2015 | I3: =Pressupostos!H$6 -> 2016
A4: 1 .IMOBILIZADO INCORPÓREO
A5: Estudos e projectos | D5: 0
A6: Software Informático+Gestão | D6: 0
A7: Outras Imobilizações Incorpóreas | D7: 0
A8: SUB-TOTAL | C8: =SUM(C5:C7) -> 0 | D8: =SUM(D5:D7) -> 0 | E8: =SUM(E5:E7) -> 0
A9: 2 . IMOBILIZADO CORPÓREO
A10: Terrenos e Recursos Naturais
A11: Infra-estruturas
A12: Adaptação e/ou ampliação de instalações | D12: 0
A13: Equipamento Básico | D13: 0
A14: Equipamento de Armazenagem
A15: Ferramentas e utensílios | D15: 0
A16: Equipamento de Informática
A17: Equipamento Auxiliares e Administrativos | D17: 0
A18: Viaturas
A19: Outras Imobilizações Corpóreas
A20: SUB-TOTAL | C20: =SUM(C9:C19) -> 0 | D20: =SUM(D9:D19) -> 0 | E20: =SUM(E9:E19) -> 0
A21: TOTAL | C21: =C20+C8 -> 0 | D21: =D20+D8 -> 0 | E21: =E20+E8 -> 0
A23: 5.3.4 - Investimento Total
A25: INVESTIMENTO TOTAL | C25: =Pressupostos!B$6 -> 2010 | D25: =Pressupostos!C$6 -> 2011 | E25: =Pressupostos!D$6 -> 2012 | F25: =Pressupostos!E$6 -> 2013 | G25: =Pressupostos!F$6 -> 2014 | H25: =Pressupostos!G$6 -> 2015 | I25: =Pressupostos!H$6 -> 2016
A26: - IMOBILIZADO INCORPÓREO | C26: =C8 -> 0 | D26: =D8 -> 0 | E26: =E8 -> 0 | F26: =F8*(1+Estado!F9) -> 0 | G26: =G8*(1+Estado!G9) -> 0 | H26: =H8*(1+Estado!H9) -> 0 | I26: =I8*(1+Estado!I9) -> 0
A27: - IMOBILIZADO CORPÓREO | C27: =C20 -> 0 | D27: =D20 -> 0 | E27: =E20 -> 0 | F27: =F9*(1+Estado!F10) -> 0 | G27: =G9*(1+Estado!G10) -> 0 | H27: =H9*(1+Estado!H10) -> 0 | I27: =I9*(1+Estado!I10) -> 0
A28: - INVESTIMENTO EM CAPITAL CIRCULANTE | C28: =FMN!C11 -> 0 | D28: =FMN!D11 -> 0 | E28: =FMN!E11 -> 0 | F28: =FMN!F11 -> 0 | G28: =FMN!G11 -> 0 | H28: =FMN!H11 -> 0 | I28: =FMN!J11 -> 0
A29: TOTAL | C29: =C27+C26 -> 0 | D29: =D27+D26+D28 -> 0 | E29: =E27+E26+E28 -> 0 | F29: =F27+F26+F28 -> 0 | G29: =G27+G26+G28 -> 0 | H29: =H27+H26+H28 -> 0 | I29: =I27+I26+I28 -> 0
A31: 5.3.5 - Valor do Investimento para Cálculo das Amortizações
A33: VALOR DO INVESTIMENTO A AMORTIZAR | C33: =Pressupostos!B$6 -> 2010 | D33: =Pressupostos!C$6 -> 2011 | E33: =Pressupostos!D$6 -> 2012 | F33: =Pressupostos!E$6 -> 2013 | G33: =Pressupostos!F$6 -> 2014 | H33: =Pressupostos!G$6 -> 2015 | I33: =Pressupostos!H$6 -> 2016
A34: =A4 -> 1 .IMOBILIZADO INCORPÓREO
A35: =A5 -> Estudos e projectos | D35: =IF(COUNTA(D$33)>$B55,0,C5+D5) -> 0 | E35: =IF(COUNTA(D$33:E$33)>$B55,0,C5+D5)+IF(COUNTA(E$33)>$B55,0,E5) -> 0 | F35: =IF(COUNTA(D$33:F$33)>$B55,0,C5+D5)+IF(COUNTA(E$33:F$33)>$B55,0,E5)+IF(COUNTA(F$33)>$B55,0,F5) -> 0 | G35: =IF(COUNTA(D$33:G$33)>$B55,0,C5+D5)+IF(COUNTA(E$33:G$33)>$B55,0,E5)+IF(COUNTA(F$33:G$33)>$B55,0,F5)+IF(COUNTA(G$33)>$B55,0,G5) -> 0 | H35: =IF(COUNTA(D$33:H$33)>$B55,0,C5+D5)+IF(COUNTA(E$33:H$33)>$B55,0,E5)+IF(COUNTA(F$33:H$33)>$B55,0,F5)+IF(COUNTA(G$33:H$33)>$B55,0,G5)+IF(COUNTA(H$33)>$B55,0,H5) -> 0 | I35: =IF(COUNTA(E$33:I$33)>$B55,0,D5+E5)+IF(COUNTA(F$33:I$33)>$B55,0,F5)+IF(COUNTA(G$33:I$33)>$B55,0,G5)+IF(COUNTA(H$33:I$33)>$B55,0,H5)+IF(COUNTA(I$33)>$B55,0,I5) -> 0
A36: =A6 -> Software Informático+Gestão | D36: =IF(COUNTA(D$33)>$B56,0,C6+D6) -> 0 | E36: =IF(COUNTA(D$33:E$33)>$B56,0,C6+D6)+IF(COUNTA(E$33)>$B56,0,E6) -> 0 | F36: =IF(COUNTA(D$33:F$33)>$B56,0,C6+D6)+IF(COUNTA(E$33:F$33)>$B56,0,E6)+IF(COUNTA(F$33)>$B56,0,F6) -> 0 | G36: =IF(COUNTA(D$33:G$33)>$B56,0,C6+D6)+IF(COUNTA(E$33:G$33)>$B56,0,E6)+IF(COUNTA(F$33:G$33)>$B56,0,F6)+IF(COUNTA(G$33)>$B56,0,G6) -> 0 | H36: =IF(COUNTA(D$33:H$33)>$B56,0,C6+D6)+IF(COUNTA(E$33:H$33)>$B56,0,E6)+IF(COUNTA(F$33:H$33)>$B56,0,F6)+IF(COUNTA(G$33:H$33)>$B56,0,G6)+IF(COUNTA(H$33)>$B56,0,H6) -> 0 | I36: =IF(COUNTA(E$33:I$33)>$B56,0,D6+E6)+IF(COUNTA(F$33:I$33)>$B56,0,F6)+IF(COUNTA(G$33:I$33)>$B56,0,G6)+IF(COUNTA(H$33:I$33)>$B56,0,H6)+IF(COUNTA(I$33)>$B56,0,I6) -> 0
A37: =A7 -> Outras Imobilizações Incorpóreas | D37: =IF(COUNTA(D$33)>$B57,0,C7+D7) -> 0 | E37: =IF(COUNTA(D$33:E$33)>$B57,0,C7+D7)+IF(COUNTA(E$33)>$B57,0,E7) -> 0 | F37: =IF(COUNTA(D$33:F$33)>$B57,0,C7+D7)+IF(COUNTA(E$33:F$33)>$B57,0,E7)+IF(COUNTA(F$33)>$B57,0,F7) -> 0 | G37: =IF(COUNTA(D$33:G$33)>$B57,0,C7+D7)+IF(COUNTA(E$33:G$33)>$B57,0,E7)+IF(COUNTA(F$33:G$33)>$B57,F7)+IF(COUNTA(G$33)>$B57,0,G7) -> 0 | H37: =IF(COUNTA(D$33:H$33)>$B57,0,C7+D7)+IF(COUNTA(E$33:H$33)>$B57,0,E7)+IF(COUNTA(F$33:H$33)>$B57,0,F7)+IF(COUNTA(G$33:H$33)>$B57,0,G7)+IF(COUNTA(H$33)>$B57,0,H7) -> 0 | I37: =IF(COUNTA(E$33:I$33)>$B57,0,D7+E7)+IF(COUNTA(F$33:I$33)>$B57,0,F7)+IF(COUNTA(G$33:I$33)>$B57,0,G7)+IF(COUNTA(H$33:I$33)>$B57,0,H7)+IF(COUNTA(I$33)>$B57,0,I7) -> 0
A38: SUB-TOTAL | D38: =SUM(D35:D37) -> 0 | E38: =SUM(E35:E37) -> 0 | F38: =SUM(F35:F37) -> 0 | G38: =SUM(G35:G37) -> 0 | H38: =SUM(H35:H37) -> 0 | I38: =SUM(I35:I37) -> 0
A39: =A9 -> 2 . IMOBILIZADO CORPÓREO
A40: =A10 -> Terrenos e Recursos Naturais | D40: =IF(COUNTA(D$33)>$B60,0,C10+D10) -> 0 | E40: =IF(COUNTA(D$33:E$33)>$B60,0,C10+D10)+IF(COUNTA(E$33)>$B60,0,E10) -> 0 | F40: =IF(COUNTA(D$33:F$33)>$B60,0,C10+D10)+IF(COUNTA(E$33:F$33)>$B60,0,E10)+IF(COUNTA(F$33)>$B60,0,F10) -> 0 | G40: =IF(COUNTA(D$33:G$33)>$B60,0,C10+D10)+IF(COUNTA(E$33:G$33)>$B60,0,E10)+IF(COUNTA(F$33:G$33)>$B60,0,F10)+IF(COUNTA(G$33)>$B60,0,G10) -> 0 | H40: =IF(COUNTA(D$33:H$33)>$B60,0,C10+D10)+IF(COUNTA(E$33:H$33)>$B60,0,E10)+IF(COUNTA(F$33:H$33)>$B60,0,F10)+IF(COUNTA(G$33:H$33)>$B60,0,G10)+IF(COUNTA(H$33)>$B60,0,H10) -> 0 | I40: =IF(COUNTA(E$33:I$33)>$B60,0,D10+E10)+IF(COUNTA(F$33:I$33)>$B60,0,F10)+IF(COUNTA(G$33:I$33)>$B60,0,G10)+IF(COUNTA(H$33:I$33)>$B60,0,H10)+IF(COUNTA(I$33)>$B60,0,I10) -> 0
A41: =A11 -> Infra-estruturas | D41: =IF(COUNTA(D$33)>$B61,0,C11+D11) -> 0 | E41: =IF(COUNTA(D$33:E$33)>$B61,0,C11+D11)+IF(COUNTA(E$33)>$B61,0,E11) -> 0 | F41: =IF(COUNTA(D$33:F$33)>$B61,0,C11+D11)+IF(COUNTA(E$33:F$33)>$B61,0,E11)+IF(COUNTA(F$33)>$B61,0,F11) -> 0 | G41: =IF(COUNTA(D$33:G$33)>$B61,0,C11+D11)+IF(COUNTA(E$33:G$33)>$B61,0,E11)+IF(COUNTA(F$33:G$33)>$B61,0,F11)+IF(COUNTA(G$33)>$B61,0,G11) -> 0 | H41: =IF(COUNTA(D$33:H$33)>$B61,0,C11+D11)+IF(COUNTA(E$33:H$33)>$B61,0,E11)+IF(COUNTA(F$33:H$33)>$B61,0,F11)+IF(COUNTA(G$33:H$33)>$B61,0,G11)+IF(COUNTA(H$33)>$B61,0,H11) -> 0 | I41: =IF(COUNTA(E$33:I$33)>$B61,0,D11+E11)+IF(COUNTA(F$33:I$33)>$B61,0,F11)+IF(COUNTA(G$33:I$33)>$B61,0,G11)+IF(COUNTA(H$33:I$33)>$B61,0,H11)+IF(COUNTA(I$33)>$B61,0,I11) -> 0
A42: =A12 -> Adaptação e/ou ampliação de instalações | D42: =IF(COUNTA(D$33)>$B62,0,C12+D12) -> 0 | E42: =IF(COUNTA(D$33:E$33)>$B62,0,C12+D12)+IF(COUNTA(E$33)>$B62,0,E12) -> 0 | F42: =IF(COUNTA(D$33:F$33)>$B62,0,C12+D12)+IF(COUNTA(E$33:F$33)>$B62,0,E12)+IF(COUNTA(F$33)>$B62,0,F12) -> 0 | G42: =IF(COUNTA(D$33:G$33)>$B62,0,C12+D12)+IF(COUNTA(E$33:G$33)>$B62,0,E12)+IF(COUNTA(F$33:G$33)>$B62,0,F12)+IF(COUNTA(G$33)>$B62,0,G12) -> 0 | H42: =IF(COUNTA(D$33:H$33)>$B62,0,C12+D12)+IF(COUNTA(E$33:H$33)>$B62,0,E12)+IF(COUNTA(F$33:H$33)>$B62,0,F12)+IF(COUNTA(G$33:H$33)>$B62,0,G12)+IF(COUNTA(H$33)>$B62,0,H12) -> 0 | I42: =IF(COUNTA(E$33:I$33)>$B62,0,D12+E12)+IF(COUNTA(F$33:I$33)>$B62,0,F12)+IF(COUNTA(G$33:I$33)>$B62,0,G12)+IF(COUNTA(H$33:I$33)>$B62,0,H12)+IF(COUNTA(I$33)>$B62,0,I12) -> 0
A43: =A13 -> Equipamento Básico | D43: =IF(COUNTA(D$33)>$B63,0,C13+D13) -> 0 | E43: =IF(COUNTA(D$33:E$33)>$B63,0,C13+D13)+IF(COUNTA(E$33)>$B63,0,E13) -> 0 | F43: =IF(COUNTA(D$33:F$33)>$B63,0,C13+D13)+IF(COUNTA(E$33:F$33)>$B63,0,E13)+IF(COUNTA(F$33)>$B63,0,F13) -> 0 | G43: =IF(COUNTA(D$33:G$33)>$B63,0,C13+D13)+IF(COUNTA(E$33:G$33)>$B63,0,E13)+IF(COUNTA(F$33:G$33)>$B63,0,F13)+IF(COUNTA(G$33)>$B63,0,G13) -> 0 | H43: =IF(COUNTA(D$33:H$33)>$B63,0,C13+D13)+IF(COUNTA(E$33:H$33)>$B63,0,E13)+IF(COUNTA(F$33:H$33)>$B63,0,F13)+IF(COUNTA(G$33:H$33)>$B63,0,G13)+IF(COUNTA(H$33)>$B63,0,H13) -> 0 | I43: =IF(COUNTA(E$33:I$33)>$B63,0,D13+E13)+IF(COUNTA(F$33:I$33)>$B63,0,F13)+IF(COUNTA(G$33:I$33)>$B63,0,G13)+IF(COUNTA(H$33:I$33)>$B63,0,H13)+IF(COUNTA(I$33)>$B63,0,I13) -> 0
A44: =A14 -> Equipamento de Armazenagem | D44: =IF(COUNTA(D$33)>$B64,0,C14+D14) -> 0 | E44: =IF(COUNTA(D$33:E$33)>$B64,0,C14+D14)+IF(COUNTA(E$33)>$B64,0,E14) -> 0 | F44: =IF(COUNTA(D$33:F$33)>$B64,0,C14+D14)+IF(COUNTA(E$33:F$33)>$B64,0,E14)+IF(COUNTA(F$33)>$B64,0,F14) -> 0 | G44: =IF(COUNTA(D$33:G$33)>$B64,0,C14+D14)+IF(COUNTA(E$33:G$33)>$B64,0,E14)+IF(COUNTA(F$33:G$33)>$B64,0,F14)+IF(COUNTA(G$33)>$B64,0,G14) -> 0 | H44: =IF(COUNTA(D$33:H$33)>$B64,0,C14+D14)+IF(COUNTA(E$33:H$33)>$B64,0,E14)+IF(COUNTA(F$33:H$33)>$B64,0,F14)+IF(COUNTA(G$33:H$33)>$B64,0,G14)+IF(COUNTA(H$33)>$B64,0,H14) -> 0 | I44: =IF(COUNTA(E$33:I$33)>$B64,0,D14+E14)+IF(COUNTA(F$33:I$33)>$B64,0,F14)+IF(COUNTA(G$33:I$33)>$B64,0,G14)+IF(COUNTA(H$33:I$33)>$B64,0,H14)+IF(COUNTA(I$33)>$B64,0,I14) -> 0
A45: =A15 -> Ferramentas e utensílios | D45: =IF(COUNTA(D$33)>$B65,0,C15+D15) -> 0 | E45: =IF(COUNTA(D$33:E$33)>$B65,0,C15+D15)+IF(COUNTA(E$33)>$B65,0,E15) -> 0 | F45: =IF(COUNTA(D$33:F$33)>$B65,0,C15+D15)+IF(COUNTA(E$33:F$33)>$B65,0,E15)+IF(COUNTA(F$33)>$B65,0,F15) -> 0 | G45: =IF(COUNTA(D$33:G$33)>$B65,0,C15+D15)+IF(COUNTA(E$33:G$33)>$B65,0,E15)+IF(COUNTA(F$33:G$33)>$B65,0,F15)+IF(COUNTA(G$33)>$B65,0,G15) -> 0 | H45: =IF(COUNTA(D$33:H$33)>$B65,0,C15+D15)+IF(COUNTA(E$33:H$33)>$B65,0,E15)+IF(COUNTA(F$33:H$33)>$B65,0,F15)+IF(COUNTA(G$33:H$33)>$B65,0,G15)+IF(COUNTA(H$33)>$B65,0,H15) -> 0 | I45: =IF(COUNTA(E$33:I$33)>$B65,0,D15+E15)+IF(COUNTA(F$33:I$33)>$B65,0,F15)+IF(COUNTA(G$33:I$33)>$B65,0,G15)+IF(COUNTA(H$33:I$33)>$B65,0,H15)+IF(COUNTA(I$33)>$B65,0,I15) -> 0
A46: =A16 -> Equipamento de Informática | D46: =IF(COUNTA(D$33)>$B66,0,C16+D16) -> 0 | E46: =IF(COUNTA(D$33:E$33)>$B66,0,C16+D16)+IF(COUNTA(E$33)>$B66,0,E16) -> 0 | F46: =IF(COUNTA(D$33:F$33)>$B66,0,C16+D16)+IF(COUNTA(E$33:F$33)>$B66,0,E16)+IF(COUNTA(F$33)>$B66,0,F16) -> 0 | G46: =IF(COUNTA(D$33:G$33)>$B66,0,C16+D16)+IF(COUNTA(E$33:G$33)>$B66,0,E16)+IF(COUNTA(F$33:G$33)>$B66,0,F16)+IF(COUNTA(G$33)>$B66,0,G16) -> 0 | H46: =IF(COUNTA(D$33:H$33)>$B66,0,C16+D16)+IF(COUNTA(E$33:H$33)>$B66,0,E16)+IF(COUNTA(F$33:H$33)>$B66,0,F16)+IF(COUNTA(G$33:H$33)>$B66,0,G16)+IF(COUNTA(H$33)>$B66,0,H16) -> 0 | I46: =IF(COUNTA(E$33:I$33)>$B66,0,D16+E16)+IF(COUNTA(F$33:I$33)>$B66,0,F16)+IF(COUNTA(G$33:I$33)>$B66,0,G16)+IF(COUNTA(H$33:I$33)>$B66,0,H16)+IF(COUNTA(I$33)>$B66,0,I16) -> 0
A47: =A17 -> Equipamento Auxiliares e Administrativos | D47: =IF(COUNTA(D$33)>$B67,0,C17+D17) -> 0 | E47: =IF(COUNTA(D$33:E$33)>$B67,0,C17+D17)+IF(COUNTA(E$33)>$B67,0,E17) -> 0 | F47: =IF(COUNTA(D$33:F$33)>$B67,0,C17+D17)+IF(COUNTA(E$33:F$33)>$B67,0,E17)+IF(COUNTA(F$33)>$B67,0,F17) -> 0 | G47: =IF(COUNTA(D$33:G$33)>$B67,0,C17+D17)+IF(COUNTA(E$33:G$33)>$B67,0,E17)+IF(COUNTA(F$33:G$33)>$B67,0,F17)+IF(COUNTA(G$33)>$B67,0,G17) -> 0 | H47: =IF(COUNTA(D$33:H$33)>$B67,0,C17+D17)+IF(COUNTA(E$33:H$33)>$B67,0,E17)+IF(COUNTA(F$33:H$33)>$B67,0,F17)+IF(COUNTA(G$33:H$33)>$B67,0,G17)+IF(COUNTA(H$33)>$B67,0,H17) -> 0 | I47: =IF(COUNTA(E$33:I$33)>$B67,0,D17+E17)+IF(COUNTA(F$33:I$33)>$B67,0,F17)+IF(COUNTA(G$33:I$33)>$B67,0,G17)+IF(COUNTA(H$33:I$33)>$B67,0,H17)+IF(COUNTA(I$33)>$B67,0,I17) -> 0
A48: =A18 -> Viaturas | D48: =IF(COUNTA(D$33)>$B68,0,C18+D18) -> 0 | E48: =IF(COUNTA(D$33:E$33)>$B68,0,C18+D18)+IF(COUNTA(E$33)>$B68,0,E18) -> 0 | F48: =IF(COUNTA(D$33:F$33)>$B68,0,C18+D18)+IF(COUNTA(E$33:F$33)>$B68,0,E18)+IF(COUNTA(F$33)>$B68,0,F18) -> 0 | G48: =IF(COUNTA(D$33:G$33)>$B68,0,C18+D18)+IF(COUNTA(E$33:G$33)>$B68,0,E18)+IF(COUNTA(F$33:G$33)>$B68,0,F18)+IF(COUNTA(G$33)>$B68,0,G18) -> 0 | H48: =IF(COUNTA(D$33:H$33)>$B68,0,C18+D18)+IF(COUNTA(E$33:H$33)>$B68,0,E18)+IF(COUNTA(F$33:H$33)>$B68,0,F18)+IF(COUNTA(G$33:H$33)>$B68,0,G18)+IF(COUNTA(H$33)>$B68,0,H18) -> 0 | I48: =IF(COUNTA(E$33:I$33)>$B68,0,D18+E18)+IF(COUNTA(F$33:I$33)>$B68,0,F18)+IF(COUNTA(G$33:I$33)>$B68,0,G18)+IF(COUNTA(H$33:I$33)>$B68,0,H18)+IF(COUNTA(I$33)>$B68,0,I18) -> 0
A49: =A19 -> Outras Imobilizações Corpóreas | D49: =IF(COUNTA(D$33)>$B69,0,C19+D19) -> 0 | E49: =IF(COUNTA(D$33:E$33)>$B69,0,C19+D19)+IF(COUNTA(E$33)>$B69,0,E19) -> 0 | F49: =IF(COUNTA(D$33:F$33)>$B69,0,C19+D19)+IF(COUNTA(E$33:F$33)>$B69,0,E19)+IF(COUNTA(F$33)>$B69,0,F19) -> 0 | G49: =IF(COUNTA(D$33:G$33)>$B69,0,C19+D19)+IF(COUNTA(E$33:G$33)>$B69,0,E19)+IF(COUNTA(F$33:G$33)>$B69,0,F19)+IF(COUNTA(G$33)>$B69,0,G19) -> 0 | H49: =IF(COUNTA(D$33:H$33)>$B69,0,C19+D19)+IF(COUNTA(E$33:H$33)>$B69,0,E19)+IF(COUNTA(F$33:H$33)>$B69,0,F19)+IF(COUNTA(G$33:H$33)>$B69,0,G19)+IF(COUNTA(H$33)>$B69,0,H19) -> 0 | I49: =IF(COUNTA(E$33:I$33)>$B69,0,D19+E19)+IF(COUNTA(F$33:I$33)>$B69,0,F19)+IF(COUNTA(G$33:I$33)>$B69,0,G19)+IF(COUNTA(H$33:I$33)>$B69,0,H19)+IF(COUNTA(I$33)>$B69,0,I19) -> 0
A50: SUB-TOTAL | D50: =SUM(D40:D49) -> 0 | E50: =SUM(E40:E49) -> 0 | F50: =SUM(F40:F49) -> 0 | G50: =SUM(G40:G49) -> 0 | H50: =SUM(H40:H49) -> 0 | I50: =SUM(I40:I49) -> 0
A51: TOTAL | D51: =D50+D38 -> 0 | E51: =E50+E38 -> 0 | F51: =F50+F38 -> 0 | G51: =G50+G38 -> 0 | H51: =H50+H38 -> 0 | I51: =I50+I38 -> 0
A53: AMORTIZAÇÕES | B53: Vida útil | C53: Tx Amort. | D53: =E53-1 -> 2010 | E53: =Pressupostos!C$6 -> 2011 | F53: =Pressupostos!D$6 -> 2012 | G53: =Pressupostos!E$6 -> 2013 | H53: =Pressupostos!F$6 -> 2014 | I53: =Pressupostos!G$6 -> 2015 | J53: 2010
A54: =A34 -> 1 .IMOBILIZADO INCORPÓREO
A55: =A5 -> Estudos e projectos | B55: =IF(C55>0,1/C55,0) -> 3 | C55: 0.33333333 | E55: =$C55*D35*Pressupostos!C$8/12+IF(D35=0,IF(C35-SUM(D55)>0,C35-SUM(D55),0),0) -> 0 | F55: =$C55*E35*Pressupostos!D$8/12+IF(E35=0,IF(D35-SUM($D55:E55)>0,D35-SUM($D55:E55),0),0) -> 0 | G55: =$C55*F35*Pressupostos!E$8/12+IF(F35=0,IF(E35-SUM($D55:F55)>0,E35-SUM($D55:F55),0),0) -> 0 | H55: =$C55*G35*Pressupostos!F$8/12+IF(G35=0,IF(F35-SUM($D55:G55)>0,F35-SUM($D55:G55),0),0) -> 0 | I55: =$C55*H35*Pressupostos!G$8/12+IF(H35=0,IF(G35-SUM($D55:H55)>0,G35-SUM($D55:H55),0),0) -> 0 | J55: =$C55*I35*Pressupostos!H$8/12+IF(I35=0,IF(H35-SUM($D55:I55)>0,H35-SUM($D55:I55),0),0) -> 0
A56: =A6 -> Software Informático+Gestão | B56: =IF(C56>0,1/C56,0) -> 3 | C56: 0.33333333 | E56: =$C56*D36*Pressupostos!C$8/12+IF(D36=0,IF(C36-SUM(D56)>0,C36-SUM(D56),0),0) -> 0 | F56: =$C56*E36*Pressupostos!D$8/12+IF(E36=0,IF(D36-SUM($D56:E56)>0,D36-SUM($D56:E56),0),0) -> 0 | G56: =$C56*F36*Pressupostos!E$8/12+IF(F36=0,IF(E36-SUM($D56:F56)>0,E36-SUM($D56:F56),0),0) -> 0 | H56: =$C56*G36*Pressupostos!F$8/12+IF(G36=0,IF(F36-SUM($D56:G56)>0,F36-SUM($D56:G56),0),0) -> 0 | I56: =$C56*H36*Pressupostos!G$8/12+IF(H36=0,IF(G36-SUM($D56:H56)>0,G36-SUM($D56:H56),0),0) -> 0 | J56: =$C56*I36*Pressupostos!H$8/12+IF(I36=0,IF(H36-SUM($D56:I56)>0,H36-SUM($D56:I56),0),0) -> 0
A57: =A7 -> Outras Imobilizações Incorpóreas | B57: =IF(C57>0,1/C57,0) -> 3 | C57: 0.33333333 | E57: =$C57*D37*Pressupostos!C$8/12+IF(D37=0,IF(C37-SUM(D57)>0,C37-SUM(D57),0),0) -> 0 | F57: =$C57*E37*Pressupostos!D$8/12+IF(E37=0,IF(D37-SUM($D57:E57)>0,D37-SUM($D57:E57),0),0) -> 0 | G57: =$C57*F37*Pressupostos!E$8/12+IF(F37=0,IF(E37-SUM($D57:F57)>0,E37-SUM($D57:F57),0),0) -> 0 | H57: =$C57*G37*Pressupostos!F$8/12+IF(G37=0,IF(F37-SUM($D57:G57)>0,F37-SUM($D57:G57),0),0) -> 0 | I57: =$C57*H37*Pressupostos!G$8/12+IF(H37=0,IF(G37-SUM($D57:H57)>0,G37-SUM($D57:H57),0),0) -> 0 | J57: =$C57*I37*Pressupostos!H$8/12+IF(I37=0,IF(H37-SUM($D57:I57)>0,H37-SUM($D57:I57),0),0) -> 0
A58: SUB-TOTAL | E58: =SUM(E55:E57) -> 0 | F58: =SUM(F55:F57) -> 0 | G58: =SUM(G55:G57) -> 0 | H58: =SUM(H55:H57) -> 0 | I58: =SUM(I55:I57) -> 0 | J58: =SUM(J55:J57) -> 0
A59: =A39 -> 2 . IMOBILIZADO CORPÓREO
A60: =A10 -> Terrenos e Recursos Naturais | B60: =IF(C60>0,1/C60,0) -> 0 | C60: 0 | E60: =$C60*D40*Pressupostos!C$8/12+IF(D40=0,IF(C40-SUM(D60)>0,C40-SUM(D60),0),0) -> 0 | F60: =$C60*E40*Pressupostos!D$8/12+IF(E40=0,IF(D40-SUM($D60:E60)>0,D40-SUM($D60:E60),0),0) -> 0 | G60: =$C60*F40*Pressupostos!E$8/12+IF(F40=0,IF(E40-SUM($D60:F60)>0,E40-SUM($D60:F60),0),0) -> 0 | H60: =$C60*G40*Pressupostos!F$8/12+IF(G40=0,IF(F40-SUM($D60:G60)>0,F40-SUM($D60:G60),0),0) -> 0 | I60: =$C60*H40*Pressupostos!G$8/12+IF(H40=0,IF(G40-SUM($D60:H60)>0,G40-SUM($D60:H60),0),0) -> 0 | J60: =$C60*I40*Pressupostos!H$8/12+IF(I40=0,IF(H40-SUM($D60:I60)>0,H40-SUM($D60:I60),0),0) -> 0
A61: =A11 -> Infra-estruturas | B61: =IF(C61>0,1/C61,0) -> 20 | C61: 0.05 | E61: =$C61*D41*Pressupostos!C$8/12+IF(D41=0,IF(C41-SUM(D61)>0,C41-SUM(D61),0),0) -> 0 | F61: =$C61*E41*Pressupostos!D$8/12+IF(E41=0,IF(D41-SUM($D61:E61)>0,D41-SUM($D61:E61),0),0) -> 0 | G61: =$C61*F41*Pressupostos!E$8/12+IF(F41=0,IF(E41-SUM($D61:F61)>0,E41-SUM($D61:F61),0),0) -> 0 | H61: =$C61*G41*Pressupostos!F$8/12+IF(G41=0,IF(F41-SUM($D61:G61)>0,F41-SUM($D61:G61),0),0) -> 0 | I61: =$C61*H41*Pressupostos!G$8/12+IF(H41=0,IF(G41-SUM($D61:H61)>0,G41-SUM($D61:H61),0),0) -> 0 | J61: =$C61*I41*Pressupostos!H$8/12+IF(I41=0,IF(H41-SUM($D61:I61)>0,H41-SUM($D61:I61),0),0) -> 0
A62: =A12 -> Adaptação e/ou ampliação de instalações | B62: =IF(C62>0,1/C62,0) -> 7.0028011 | C62: 0.1428 | E62: =$C62*D42*Pressupostos!C$8/12+IF(D42=0,IF(C42-SUM(D62)>0,C42-SUM(D62),0),0) -> 0 | F62: =$C62*E42*Pressupostos!D$8/12+IF(E42=0,IF(D42-SUM($D62:E62)>0,D42-SUM($D62:E62),0),0) -> 0 | G62: =$C62*F42*Pressupostos!E$8/12+IF(F42=0,IF(E42-SUM($D62:F62)>0,E42-SUM($D62:F62),0),0) -> 0 | H62: =$C62*G42*Pressupostos!F$8/12+IF(G42=0,IF(F42-SUM($D62:G62)>0,F42-SUM($D62:G62),0),0) -> 0 | I62: =$C62*H42*Pressupostos!G$8/12+IF(H42=0,IF(G42-SUM($D62:H62)>0,G42-SUM($D62:H62),0),0) -> 0 | J62: =$C62*I42*Pressupostos!H$8/12+IF(I42=0,IF(H42-SUM($D62:I62)>0,H42-SUM($D62:I62),0),0) -> 0
A63: =A13 -> Equipamento Básico | B63: =IF(C63>0,1/C63,0) -> 7.0028011 | C63: 0.1428 | E63: =$C63*D43*Pressupostos!C$8/12+IF(D43=0,IF(C43-SUM(D63)>0,C43-SUM(D63),0),0) -> 0 | F63: =$C63*E43*Pressupostos!D$8/12+IF(E43=0,IF(D43-SUM($D63:E63)>0,D43-SUM($D63:E63),0),0) -> 0 | G63: =$C63*F43*Pressupostos!E$8/12+IF(F43=0,IF(E43-SUM($D63:F63)>0,E43-SUM($D63:F63),0),0) -> 0 | H63: =$C63*G43*Pressupostos!F$8/12+IF(G43=0,IF(F43-SUM($D63:G63)>0,F43-SUM($D63:G63),0),0) -> 0 | I63: =$C63*H43*Pressupostos!G$8/12+IF(H43=0,IF(G43-SUM($D63:H63)>0,G43-SUM($D63:H63),0),0) -> 0 | J63: =$C63*I43*Pressupostos!H$8/12+IF(I43=0,IF(H43-SUM($D63:I63)>0,H43-SUM($D63:I63),0),0) -> 0
A64: =A14 -> Equipamento de Armazenagem | B64: =IF(C64>0,1/C64,0) -> 0 | C64: 0 | E64: =$C64*D44*Pressupostos!C$8/12+IF(D44=0,IF(C44-SUM(D64)>0,C44-SUM(D64),0),0) -> 0 | F64: =$C64*E44*Pressupostos!D$8/12+IF(E44=0,IF(D44-SUM($D64:E64)>0,D44-SUM($D64:E64),0),0) -> 0 | G64: =$C64*F44*Pressupostos!E$8/12+IF(F44=0,IF(E44-SUM($D64:F64)>0,E44-SUM($D64:F64),0),0) -> 0 | H64: =$C64*G44*Pressupostos!F$8/12+IF(G44=0,IF(F44-SUM($D64:G64)>0,F44-SUM($D64:G64),0),0) -> 0 | I64: =$C64*H44*Pressupostos!G$8/12+IF(H44=0,IF(G44-SUM($D64:H64)>0,G44-SUM($D64:H64),0),0) -> 0 | J64: =$C64*I44*Pressupostos!H$8/12+IF(I44=0,IF(H44-SUM($D64:I64)>0,H44-SUM($D64:I64),0),0) -> 0
A65: =A15 -> Ferramentas e utensílios | B65: =IF(C65>0,1/C65,0) -> 7.0028011 | C65: 0.1428 | E65: =$C65*D45*Pressupostos!C$8/12+IF(D45=0,IF(C45-SUM(D65)>0,C45-SUM(D65),0),0) -> 0 | F65: =$C65*E45*Pressupostos!D$8/12+IF(E45=0,IF(D45-SUM($D65:E65)>0,D45-SUM($D65:E65),0),0) -> 0 | G65: =$C65*F45*Pressupostos!E$8/12+IF(F45=0,IF(E45-SUM($D65:F65)>0,E45-SUM($D65:F65),0),0) -> 0 | H65: =$C65*G45*Pressupostos!F$8/12+IF(G45=0,IF(F45-SUM($D65:G65)>0,F45-SUM($D65:G65),0),0) -> 0 | I65: =$C65*H45*Pressupostos!G$8/12+IF(H45=0,IF(G45-SUM($D65:H65)>0,G45-SUM($D65:H65),0),0) -> 0 | J65: =$C65*I45*Pressupostos!H$8/12+IF(I45=0,IF(H45-SUM($D65:I65)>0,H45-SUM($D65:I65),0),0) -> 0
A66: =A16 -> Equipamento de Informática | B66: =IF(C66>0,1/C66,0) -> 4 | C66: 0.25 | E66: =$C66*D46*Pressupostos!C$8/12+IF(D46=0,IF(C46-SUM(D66)>0,C46-SUM(D66),0),0) -> 0 | F66: =$C66*E46*Pressupostos!D$8/12+IF(E46=0,IF(D46-SUM($D66:E66)>0,D46-SUM($D66:E66),0),0) -> 0 | G66: =$C66*F46*Pressupostos!E$8/12+IF(F46=0,IF(E46-SUM($D66:F66)>0,E46-SUM($D66:F66),0),0) -> 0 | H66: =$C66*G46*Pressupostos!F$8/12+IF(G46=0,IF(F46-SUM($D66:G66)>0,F46-SUM($D66:G66),0),0) -> 0 | I66: =$C66*H46*Pressupostos!G$8/12+IF(H46=0,IF(G46-SUM($D66:H66)>0,G46-SUM($D66:H66),0),0) -> 0 | J66: =$C66*I46*Pressupostos!H$8/12+IF(I46=0,IF(H46-SUM($D66:I66)>0,H46-SUM($D66:I66),0),0) -> 0
A67: =A17 -> Equipamento Auxiliares e Administrativos | B67: =IF(C67>0,1/C67,0) -> 8 | C67: 0.125 | E67: =$C67*D47*Pressupostos!C$8/12+IF(D47=0,IF(C47-SUM(D67)>0,C47-SUM(D67),0),0) -> 0 | F67: =$C67*E47*Pressupostos!D$8/12+IF(E47=0,IF(D47-SUM($D67:E67)>0,D47-SUM($D67:E67),0),0) -> 0 | G67: =$C67*F47*Pressupostos!E$8/12+IF(F47=0,IF(E47-SUM($D67:F67)>0,E47-SUM($D67:F67),0),0) -> 0 | H67: =$C67*G47*Pressupostos!F$8/12+IF(G47=0,IF(F47-SUM($D67:G67)>0,F47-SUM($D67:G67),0),0) -> 0 | I67: =$C67*H47*Pressupostos!G$8/12+IF(H47=0,IF(G47-SUM($D67:H67)>0,G47-SUM($D67:H67),0),0) -> 0 | J67: =$C67*I47*Pressupostos!H$8/12+IF(I47=0,IF(H47-SUM($D67:I67)>0,H47-SUM($D67:I67),0),0) -> 0
A68: =A18 -> Viaturas | B68: =IF(C68>0,1/C68,0) -> 0 | C68: 0 | E68: =$C68*D48*Pressupostos!C$8/12+IF(D48=0,IF(C48-SUM(D68)>0,C48-SUM(D68),0),0) -> 0 | F68: =$C68*E48*Pressupostos!D$8/12+IF(E48=0,IF(D48-SUM($D68:E68)>0,D48-SUM($D68:E68),0),0) -> 0 | G68: =$C68*F48*Pressupostos!E$8/12+IF(F48=0,IF(E48-SUM($D68:F68)>0,E48-SUM($D68:F68),0),0) -> 0 | H68: =$C68*G48*Pressupostos!F$8/12+IF(G48=0,IF(F48-SUM($D68:G68)>0,F48-SUM($D68:G68),0),0) -> 0 | I68: =$C68*H48*Pressupostos!G$8/12+IF(H48=0,IF(G48-SUM($D68:H68)>0,G48-SUM($D68:H68),0),0) -> 0 | J68: =$C68*I48*Pressupostos!H$8/12+IF(I48=0,IF(H48-SUM($D68:I68)>0,H48-SUM($D68:I68),0),0) -> 0
A69: =A19 -> Outras Imobilizações Corpóreas | B69: =IF(C69>0,1/C69,0) -> 7.0028011 | C69: 0.1428 | E69: =$C69*D49*Pressupostos!C$8/12+IF(D49=0,IF(C49-SUM(D69)>0,C49-SUM(D69),0),0) -> 0 | F69: =$C69*E49*Pressupostos!D$8/12+IF(E49=0,IF(D49-SUM($D69:E69)>0,D49-SUM($D69:E69),0),0) -> 0 | G69: =$C69*F49*Pressupostos!E$8/12+IF(F49=0,IF(E49-SUM($D69:F69)>0,E49-SUM($D69:F69),0),0) -> 0 | H69: =$C69*G49*Pressupostos!F$8/12+IF(G49=0,IF(F49-SUM($D69:G69)>0,F49-SUM($D69:G69),0),0) -> 0 | I69: =$C69*H49*Pressupostos!G$8/12+IF(H49=0,IF(G49-SUM($D69:H69)>0,G49-SUM($D69:H69),0),0) -> 0 | J69: =$C69*I49*Pressupostos!H$8/12+IF(I49=0,IF(H49-SUM($D69:I69)>0,H49-SUM($D69:I69),0),0) -> 0
A70: SUB-TOTAL | E70: =SUM(E60:E69) -> 0 | F70: =SUM(F60:F69) -> 0 | G70: =SUM(G60:G69) -> 0 | H70: =SUM(H60:H69) -> 0 | I70: =SUM(I60:I69) -> 0 | J70: =SUM(J60:J69) -> 0
A71: TOTAL | E71: =E70+E58 -> 0 | F71: =F70+F58 -> 0 | G71: =G70+G58 -> 0 | H71: =H70+H58 -> 0 | I71: =I70+I58 -> 0 | J71: =J70+J58 -> 0
A75: 5.3.6 - Valor do Investimento em Aplicações Financeiras
A77: APLICAÇÕES FINANCEIRAS | C77: =Pressupostos!B$6 -> 2010 | D77: =Pressupostos!C$6 -> 2011 | E77: =Pressupostos!D$6 -> 2012 | F77: =Pressupostos!E$6 -> 2013 | G77: =Pressupostos!F$6 -> 2014 | H77: =Pressupostos!G$6 -> 2015 | I77: =Pressupostos!H$6 -> 2016
A78: Aplicação Anual | C78: 0 | D78: 0 | E78: 0 | F78: 0 | G78: 0 | H78: 0 | I78: 0
A79: Recuperação do capital investido | C79: 0 | D79: 0 | E79: 0 | F79: 0 | G79: 0 | H79: 0 | I79: 0
A80: Operações de Tesouraria Acumuladas | C80: =C78-C79 -> 0 | D80: =D78-D79+C80 -> 0 | E80: =E78-E79+D80 -> 0 | F80: =F78-F79+E80 -> 0 | G80: =G78-G79+F80 -> 0 | H80: =H78-H79+G80 -> 0 | I80: =I78-I79+H80 -> 0

Sheet Justificação do Investimento

Sheet FMN
A1: 5.3.3 - Necessidades de Fundo de Maneio
A3: VAR. DAS NEC. EM FUNDO DE MANEIO | C3: =D3-1 -> 2010 | D3: =Pressupostos!C$6 -> 2011 | E3: =Pressupostos!D$6 -> 2012 | F3: =Pressupostos!E$6 -> 2013 | G3: =Pressupostos!F$6 -> 2014 | H3: =Pressupostos!G$6 -> 2015 | I3: =Pressupostos!H$6 -> 2016
A4: SALDO DE CLIENTES | D4: =('Vendas PA'!D65+'P. Serviços'!D13+VM!D64)*(1+Estado!D$10)*Pressupostos!C$12/360*(Pressupostos!C$8/12) -> 0 | E4: =('Vendas PA'!E65+'P. Serviços'!E13+VM!E64)*(1+Estado!E$10)*Pressupostos!D$12/360*(Pressupostos!D$8/12) -> 0 | F4: =('Vendas PA'!F65+'P. Serviços'!F13+VM!F64)*(1+Estado!F$10)*Pressupostos!E$12/360*(Pressupostos!E$8/12) -> 0 | G4: =('Vendas PA'!G65+'P. Serviços'!G13+VM!G64)*(1+Estado!G$10)*Pressupostos!F$12/360*(Pressupostos!F$8/12) -> 0 | H4: =('Vendas PA'!H65+'P. Serviços'!H13+VM!H64)*(1+Estado!H$10)*Pressupostos!G$12/360*(Pressupostos!G$8/12) -> 0 | I4: =('Vendas PA'!I65+'P. Serviços'!I13+VM!I64)*(1+Estado!I$10)*Pressupostos!H$12/360*(Pressupostos!H$8/12) -> 0
A5: STOCK FINAL DE MERCADORIAS | D5: ='Custo Merc'!D28 -> 0 | E5: ='Custo Merc'!E28 -> 0 | F5: ='Custo Merc'!F28 -> 0 | G5: ='Custo Merc'!G28 -> 0 | H5: ='Custo Merc'!H28 -> 0 | I5: ='Custo Merc'!I28 -> 0
A6: STOCK FINAL DE MATÉRIAS PRIMAS | D6: =CMVMC!D33 -> 0 | E6: =CMVMC!E33 -> 0 | F6: =CMVMC!F33 -> 0 | G6: =CMVMC!G33 -> 0 | H6: =CMVMC!H33 -> 0 | I6: =CMVMC!I33 -> 0
A7: STOCK FINAL DE PROD. ACABADOS | D7: =CMVMC!D16 -> 0 | E7: =CMVMC!E16 -> 0 | F7: =CMVMC!F16 -> 0 | G7: =CMVMC!G16 -> 0 | H7: =CMVMC!H16 -> 0 | I7: =CMVMC!I16 -> 0
A8: SALDO DE FORNECEDORES | D8: =(CMVMC!D$34+'Custo Merc'!D$29)*(1+Estado!D$12)*Pressupostos!C$10/360*(Pressupostos!C$8/12) -> 0 | E8: =(CMVMC!E$34+'Custo Merc'!E$29)*(1+Estado!E$12)*Pressupostos!D$10/360*(Pressupostos!D$8/12) -> 0 | F8: =(CMVMC!F$34+'Custo Merc'!F$29)*(1+Estado!F$12)*Pressupostos!E$10/360*(Pressupostos!E$8/12) -> 0 | G8: =(CMVMC!G$34+'Custo Merc'!G$29)*(1+Estado!G$12)*Pressupostos!F$10/360*(Pressupostos!F$8/12) -> 0 | H8: =(CMVMC!H$34+'Custo Merc'!H$29)*(1+Estado!H$12)*Pressupostos!G$10/360*(Pressupostos!G$8/12) -> 0 | I8: =(CMVMC!I$34+'Custo Merc'!I$29)*(1+Estado!I$12)*Pressupostos!H$10/360*(Pressupostos!H$8/12) -> 0
A9: SALDO DE FSE | D9: =FSE!D20*(1+Estado!D$11)*Pressupostos!C$11/360*(Pressupostos!C$8/12) -> 0 | E9: =FSE!E20*(1+Estado!E$11)*Pressupostos!D$11/360*(Pressupostos!D$8/12) -> 0 | F9: =FSE!F20*(1+Estado!F$11)*Pressupostos!E$11/360*(Pressupostos!E$8/12) -> 0 | G9: =FSE!G20*(1+Estado!G$11)*Pressupostos!F$11/360*(Pressupostos!F$8/12) -> 0 | H9: =FSE!H20*(1+Estado!H$11)*Pressupostos!G$11/360*(Pressupostos!G$8/12) -> 0 | I9: =FSE!I20*(1+Estado!I$11)*Pressupostos!H$11/360*(Pressupostos!H$8/12) -> 0
A10: NECESSIDADES DE FUNDO DE MANEIO | D10: =D4+D5+D6+D7-D9-D8 -> 0 | E10: =E4+E5+E6+E7-E9-E8 -> 0 | F10: =F4+F5+F6+F7-F9-F8 -> 0 | G10: =G4+G5+G6+G7-G9-G8 -> 0 | H10: =H4+H5+H6+H7-H9-H8 -> 0 | I10: =I4+I5+I6+I7-I9-I8 -> 0
A11: INVESTIMENTO EM CAPITAL CIRCULANTE | D11: =D10 -> 0 | E11: =E10-D10 -> 0 | F11: =F10-E10 -> 0 | G11: =G10-F10 -> 0 | H11: =H10-G10 -> 0 | I11: =I10-H10 -> 0
A18: Estimativa do Investimento em Fundo de Maneio (alternativa)
A20: RUBRICAS | C20: =C3 -> 2010 | D20: =D3 -> 2011 | E20: =E3 -> 2012 | F20: =F3 -> 2013 | G20: =G3 -> 2014 | H20: =H3 -> 2015 | I20: =I3 -> 2016
A21: NECESSIDADES CÍCLICAS
A22: Existências:
A23: Matérias primas e subsidiárias
A24: Produtos em curso
A25: Produtos acabados
A26: Mercadorias | D26: ='Custo Merc'!D28 -> 0 | E26: ='Custo Merc'!E28 -> 0 | F26: ='Custo Merc'!F28 -> 0 | G26: ='Custo Merc'!G28 -> 0 | H26: ='Custo Merc'!H28 -> 0 | I26: ='Custo Merc'!I28 -> 0
A27: Clientes | D27: =D62 -> #REF! | E27: =E62 -> #REF! | F27: =F62 -> #REF! | G27: =G62 -> #REF! | H27: =H62 -> #REF! | I27: =I62 -> #REF!
A28: Adiantamentos a fornecedores
A29: Outros devedores
A30: Reserva de tesouraria
A32: Total das necessidades | C32: =SUM(C23:C30) -> 0 | D32: =SUM(D23:D30) -> #REF! | E32: =SUM(E23:E30) -> #REF! | F32: =SUM(F23:F30) -> #REF! | G32: =SUM(G23:G30) -> #REF! | H32: =SUM(H23:H30) -> #REF! | I32: =SUM(I23:I30) -> #REF!
A33: RECURSOS CÍCLICOS
A34: Fornecedores Existências | D34: =D83 -> 0 | E34: =E83 -> 0 | F34: =F83 -> 0 | G34: =G83 -> 0 | H34: =H83 -> 0 | I34: =I83 -> 0
A35: Fornecedores FSE | D35: =D89 -> 0 | E35: =E89 -> 0 | F35: =F89 -> 0 | G35: =G89 -> 0 | H35: =H89 -> 0 | I35: =I89 -> 0
A36: Adiantamentos de clientes
A37: Estado e outros entes públicos
A38: Outros credores
A40: Total dos recursos | C40: =SUM(C34:C39) -> 0 | D40: =SUM(D34:D39) -> 0 | E40: =SUM(E34:E39) -> 0 | F40: =SUM(F34:F39) -> 0 | G40: =SUM(G34:G39) -> 0 | H40: =SUM(H34:H39) -> 0 | I40: =SUM(I34:I39) -> 0
A41: Fundo de maneio necessário | C41: =C32-C40 -> 0 | D41: =D32-D40 -> #REF! | E41: =E32-E40 -> #REF! | F41: =F32-F40 -> #REF! | G41: =G32-G40 -> #REF! | H41: =H32-H40 -> #REF! | I41: =I32-I40 -> #REF!
A42: Variação do fundo de maneio necessário | E42: =E41-D41 -> #REF! | F42: =F41-E41 -> #REF! | G42: =G41-F41 -> #REF! | H42: =H41-G41 -> #REF! | I42: =I41-H41 -> #REF!
A44: Investimento em FMN | C44: =C41 -> 0 | D44: =D41 -> #REF! | E44: =E42 -> #REF! | F44: =F42 -> #REF! | G44: =G42 -> #REF! | H44: =H42 -> #REF! | I44: =I42 -> #REF!
A47: Orçamento de clientes
A49: Pressupostos | C49: =C20 -> 2010 | D49: =D20 -> 2011 | E49: =E20 -> 2012 | F49: =F20 -> 2013 | G49: =G20 -> 2014 | H49: =H20 -> 2015 | I49: =I20 -> 2016
A50: 1. Taxa IVA Vendas:
A51: - Mercadorias | C51: 0.12 | D51: 0.12 | E51: =D51 -> 0.12 | F51: =E51 -> 0.12 | G51: =F51 -> 0.12 | H51: =G51 -> 0.12 | I51: =H51 -> 0.12
A52: - Produtos acabados
A53: 2. Taxa IVA Prestação de Serviços | C53: 0.19 | D53: =C53 -> 0.19 | E53: =D53 -> 0.19 | F53: =E53 -> 0.19 | G53: =F53 -> 0.19 | H53: =G53 -> 0.19 | I53: =H53 -> 0.19
A54: 3. Prazo médio de recebimento de clientes (dias) | C54: =Pressupostos!B12 -> 0 | D54: =Pressupostos!C12 -> 7 | E54: =Pressupostos!D12 -> 7 | F54: =Pressupostos!E12 -> 7 | G54: =Pressupostos!F12 -> 7 | H54: =Pressupostos!G12 -> 7 | I54: =Pressupostos!H12 -> 7
A56: Crédito concedido a clientes
A57: Saldo inicial | D57: 0 | E57: =+D62 -> #REF! | F57: =+E62 -> #REF! | G57: =+F62 -> #REF! | H57: =+G62 -> #REF! | I57: =+H62 -> #REF!
A58: Venda de produtos acabados (c/IVA)
A59: Venda de mercadorias (c/IVA) | D59: =#REF!*(1+FMN!D$51) -> #REF! | E59: =#REF!*(1+FMN!E$51) -> #REF! | F59: =#REF!*(1+FMN!F$51) -> #REF! | G59: =#REF!*(1+FMN!G$51) -> #REF! | H59: =#REF!*(1+FMN!H$51) -> #REF! | I59: =#REF!*(1+FMN!I$51) -> #REF!
A60: Prestação de serviços (c/IVA) | D60: ='P. Serviços'!D13*(1+FMN!D$53) -> 0 | E60: ='P. Serviços'!E13*(1+FMN!E$53) -> 0 | F60: ='P. Serviços'!F13*(1+FMN!F$53) -> 0 | G60: ='P. Serviços'!G13*(1+FMN!G$53) -> 0 | H60: ='P. Serviços'!H13*(1+FMN!H$53) -> 0 | I60: ='P. Serviços'!I13*(1+FMN!I$53) -> 0
A61: Recebimentos de clientes | D61: =+D57+(SUM(D58:D60)*(1-D54/360)) -> #REF! | E61: =+E57+(SUM(E58:E60)*(1-E54/360)) -> #REF! | F61: =+F57+(SUM(F58:F60)*(1-F54/360)) -> #REF! | G61: =+G57+(SUM(G58:G60)*(1-G54/360)) -> #REF! | H61: =+H57+(SUM(H58:H60)*(1-H54/360)) -> #REF! | I61: =+I57+(SUM(I58:I60)*(1-I54/360)) -> #REF!
A62: Saldo Final Clientes | D62: =+D57+SUM(D58:D60)-D61 -> #REF! | E62: =+E57+SUM(E58:E60)-E61 -> #REF! | F62: =+F57+SUM(F58:F60)-F61 -> #REF! | G62: =+G57+SUM(G58:G60)-G61 -> #REF! | H62: =+H57+SUM(H58:H60)-H61 -> #REF! | I62: =+I57+SUM(I58:I60)-I61 -> #REF!
A66: Orçamento de fornecedores
A68: PRESSUPOSTOS | C68: =C$20 -> 2010 | D68: =D$20 -> 2011 | E68: =E$20 -> 2012 | F68: =F$20 -> 2013 | G68: =G$20 -> 2014 | H68: =H$20 -> 2015 | I68: =I$20 -> 2016
A69: 1. Taxa IVA compras:
A70: - Mercadorias | C70: =Estado!B$12 -> 0 | D70: =Estado!C$12 -> 0.12 | E70: =Estado!D$12 -> 0.12 | F70: =Estado!E$12 -> 0.12 | G70: =Estado!F$12 -> 0.12 | H70: =Estado!G$12 -> 0.12 | I70: =Estado!H$12 -> 0.12
A71: - Matérias primas | C71: =Estado!B$12 -> 0 | D71: =Estado!C$12 -> 0.12 | E71: =Estado!D$12 -> 0.12 | F71: =Estado!E$12 -> 0.12 | G71: =Estado!F$12 -> 0.12 | H71: =Estado!G$12 -> 0.12 | I71: =Estado!H$12 -> 0.12
A72: - FSE | C72: =Estado!B$11 -> 0 | D72: =Estado!C$11 -> 0.12 | E72: =Estado!D$11 -> 0.12 | F72: =Estado!E$11 -> 0.12 | G72: =Estado!F$11 -> 0.12 | H72: =Estado!G$11 -> 0.12 | I72: =Estado!H$11 -> 0.12
A73: 2. Prazo médio de pagamento (dias)
A74: - Mercadorias | C74: =Pressupostos!B$10 -> 0 | D74: =Pressupostos!C$10 -> 30 | E74: =Pressupostos!D$10 -> 30 | F74: =Pressupostos!E$10 -> 30 | G74: =Pressupostos!F$10 -> 30 | H74: =Pressupostos!G$10 -> 30 | I74: =Pressupostos!H$10 -> 30
A75: - Matérias primas | C75: =Pressupostos!B$10 -> 0 | D75: =Pressupostos!C$10 -> 30 | E75: =Pressupostos!D$10 -> 30 | F75: =Pressupostos!E$10 -> 30 | G75: =Pressupostos!F$10 -> 30 | H75: =Pressupostos!G$10 -> 30 | I75: =Pressupostos!H$10 -> 30
A76: - FSE | C76: =Pressupostos!B$11 -> 0 | D76: =Pressupostos!C$11 -> 15 | E76: =Pressupostos!D$11 -> 15 | F76: =Pressupostos!E$11 -> 15 | G76: =Pressupostos!F$11 -> 15 | H76: =Pressupostos!G$11 -> 15 | I76: =Pressupostos!H$11 -> 15
A78: Crédito obtido de fornecedores (existências)
A79: Saldo incial fornecedores existências | D79: 0 | E79: =D83 -> 0 | F79: =E83 -> 0 | G79: =F83 -> 0 | H79: =G83 -> 0 | I79: =H83 -> 0
A80: Compras de matérias primas (com IVA) | D80: =CMVMC!D34*(1+FMN!D$71) -> 0 | E80: =CMVMC!E34*(1+FMN!E$71) -> 0 | F80: =CMVMC!F34*(1+FMN!F$71) -> 0 | G80: =CMVMC!G34*(1+FMN!G$71) -> 0 | H80: =CMVMC!H34*(1+FMN!H$71) -> 0 | I80: =CMVMC!I34*(1+FMN!I$71) -> 0
A81: Compras de mercadorias (com IVA) | D81: ='Custo Merc'!D29*(1+FMN!D$70) -> 0 | E81: ='Custo Merc'!E29*(1+FMN!E$70) -> 0 | F81: ='Custo Merc'!F29*(1+FMN!F$70) -> 0 | G81: ='Custo Merc'!G29*(1+FMN!G$70) -> 0 | H81: ='Custo Merc'!H29*(1+FMN!H$70) -> 0 | I81: ='Custo Merc'!I29*(1+FMN!I$70) -> 0
A82: Pagamentos a fornecedores | D82: =D79+SUM(D80:D81)*(1-D74/360) -> 0 | E82: =E79+SUM(E80:E81)*(1-E74/360) -> 0 | F82: =F79+SUM(F80:F81)*(1-F74/360) -> 0 | G82: =G79+SUM(G80:G81)*(1-G74/360) -> 0 | H82: =H79+SUM(H80:H81)*(1-H74/360) -> 0 | I82: =I79+SUM(I80:I81)*(1-I74/360) -> 0
A83: Saldo final fornecedores existências | D83: =D79+SUM(D80:D81)-D82 -> 0 | E83: =E79+SUM(E80:E81)-E82 -> 0 | F83: =F79+SUM(F80:F81)-F82 -> 0 | G83: =G79+SUM(G80:G81)-G82 -> 0 | H83: =H79+SUM(H80:H81)-H82 -> 0 | I83: =I79+SUM(I80:I81)-I82 -> 0
A85: Crédito obtido de fornecedores (FSE)
A86: Saldo incial fornecedores FSE | D86: 0 | E86: =D89 -> 0 | F86: =E89 -> 0 | G86: =F89 -> 0 | H86: =G89 -> 0 | I86: =H89 -> 0
A87: Compras FSE (com IVA) | D87: =FSE!D20*(1+FMN!D$72) -> 0 | E87: =FSE!E20*(1+FMN!E$72) -> 0 | F87: =FSE!F20*(1+FMN!F$72) -> 0 | G87: =FSE!G20*(1+FMN!G$72) -> 0 | H87: =FSE!H20*(1+FMN!H$72) -> 0 | I87: =FSE!I20*(1+FMN!I$72) -> 0
A88: Pagamentos a fornecedores FSE | D88: =D86+(D87*(1-D76/360)) -> 0 | E88: =E86+(E87*(1-E76/360)) -> 0 | F88: =F86+(F87*(1-F76/360)) -> 0 | G88: =G86+(G87*(1-G76/360)) -> 0 | H88: =H86+(H87*(1-H76/360)) -> 0 | I88: =I86+(I87*(1-I76/360)) -> 0
A89: Saldo final fornecedores FSE | D89: =D86+D87-D88 -> 0 | E89: =E86+E87-E88 -> 0 | F89: =F86+F87-F88 -> 0 | G89: =G86+G87-G88 -> 0 | H89: =H86+H87-H88 -> 0 | I89: =I86+I87-I88 -> 0
A93: Orçamento de Sector Estado e Outros Entes Públicos
A95: CRÉDITO OBTIDO DO ESTADO | C95: =C68 -> 2010 | D95: =D68 -> 2011 | E95: =E68 -> 2012 | F95: =F68 -> 2013 | G95: =G68 -> 2014 | H95: =H68 -> 2015 | I95: =I68 -> 2016
A96: Saldo inicial E.O.E.P. [1]
A97: Prazo Médio de Pagamento (dias)
A99: IVA
A100: Saldo Inicial
A101: IVA liquidado
A102: IVA dedutível
A103: IVA a pagar/receber
A104: Pagamento/recebimento no ano
A105: Saldo final IVA [2]
A107: IRC
A108: Do exercício
A109: Pagamento de IRC no ano
... A117: Saldo final E.O.E.P [5] = [1 + 2+ 3 + 4]

Sheet Plano Financ
A1: 5.4 - Plano Financeiro e de Financiamento
A2: 5.4.1 - Plano Financeiro
A4: FUNÇÃO FINANCEIRA | C4: =Pressupostos!B$6 -> 2010 | D4: =Pressupostos!C$6 -> 2011 | E4: =Pressupostos!D$6 -> 2012 | F4: =Pressupostos!E$6 -> 2013 | G4: =Pressupostos!F$6 -> 2014 | H4: =Pressupostos!G$6 -> 2015 | I4: =Pressupostos!H$6 -> 2016
A5: * TX DE JURO P/ FINANC. C. PRAZO | C5: 0 | D5: =C5 -> 0 | E5: =D5 -> 0 | F5: =E5 -> 0 | G5: =F5 -> 0 | H5: =G5 -> 0 | I5: =H5 -> 0
A6: * TX DE JURO P/ FINAN. M/L PRAZO | C6: 0 | D6: =C6 -> 0 | E6: =D6 -> 0 | F6: =E6 -> 0 | G6: =F6 -> 0 | H6: =G6 -> 0 | I6: =H6 -> 0
A7: * TX DE JURO P/ APLIC. FINANC. | C7: 0 | D7: =C7 -> 0 | E7: =D7 -> 0 | F7: =E7 -> 0 | G7: =F7 -> 0 | H7: =G7 -> 0 | I7: =H7 -> 0
A8: *Imposto de Selo sobre os juros | C8: 0.004 | D8: =C8 -> 0.004 | E8: =D8 -> 0.004 | F8: =E8 -> 0.004 | G8: =F8 -> 0.004 | H8: =G8 -> 0.004 | I8: =H8 -> 0.004
A10: FINANCIAMENTO DE M/L/ PRAZO | C10: Invest. Elegível = | E10: =0 -> 0
C11: % Financiamento = | E11: 0.95
A12: Período | C12: Utilização | D12: Capital em dívida no início | E12: Juros c/ Imp. Selo | F12: Reembolso | G12: Capital em dívida no fim | H12: Serviço da dívida | I12: Serviço da dívida
A14: Ano 0 - SEMESTRE 0 | D14: =0 -> 0 | E14: 0 | F14: 0 | G14: =C14 -> 0 | H14: =E14+F14 -> 0 | I14: =F14+G14 -> 0
A15: - SEMESTRE 1 | D15: =G14 -> 0 | E15: =(G14*(C$6))/2*(1+C$8) -> 0 | F15: 0 | G15: =D15+C15-F15 -> 0 | H15: 0 | I15: 0
A16: 1º ANO - SEMESTRE 2 | C16: =$E$10*$E$11 -> 0 | D16: =G15+E15 -> 0 | E16: =(D16*($D$6))/2*(1+$D$8) -> 0 | G16: =D16+C16-F16-E15 -> 0 | H16: =E16+F16+E15 -> 0 | I16: =F16+G16+F15 -> 0
A17: - SEMESTRE 3 | D17: =G16 -> 0 | E17: =(D17*($D$6))/2*(1+$D$8) -> 0 | G17: =D17+C17-F17 -> 0 | H17: =E17+F17 -> 0 | I17: =F17+G17 -> 0
A18: 2º ANO - SEMESTRE 4 | D18: =G17 -> 0 | E18: =(D18*($E$6))/2*(1+$E$8) -> 0 | G18: =D18+C18-F18 -> 0 | H18: =E18+F18 -> 0 | I18: =F18+G18 -> 0
A19: - SEMESTRE 5 | D19: =G18 -> 0 | E19: =(D19*($E$6))/2*(1+$E$8) -> 0 | G19: =D19+C19-F19 -> 0 | H19: =E19+F19 -> 0 | I19: =F19+G19 -> 0
A20: 3º ANO - SEMESTRE 6 | D20: =G19 -> 0 | E20: =(D20*($F$6))/2*(1+$F$8) -> 0 | F20: =$C$16/10 -> 0 | G20: =D20+C20-F20 -> 0 | H20: =E20+F20 -> 0 | I20: =F20+G20 -> 0
A21: - SEMESTRE 7 | D21: =G20 -> 0 | E21: =(D21*($F$6))/2*(1+$F$8) -> 0 | F21: =$C$16/10 -> 0 | G21: =D21+C21-F21 -> 0 | H21: =E21+F21 -> 0 | I21: =F21+G21 -> 0
A22: 4º ANO - SEMESTRE 8 | D22: =G21 -> 0 | E22: =(D22*($G$6))/2*(1+$G$8) -> 0 | F22: =$C$16/10 -> 0 | G22: =D22+C22-F22 -> 0 | H22: =E22+F22 -> 0 | I22: =F22+G22 -> 0
A23: - SEMESTRE 9 | D23: =G22 -> 0 | E23: =(D23*($G$6))/2*(1+$G$8) -> 0 | F23: =$C$16/10 -> 0 | G23: =D23+C23-F23 -> 0 | H23: =E23+F23 -> 0 | I23: =F23+G23 -> 0
A24: 5º ANO - SEMESTRE 10 | D24: =G23 -> 0 | E24: =(D24*($H$6))/2*(1+$H$8) -> 0 | F24: =$C$16/10 -> 0 | G24: =D24+C24-F24 -> 0 | H24: =E24+F24 -> 0 | I24: =F24+G24 -> 0
A25: - SEMESTRE 11 | D25: =G24 -> 0 | E25: =(D25*($H$6))/2*(1+$H$8) -> 0 | F25: =$C$16/10 -> 0 | G25: =D25+C25-F25 -> 0 | H25: =E25+F25 -> 0 | I25: =F25+G25 -> 0
A26: 6º ANO - SEMESTRE 12 | D26: =G25 -> 0 | E26: =(D26*($H$6))/2*(1+$H$8) -> 0 | F26: =$C$16/10 -> 0 | G26: =D26+C26-F26 -> 0 | H26: =E26+F26 -> 0 | I26: =F26+G26 -> 0
A27: - SEMESTRE 13 | D27: =G26 -> 0 | E27: =(D27*($H$6))/2*(1+$H$8) -> 0 | F27: =$C$16/10 -> 0 | G27: =D27+C27-F27 -> 0 | H27: =E27+F27 -> 0 | I27: =F27+G27 -> 0
A28: 7º ANO - SEMESTRE 14 | D28: =G27 -> 0 | E28: =(D28*($H$6))/2*(1+$H$8) -> 0 | F28: =$C$16/10 -> 0 | G28: =D28+C28-F28 -> 0 | H28: =E28+F28 -> 0 | I28: =F28+G28 -> 0
A29: - SEMESTRE 15 | D29: =G28 -> 0 | E29: =(D29*($H$6))/2*(1+$H$8) -> 0 | F29: =$C$16/10 -> 0 | G29: =D29+C29-F29 -> 0 | H29: =E29+F29 -> 0 | I29: =F29+G29 -> 0
A30: 8º ANO - SEMESTRE 16 | D30: =G29 -> 0 | E30: =(D30*($H$6))/2*(1+$H$8) -> 0 | G30: =D30+C30-F30 -> 0 | H30: =E30+F30 -> 0 | I30: =F30+G30 -> 0
A32: CUSTOS E PERDAS FINANCEIRAS | C32: =Pressupostos!B$6 -> 2010 | D32: =Pressupostos!C$6 -> 2011 | E32: =Pressupostos!D$6 -> 2012 | F32: =Pressupostos!E$6 -> 2013 | G32: =Pressupostos!F$6 -> 2014 | H32: =Pressupostos!G$6 -> 2015 | I32: =Pressupostos!H$6 -> 2016
A33: De Financiamento | C33: =E15 -> 0 | D33: =E16+E17 -> 0 | E33: =E18+E19 -> 0 | F33: =E20+E21 -> 0 | G33: =E22+E23 -> 0 | H33: =E24+E25 -> 0 | I33: =F24+F25 -> 0
A34: De Funcionamento | D34: 0 | E34: 0 | F34: 0 | G34: 0 | H34: 0 | I34: 0
A35: Total | D35: =D33+D34 -> 0 | E35: =E33+E34 -> 0 | F35: =F33+F34 -> 0 | G35: =G33+G34 -> 0 | H35: =H33+H34 -> 0 | I35: =I33+I34 -> 0
A36: PROVEITOS E GANHOS FINANCEIROS | C36: =Pressupostos!B$6 -> 2010 | D36: =Pressupostos!C$6 -> 2011 | E36: =Pressupostos!D$6 -> 2012 | F36: =Pressupostos!E$6 -> 2013 | G36: =Pressupostos!F$6 -> 2014 | H36: =Pressupostos!G$6 -> 2015 | I36: =Pressupostos!H$6 -> 2016
A37: De Aplicações de Tesouraria | C37: =C7*Invest!C80 -> 0 | D37: =D7*Invest!D80 -> 0 | E37: =E7*Invest!E80 -> 0 | F37: =F7*Invest!F80 -> 0 | G37: =G7*Invest!G80 -> 0 | H37: =H7*Invest!H80 -> 0 | I37: =I7*Invest!I80 -> 0
A38: Total | C38: =C37 -> 0 | D38: =D37 -> 0 | E38: =E37 -> 0 | F38: =F37 -> 0 | G38: =G37 -> 0 | H38: =H37 -> 0 | I38: =I37 -> 0

Sheet Financ
A1: 5.4.2 - Plano de Financiamento
A3: FINANCIAMENTO DO INVESTIMENTO | C3: =Pressupostos!B$6 -> 2010 | D3: =Pressupostos!C$6 -> 2011 | E3: =Pressupostos!D$6 -> 2012 | F3: =Pressupostos!E$6 -> 2013 | G3: =Pressupostos!F$6 -> 2014 | H3: =Pressupostos!G$6 -> 2015 | I3: =Pressupostos!H$6 -> 2016
A5: CAPITAIS PRÓPRIOS | C5: =SUM(C6:C7) -> 0 | D5: =SUM(D6:D7) -> 0 | E5: =SUM(E6:E7) -> 0 | F5: =SUM(F6:F7) -> 0 | G5: =SUM(G6:G7) -> 0 | H5: =SUM(H6:H7) -> 0 | I5: =SUM(I6:I7) -> 0
A6: Capital social | D6: 0 | E6: 0 | F6: 0 | G6: 0 | H6: 0 | I6: 0
A7: Prestações suplementares | D7: 0 | E7: 0 | F7: 0 | G7: 0 | H7: 0 | I7: 0
A9: AUTOFINANCIAMENTO | D9: 0 | E9: ='Dem Resultados'!D27+'Dem Resultados'!D17 -> 0 | F9: ='Dem Resultados'!E27+'Dem Resultados'!E17 -> 0 | G9: ='Dem Resultados'!F27+'Dem Resultados'!F17 -> 0 | H9: ='Dem Resultados'!G27+'Dem Resultados'!G17 -> 0 | I9: ='Dem Resultados'!H27+'Dem Resultados'!H17 -> 0
A10: Meios libertos para financiamento ICC | D10: =IF(FMN!D11>0,FMN!D11,0) -> 0 | E10: =IF(FMN!E11>0,FMN!E11,0) -> 0 | F10: =IF(FMN!F11>0,FMN!F11,0) -> 0 | G10: =IF(FMN!G11>0,FMN!G11,0) -> 0 | H10: =IF(FMN!H11>0,FMN!H11,0) -> 0 | I10: =IF(FMN!I11>0,FMN!I11,0) -> 0
A12: CAPITAIS ALHEIOS | C12: =SUM(C13:C16) -> 0 | D12: =SUM(D13:D16) -> 0 | E12: =SUM(E13:E16) -> 0 | F12: =SUM(F13:F16) -> 0 | G12: =SUM(G13:G16) -> 0 | H12: =SUM(H13:H16) -> 0 | I12: =SUM(I13:I16) -> 0
A13: Empréstimos bancários | C13: =SUM('Plano Financ'!$C14:$C15) -> 0 | D13: =SUM('Plano Financ'!$C16:$C17) -> 0 | E13: =SUM('Plano Financ'!$C18:$C19) -> 0 | F13: =SUM('Plano Financ'!$C20:$C21) -> 0 | G13: =SUM('Plano Financ'!$C22:$C23) -> 0 | H13: =SUM('Plano Financ'!$C24:$C25) -> 0 | I13: =SUM('Plano Financ'!$C24:$C25) -> 0
A14: Empréstimos de sócios (Suprimentos) | C14: 0 | D14: 0 | E14: 0 | F14: 0 | G14: 0 | H14: 0 | I14: 0
A15: Crédito de fornecedores de Imobilizado | C15: 0 | D15: 0 | E15: 0 | F15: 0 | G15: 0 | H15: 0 | I15: 0
A16: Outros (subsídios) | C16: 0 | D16: 0 | E16: 0 | F16: 0 | G16: 0 | H16: 0 | I16: 0
A18: TOTAL (s/ autofinanciamento) (*) | C18: =C5+C12 -> 0 | D18: =D5+D12 -> 0 | E18: =E5+E12+E10 -> 0 | F18: =F5+F12+F10 -> 0 | G18: =G5+G12+G10 -> 0 | H18: =H5+H12+H10 -> 0 | I18: =I5+I12+I10 -> 0
A20: CONTROLO | C20: =IF(C18<Invest!C29,"ERRO","OK") -> OK | D20: =IF(D18<Invest!D29,"ERRO","OK") -> OK | E20: =IF(E18<Invest!E29,"ERRO","OK") -> OK | F20: =IF(F18<Invest!F29,"ERRO","OK") -> OK | G20: =IF(G18<Invest!G29,"ERRO","OK") -> OK | H20: =IF(H18<Invest!H29,"ERRO","OK") -> OK | I20: =IF(I18<Invest!I29,"ERRO","OK") -> OK
C21: =Invest!C29-C18 -> 0 | D21: =Invest!D29-D18 -> 0 | E21: =Invest!E29-E18 -> 0 | F21: =Invest!F29-F18 -> 0 | G21: =Invest!G29-G18 -> 0 | H21: =Invest!H29-H18 -> 0 | I21: =Invest!I29-I18 -> 0
A22: (*) O autofinanciamento, ainda que apresentado, não é considerado para cobertura financeira do projecto visto que resulta das contas previsionais.
A24: REEMBOLSO DE SUPRIMENTOS | C24: =Pressupostos!B$6 -> 2010 | D24: =Pressupostos!C$6 -> 2011 | E24: =Pressupostos!D$6 -> 2012 | F24: =Pressupostos!E$6 -> 2013 | G24: =Pressupostos!F$6 -> 2014 | H24: =Pressupostos!G$6 -> 2015 | I24: =Pressupostos!H$6 -> 2016
A25: reembolso anual

Sheet Cash Flow
A1: 5.5 - Análise de Viabilidade Económica e Financeira
A3: CASH-FLOW | C3: =Pressupostos!B$6 -> 2010 | D3: =Pressupostos!C$6 -> 2011 | E3: =Pressupostos!D$6 -> 2012 | F3: =Pressupostos!E$6 -> 2013 | G3: =Pressupostos!F$6 -> 2014 | H3: =Pressupostos!G$6 -> 2015 | I3: =H3+1 -> 2016
A5: MEIOS LIBERTOS | D5: ='Dem Resultados'!D27+'Dem Resultados'!D17+'Dem Resultados'!D18+'Dem Resultados'!D23 -> 0 | E5: ='Dem Resultados'!E27+'Dem Resultados'!E17+'Dem Resultados'!E18+'Dem Resultados'!E23 -> 0 | F5: ='Dem Resultados'!F27+'Dem Resultados'!F17+'Dem Resultados'!F18+'Dem Resultados'!F23 -> 0 | G5: ='Dem Resultados'!G27+'Dem Resultados'!G17+'Dem Resultados'!G18+'Dem Resultados'!G23 -> 0 | H5: ='Dem Resultados'!H27+'Dem Resultados'!H17+'Dem Resultados'!H18+'Dem Resultados'!H23 -> 0
A6: INVESTIMENTO
A7: ACTIVO IMOBILIZADO | C7: =Invest!C21 -> 0 | D7: =Invest!D21 -> 0 | E7: =Invest!E21 -> 0 | F7: =Invest!F21 -> 0 | G7: =Invest!G21 -> 0 | H7: =Invest!H21 -> 0
A8: FUNDO DE MANEIO | C8: =FMN!C11 -> 0 | D8: =FMN!D11 -> 0 | E8: =FMN!E11 -> 0 | F8: =FMN!F11 -> 0 | G8: =FMN!G11 -> 0 | H8: =FMN!H11 -> 0
A10: TOTAL DO INVESTIMENTO | C10: =SUM(C7:C9) -> 0 | D10: =SUM(D7:D9) -> 0 | E10: =SUM(E7:E9) -> 0 | F10: =SUM(F7:F9) -> 0 | G10: =SUM(G7:G9) -> 0 | H10: =SUM(H7:H9) -> 0
A11: VALORES RESIDUAIS
A12: ACTIVO IMOBILIZADO | I12: =Balanço!H7 -> 0
A13: FUNDO DE MANEIO | I13: =-SUM(C8:I8) -> 0
A14: CASH - FLOW | C14: =C5-C10+SUM(C12:C13) -> 0 | D14: =D5-D10+SUM(D12:D13) -> 0 | E14: =E5-E10+SUM(E12:E13) -> 0 | F14: =F5-F10+SUM(F12:F13) -> 0 | G14: =G5-G10+SUM(G12:G13) -> 0 | H14: =H5-H10+SUM(H12:H13) -> 0 | I14: =I5-I10+SUM(I12:I13) -> 0
A16: TAXA DE AVALIAÇÃO | D16: =D31 -> 0.09
A17: VALOR ACTUALIZADO LÍQUIDO (VAL) | D17: =(NPV(D16,D14:I14))*(1+D16) -> 0
A18: TX INTERNA DE RENDIBILIDADE (TIR) | D18: =IRR(C14:I14,0.1) -> #NUM!
A20: PRC (PAYBACK) | C20: =C3 -> 2010 | D20: =D3 -> 2011 | E20: =E3 -> 2012 | F20: =F3 -> 2013 | G20: =G3 -> 2014 | H20: =H3 -> 2015 | I20: =I3 -> 2016
A21: Cash-flow actualizado | C21: =C14 -> 0 | D21: =D14 -> 0 | E21: =E14/(1+D16) -> 0 | F21: =F14/(1+D16)^2 -> 0 | G21: =G14/(1+D16)^3 -> 0 | H21: =H14/(1+D16)^4 -> 0 | I21: =I14/(1+D16)^5 -> 0
A22: Cash-flow actualizado acumulado | C22: =C21 -> 0 | D22: =D21+C22 -> 0 | E22: =E21+D22 -> 0 | F22: =F21+E22 -> 0 | G22: =G21+F22 -> 0 | H22: =H21+G22 -> 0 | I22: =I21+H22 -> 0
A24: A recuperação do capital investido verificar-se-à no decorrer do ano em em que cash-flow actualizado acumulado passa a positivo.
A26: ESTIMAÇÃO DA TAXA DE AVALIAÇÃO | D26: %
A27: TAXA DE INFLAÇÃO MEDIA | D27: =SUM(Pressupostos!C22:G22)/COUNTA(Pressupostos!C22:G22) -> 0.02
A28: TAXA DE REFERÊNCIA | D28: 0.03
A29: TAXA DE AVALIAÇÃO SEM RISCO | D29: =D27+D28 -> 0.05
A30: PRÉMIO DE RISCO | D30: 0.04
A31: TAXA DE AVALIAÇÃO COM RISCO | D31: =D30+D29 -> 0.09
A34: Free Cash Flow
C36: =Pressupostos!B$6 -> 2010 | D36: =Pressupostos!C$6 -> 2011 | E36: =Pressupostos!D$6 -> 2012 | F36: =Pressupostos!E$6 -> 2013 | G36: =Pressupostos!F$6 -> 2014 | H36: =Pressupostos!G$6 -> 2015 | I36: =Pressupostos!H$6 -> 2016
A37: Cash Flow de Exploração
A38: Resultado Líquido do Exercício | C38: ='Dem Resultados'!C27 -> 0 | D38: ='Dem Resultados'!D27 -> 0 | E38: ='Dem Resultados'!E27 -> 0 | F38: ='Dem Resultados'!F27 -> 0 | G38: ='Dem Resultados'!G27 -> 0 | H38: ='Dem Resultados'!H27 -> 0 | I38: ='Dem Resultados'!J27 -> 0
A39: Amortizações e reintegrações | C39: ='Dem Resultados'!C17 -> 0 | D39: ='Dem Resultados'!D17 -> 0 | E39: ='Dem Resultados'!E17 -> 0 | F39: ='Dem Resultados'!F17 -> 0 | G39: ='Dem Resultados'!G17 -> 0 | H39: ='Dem Resultados'!H17 -> 0 | I39: ='Dem Resultados'!J17 -> 0
A40: Provisões | C40: ='Dem Resultados'!C18 -> 0 | D40: ='Dem Resultados'!D18 -> 0 | E40: ='Dem Resultados'!E18 -> 0 | F40: ='Dem Resultados'!F18 -> 0 | G40: ='Dem Resultados'!G18 -> 0 | H40: ='Dem Resultados'!H18 -> 0 | I40: ='Dem Resultados'!J18 -> 0
A41: Encargos financeiros de financiamento | C41: ='Dem Resultados'!C23 -> 0 | D41: ='Dem Resultados'!D23 -> 0 | E41: ='Dem Resultados'!E23 -> 0 | F41: ='Dem Resultados'!F23 -> 0 | G41: ='Dem Resultados'!G23 -> 0 | H41: ='Dem Resultados'!H23 -> 0 | I41: ='Dem Resultados'!J23 -> 0
A43: Cash Flow Exploração | C43: =SUM(C38:C42) -> 0 | D43: =SUM(D38:D42) -> 0 | E43: =SUM(E38:E42) -> 0 | F43: =SUM(F38:F42) -> 0 | G43: =SUM(G38:G42) -> 0 | H43: =SUM(H38:H42) -> 0 | I43: =SUM(I38:I42) -> 0
A45: Cash Flow de Investimento
A46: Investimento em Capital Fixo (-Desinv.) | C46: =SUM(Invest!C26:C27) -> 0 | D46: =SUM(Invest!D26:D27) -> 0 | E46: =SUM(Invest!E26:E27) -> 0 | F46: =SUM(Invest!F26:F27) -> 0 | G46: =SUM(Invest!G26:G27) -> 0 | H46: =SUM(Invest!H26:H27) -> 0 | I46: =SUM(Invest!I26:I27) -> 0
A47: Investimento em Fundo de Maneio (-Desinv.) | C47: =Invest!C28 -> 0 | D47: =Invest!D28 -> 0 | E47: =Invest!E28 -> 0 | F47: =Invest!F28 -> 0 | G47: =Invest!G28 -> 0 | H47: =Invest!H28 -> 0 | I47: =Invest!I28 -> 0
A48: Valores residuais do:
A49: Investimento em Capital Fixo | H49: =Balanço!H7 -> 0 | I49: =Balanço!J7 -> 0
A50: Investimento em Fundo de Maneio | H50: =FMN!H10 -> 0 | I50: =FMN!I10 -> 0
A52: Cash flow de Investimento | C52: =SUM(C46:C47) -> 0 | D52: =SUM(D46:D47) -> 0 | E52: =SUM(E46:E47) -> 0 | F52: =SUM(F46:F47) -> 0 | G52: =SUM(G46:G47) -> 0 | H52: =SUM(H46:H47)-SUM(H49:H50) -> 0 | I52: =SUM(I46:I47)-SUM(I49:I50) -> 0
A54: Free Cash Flow | C54: =C43-C52 -> 0 | D54: =D43-D52 -> 0 | E54: =E43-E52 -> 0 | F54: =F43-F52 -> 0 | G54: =G43-G52 -> 0 | H54: =H43-H52 -> 0 | I54: =I43-I52 -> 0
A58: Valor Actual líquido
C60: =Pressupostos!B$6 -> 2010 | D60: =Pressupostos!C$6 -> 2011 | E60: =Pressupostos!D$6 -> 2012 | F60: =Pressupostos!E$6 -> 2013 | G60: =Pressupostos!F$6 -> 2014 | H60: =Pressupostos!G$6 -> 2015 | I60: =Pressupostos!H$6 -> 2016
A61: Custo de Oportunidade do Capital (taxa) | D61: =SUM(D62:D64) -> 0.09 | E61: =SUM(E62:E64) -> 0.085 | F61: =SUM(F62:F64) -> 0.085 | G61: =SUM(G62:G64) -> 0.085 | H61: =SUM(H62:H64) -> 0.085 | I61: =SUM(I62:I64) -> 0.085
A62: - Taxa de Juro sem risco | D62: 0.025 | E62: 0.025 | F62: 0.025 | G62: 0.025 | H62: 0.025 | I62: 0.025
A63: - Prémio de Risco económico | D63: 0.04 | E63: 0.04 | F63: 0.04 | G63: 0.04 | H63: 0.04 | I63: 0.04
A64: - Prémio de Risco Financeiro | D64: 0.025 | E64: 0.02 | F64: 0.02 | G64: 0.02 | H64: 0.02 | I64: 0.02
A66: Factor de desconto | D66: =1/(1+D61)^1 -> 0.91743119 | E66: =1/(1+E61)^2 -> 0.84945529 | F66: =1/(1+F61)^3 -> 0.7829081 | G66: =1/(1+G61)^4 -> 0.72157428 | H66: =1/(1+H61)^5 -> 0.66504542 | I66: =1/(1+I61)^5 -> 0.66504542
A68: Free Cash flow | D68: =D54 -> 0 | E68: =E54 -> 0 | F68: =F54 -> 0 | G68: =G54 -> 0 | H68: =H54 -> 0 | I68: =I54 -> 0
A69: Valor actual do Free Cash Flow | D69: =D68*D66 -> 0 | E69: =E68*E66 -> 0 | F69: =F68*F66 -> 0 | G69: =G68*G66 -> 0 | H69: =H68*H66 -> 0 | I69: =I68*I66 -> 0
A70: Valor actual acumulado do Free Cash Flow (VAL) | D70: =SUM(D69:H69) -> 0
A73: Taxa Interna de Rentabilidade
A76: Taxa Interna de Rentabilidade (TIR) | D76: =IRR(D68:I68,0.1) -> #NUM!
A77: Taxa Interna de Rentabilidade Integrada (TIRI) | D77: =MIRR(D68:I68,9%,5%) -> #DIV/0!
A80: Período de recuperação do investimento
C82: =Pressupostos!B$6 -> 2010 | D82: =Pressupostos!C$6 -> 2011 | E82: =Pressupostos!D$6 -> 2012 | F82: =Pressupostos!E$6 -> 2013 | G82: =Pressupostos!F$6 -> 2014 | H82: =Pressupostos!G$6 -> 2015 | I82: =Pressupostos!H$6 -> 2016
A83: Cash Flow actualizado | D83: =D69 -> 0 | E83: =E69 -> 0 | F83: =F69 -> 0 | G83: =G69 -> 0 | H83: =H69 -> 0 | I83: =I69 -> 0
A84: Cash Flow actualizado acumulado | D84: =D83 -> 0 | E84: =D84+E83 -> 0 | F84: =E84+F83 -> 0 | G84: =F84+G83 -> 0 | H84: =G84+H83 -> 0 | I84: =H84+I83 -> 0
A85: Per. Recuperação do investimento (Payback) | D85: Nº anos = | E85: =IF(D84=0,J84,IF(D84>0,J83,IF(E84>0,1,IF(F84>0,2,IF(G84>0,3,IF(H84>0,4,J85)))))) -> 0
D86: Nº meses = | E86: =IF(D84>0,J84,IF(E84>0,-D84/(E83/12),IF(F84>0,-E84/(F83/12),IF(G84>0,-F84/(G83/12),IF(H84>0,-G84/(H83/12),J84))))) -> 0
A89: Indice de Rentabilidade do projecto
C91: =Pressupostos!B$6 -> 2010 | D91: =Pressupostos!C$6 -> 2011 | E91: =Pressupostos!D$6 -> 2012 | F91: =Pressupostos!E$6 -> 2013 | G91: =Pressupostos!F$6 -> 2014 | H91: =Pressupostos!G$6 -> 2015 | I91: =Pressupostos!H$6 -> 2016
A92: Cash Flow Exploração | D92: =D43 -> 0 | E92: =E43 -> 0 | F92: =F43 -> 0 | G92: =G43 -> 0 | H92: =H43 -> 0 | I92: =I43 -> 0
A93: Cash Flow Exploração actualizado | D93: =D92*D66 -> 0 | E93: =E92*E66 -> 0 | F93: =F92*F66 -> 0 | G93: =G92*G66 -> 0 | H93: =H92*H66 -> 0 | I93: =I92*I66 -> 0
A94: Cash Flow Investimento | D94: =D52 -> 0 | E94: =E52 -> 0 | F94: =F52 -> 0 | G94: =G52 -> 0 | H94: =H52 -> 0 | I94: =I52 -> 0
A95: Cash Flow Investimento actualizado | D95: =D94*D66 -> 0 | E95: =E94*E66 -> 0 | F95: =F94*F66 -> 0 | G95: =G94*G66 -> 0 | H95: =H94*H66 -> 0 | I95: =I94*I66 -> 0
A96: Indice de Rentabilidade do Projecto | D96: =SUM(D93:I93)/SUM(D95:I95) -> #DIV/0!
A99: Indicadores de análise
C101: =Pressupostos!B$6 -> 2010 | D101: =Pressupostos!C$6 -> 2011 | E101: =Pressupostos!D$6 -> 2012 | F101: =Pressupostos!E$6 -> 2013 | G101: =Pressupostos!F$6 -> 2014 | H101: =Pressupostos!G$6 -> 2015 | I101: =Pressupostos!H$6 -> 2016
A102: Vendas+Prest. Serviços | D102: ='Dem Resultados'!D5 -> 0 | E102: ='Dem Resultados'!E5 -> 0 | F102: ='Dem Resultados'!F5 -> 0 | G102: ='Dem Resultados'!G5 -> 0 | H102: ='Dem Resultados'!H5 -> 0 | I102: ='Dem Resultados'!I5 -> 0
A103: EBIT (earnings before interests and taxes) | D103: ='Dem Resultados'!D22 -> 0 | E103: ='Dem Resultados'!E22 -> 0 | F103: ='Dem Resultados'!F22 -> 0 | G103: ='Dem Resultados'!G22 -> 0 | H103: ='Dem Resultados'!H22 -> 0 | I103: ='Dem Resultados'!I22 -> 0
A104: Margem Bruta | D104: =D102-D108 -> 0 | E104: =E102-E108 -> 0 | F104: =F102-F108 -> 0 | G104: =G102-G108 -> 0 | H104: =H102-H108 -> 0 | I104: =I102-I108 -> 0
A105: Margem Bruta % | D105: =D104/D102 -> #DIV/0! | E105: =E104/E102 -> #DIV/0! | F105: =F104/F102 -> #DIV/0! | G105: =G104/G102 -> #DIV/0! | H105: =H104/H102 -> #DIV/0! | I105: =I104/I102 -> #DIV/0!
A106: VAB (Produção) | D106: ='Dem Resultados'!D12-('Dem Resultados'!D14+'Dem Resultados'!D15+'Dem Resultados'!D19+'Dem Resultados'!D20) -> 0 | E106: ='Dem Resultados'!E12-('Dem Resultados'!E14+'Dem Resultados'!E15+'Dem Resultados'!E19+'Dem Resultados'!E20) -> 0 | F106: ='Dem Resultados'!F12-('Dem Resultados'!F14+'Dem Resultados'!F15+'Dem Resultados'!F19+'Dem Resultados'!F20) -> 0 | G106: ='Dem Resultados'!G12-('Dem Resultados'!G14+'Dem Resultados'!G15+'Dem Resultados'!G19+'Dem Resultados'!G20) -> 0 | H106: ='Dem Resultados'!H12-('Dem Resultados'!H14+'Dem Resultados'!H15+'Dem Resultados'!H19+'Dem Resultados'!H20) -> 0 | I106: ='Dem Resultados'!I12-('Dem Resultados'!I14+'Dem Resultados'!I15+'Dem Resultados'!I19+'Dem Resultados'!I20) -> 0
A107: Custos Fixos | D107: ='Dem Resultados'!D16+'Dem Resultados'!D17+'Dem Resultados'!D18+'Dem Resultados'!D19 -> 0 | E107: ='Dem Resultados'!E16+'Dem Resultados'!E17+'Dem Resultados'!E18+'Dem Resultados'!E19 -> 0 | F107: ='Dem Resultados'!F16+'Dem Resultados'!F17+'Dem Resultados'!F18+'Dem Resultados'!F19 -> 0 | G107: ='Dem Resultados'!G16+'Dem Resultados'!G17+'Dem Resultados'!G18+'Dem Resultados'!G19 -> 0 | H107: ='Dem Resultados'!H16+'Dem Resultados'!H17+'Dem Resultados'!H18+'Dem Resultados'!H19 -> 0 | I107: ='Dem Resultados'!I16+'Dem Resultados'!I17+'Dem Resultados'!I18+'Dem Resultados'!I19 -> 0
A108: Custos Variáveis | D108: ='Dem Resultados'!D14+'Dem Resultados'!D15+'Dem Resultados'!D20 -> 0 | E108: ='Dem Resultados'!E14+'Dem Resultados'!E15+'Dem Resultados'!E20 -> 0 | F108: ='Dem Resultados'!F14+'Dem Resultados'!F15+'Dem Resultados'!F20 -> 0 | G108: ='Dem Resultados'!G14+'Dem Resultados'!G15+'Dem Resultados'!G20 -> 0 | H108: ='Dem Resultados'!H14+'Dem Resultados'!H15+'Dem Resultados'!H20 -> 0 | I108: ='Dem Resultados'!I14+'Dem Resultados'!I15+'Dem Resultados'!I20 -> 0
A109: Ponto crítico | D109: =D107/(D104/D102) -> #DIV/0! | E109: =E107/(E104/E102) -> #DIV/0! | F109: =F107/(F104/F102) -> #DIV/0! | G109: =G107/(G104/G102) -> #DIV/0! | H109: =H107/(H104/H102) -> #DIV/0! | I109: =I107/(I104/I102) -> #DIV/0!
A110: Meios líquidos libertos | D110: ='Dem Resultados'!D27+'Dem Resultados'!D17+'Dem Resultados'!D18 -> 0 | E110: ='Dem Resultados'!E27+'Dem Resultados'!E17+'Dem Resultados'!E18 -> 0 | F110: ='Dem Resultados'!F27+'Dem Resultados'!F17+'Dem Resultados'!F18 -> 0 | G110: ='Dem Resultados'!G27+'Dem Resultados'!G17+'Dem Resultados'!G18 -> 0 | H110: ='Dem Resultados'!H27+'Dem Resultados'!H17+'Dem Resultados'!H18 -> 0 | I110: ='Dem Resultados'!I27+'Dem Resultados'!I17+'Dem Resultados'!I18 -> 0
A111: Margem de Segurança económica | D111: =D102/D109-1 -> #DIV/0! | E111: =E102/E109-1 -> #DIV/0! | F111: =F102/F109-1 -> #DIV/0! | G111: =G102/G109-1 -> #DIV/0! | H111: =H102/H109-1 -> #DIV/0! | I111: =I102/I109-1 -> #DIV/0!
A114: Rácios de análise Financeira
C116: =Pressupostos!B$6 -> 2010 | D116: =Pressupostos!C$6 -> 2011 | E116: =Pressupostos!D$6 -> 2012 | F116: =Pressupostos!E$6 -> 2013 | G116: =Pressupostos!F$6 -> 2014 | H116: =Pressupostos!G$6 -> 2015
A117: Rentabilidade dos capitais próprios | D117: ='Dem Resultados'!D27/Balanço!D29 -> #DIV/0! | E117: ='Dem Resultados'!E27/Balanço!E29 -> #DIV/0! | F117: ='Dem Resultados'!F27/Balanço!F29 -> #DIV/0! | G117: ='Dem Resultados'!G27/Balanço!G29 -> #DIV/0! | H117: ='Dem Resultados'!H27/Balanço!H29 -> #DIV/0!
A118: Rentabilidade das Vendas | D118: ='Dem Resultados'!D27/'Dem Resultados'!D5 -> #DIV/0! | E118: ='Dem Resultados'!E27/'Dem Resultados'!E5 -> #DIV/0! | F118: ='Dem Resultados'!F27/'Dem Resultados'!F5 -> #DIV/0! | G118: ='Dem Resultados'!G27/'Dem Resultados'!G5 -> #DIV/0! | H118: ='Dem Resultados'!H27/'Dem Resultados'!H5 -> #DIV/0!
A119: Rentabilidade do Activo | D119: ='Dem Resultados'!D27/Balanço!D26 -> #DIV/0! | E119: ='Dem Resultados'!E27/Balanço!E26 -> #DIV/0! | F119: ='Dem Resultados'!F27/Balanço!F26 -> #DIV/0! | G119: ='Dem Resultados'!G27/Balanço!G26 -> #DIV/0! | H119: ='Dem Resultados'!H27/Balanço!H26 -> #DIV/0!
A120: Autonomia Financeira | D120: =Balanço!D29/Balanço!D26 -> #DIV/0! | E120: =Balanço!E29/Balanço!E26 -> #DIV/0! | F120: =Balanço!F29/Balanço!F26 -> #DIV/0! | G120: =Balanço!G29/Balanço!G26 -> #DIV/0! | H120: =Balanço!H29/Balanço!H26 -> #DIV/0!
A121: Capacidade de Endividamento | D121: =(Balanço!D47-Balanço!D33)/Balanço!D47 -> #DIV/0! | E121: =(Balanço!E47-Balanço!E33)/Balanço!E47 -> #DIV/0! | F121: =(Balanço!F47-Balanço!F33)/Balanço!F47 -> #DIV/0! | G121: =(Balanço!G47-Balanço!G33)/Balanço!G47 -> #DIV/0! | H121: =(Balanço!H47-Balanço!H33)/Balanço!H47 -> #DIV/0!
A122: Solvabilidade | D122: =Balanço!D33/(Balanço!D47-Balanço!D33) -> #DIV/0! | E122: =Balanço!E33/(Balanço!E47-Balanço!E33) -> #DIV/0! | F122: =Balanço!F33/(Balanço!F47-Balanço!F33) -> #DIV/0! | G122: =Balanço!G33/(Balanço!G47-Balanço!G33) -> #DIV/0! | H122: =Balanço!H33/(Balanço!H47-Balanço!H33) -> #DIV/0!
A123: Liquidez geral | D123: =(Balanço!D14+Balanço!D22+Balanço!D24)/Balanço!D45 -> #DIV/0! | E123: =(Balanço!E14+Balanço!E22+Balanço!E24)/Balanço!E45 -> #DIV/0! | F123: =(Balanço!F14+Balanço!F22+Balanço!F24)/Balanço!F45 -> #DIV/0! | G123: =(Balanço!G14+Balanço!G22+Balanço!G24)/Balanço!G45 -> #DIV/0! | H123: =(Balanço!H14+Balanço!H22+Balanço!H24)/Balanço!H45 -> #DIV/0!

Sheet Estado
A1: 6. - Demonstração da Conta Estado e Outros Entes Públicos
A3: ESTADO E OUTROS ENTES PÚBLICOS | C3: =Pressupostos!B$6 -> 2010 | D3: =Pressupostos!C$6 -> 2011 | E3: =Pressupostos!D$6 -> 2012 | F3: =Pressupostos!E$6 -> 2013 | G3: =Pressupostos!F$6 -> 2014 | H3: =Pressupostos!G$6 -> 2015 | I3: =H3+1 -> 2016 | J3: =I3+1 -> 2017
A4: * IMPOSTOS
A5: - Sobre o Rendimento | C5: =C6*(1+C7) -> 0.275 | D5: =D6*(1+D7) -> 0.275 | E5: =E6*(1+E7) -> 0.275 | F5: =F6*(1+F7) -> 0.275 | G5: =G6*(1+G7) -> 0.275 | H5: =H6*(1+H7) -> 0.275 | I5: =I6*(1+I7) -> 0.275
A6: . Taxa de IRC | C6: 0.25 | D6: =C6 -> 0.25 | E6: =D6 -> 0.25 | F6: =E6 -> 0.25 | G6: =F6 -> 0.25 | H6: =G6 -> 0.25 | I6: =H6 -> 0.25
A7: . Taxa de Derrama | C7: 0.1 | D7: =C7 -> 0.1 | E7: =D7 -> 0.1 | F7: =E7 -> 0.1 | G7: =F7 -> 0.1 | H7: =G7 -> 0.1 | I7: =H7 -> 0.1
A8: - Sobre o Valor Acrescentado
A9: . Taxa media IVA s/ o Imobilizado | C9: 0.19 | D9: =C9 -> 0.19 | E9: =D9 -> 0.19 | F9: =E9 -> 0.19 | G9: =F9 -> 0.19 | H9: =G9 -> 0.19 | I9: =H9 -> 0.19 | J9: =I9 -> 0.19
A10: . Taxa media IVA s/ as Vendas | C10: 0.19 | D10: =C10 -> 0.19 | E10: =D10 -> 0.19 | F10: =E10 -> 0.19 | G10: =F10 -> 0.19 | H10: =G10 -> 0.19 | I10: =H10 -> 0.19 | J10: =I10 -> 0.19
A11: . Taxa media IVA para FSE | C11: 0.12 | D11: =C11 -> 0.12 | E11: =D11 -> 0.12 | F11: =E11 -> 0.12 | G11: =F11 -> 0.12 | H11: =G11 -> 0.12 | I11: =H11 -> 0.12 | J11: =I11 -> 0.12
A12: . Taxa media IVA s/ as Compras | C12: 0.12 | D12: =C12 -> 0.12 | E12: =D12 -> 0.12 | F12: =E12 -> 0.12 | G12: =F12 -> 0.12 | H12: =G12 -> 0.12 | I12: =H12 -> 0.12 | J12: =I12 -> 0.12
A14: APURAMENTO DO IVA | C14: =D14-1 -> 2010 | D14: =D3 -> 2011 | E14: =E3 -> 2012 | F14: =F3 -> 2013 | G14: =G3 -> 2014 | H14: =H3 -> 2015 | I14: =I3 -> 2016
A16: IVA LIQUIDADO | C16: =C17 -> 0 | D16: =D17 -> 0 | E16: =E17 -> 0 | F16: =F17 -> 0 | G16: =G17 -> 0 | H16: =H17 -> 0 | I16: =I17 -> 0
A17: - De vendas | C17: =C18+C19 -> 0 | D17: =D18+D19 -> 0 | E17: =E18+E19 -> 0 | F17: =F18+F19 -> 0 | G17: =G18+G19 -> 0 | H17: =H18+H19 -> 0 | I17: =I18+I19 -> 0
A18: . Do próprio ano | D18: =D40+E37 -> 0 | E18: =E40+F37 -> 0 | F18: =F40+G37 -> 0 | G18: =G40+H37 -> 0 | H18: =H40+I37 -> 0 | I18: =I40+J37 -> 0
A19: . Do ano anterior
A20: IVA DEDUTIVEL | C20: =C21+C22+C25 -> 0 | D20: =D21+D22+D25 -> 0 | E20: =E21+E22+E25 -> 0 | F20: =F21+F22+F25 -> 0 | G20: =G21+G22+G25 -> 0 | H20: =H21+H22+H25 -> 0 | I20: =I21+I22+I25 -> 0
A21: - De imobilizado | C21: =C9*SUM(Invest!C26:C27) -> 0 | D21: =D9*SUM(Invest!D26:D27) -> 0 | E21: =E9*SUM(Invest!E26:E27) -> 0 | F21: =F9*SUM(Invest!F26:F27) -> 0 | G21: =G9*SUM(Invest!G26:G27) -> 0 | H21: =H9*SUM(Invest!H26:H27) -> 0 | I21: =I9*SUM(Invest!I26:I27) -> 0
A22: - De compras | C22: =C23+C24 -> 0 | D22: =D23+D24 -> 0 | E22: =E23+E24 -> 0 | F22: =F23+F24 -> 0 | G22: =G23+G24 -> 0 | H22: =H23+H24 -> 0 | I22: =I23+I24 -> 0
A23: . Do próprio ano | D23: =D51+E46 -> 0 | E23: =E51+F46 -> 0 | F23: =F51+G46 -> 0 | G23: =G51+H46 -> 0 | H23: =H51+I46 -> 0 | I23: =I51+J46 -> 0
A24: . Do ano anterior
A25: - De FSE | D25: =D26+D27 -> 0 | E25: =E26+E27 -> 0 | F25: =F26+F27 -> 0 | G25: =G26+G27 -> 0 | H25: =H26+H27 -> 0 | I25: =I26+I27 -> 0
A26: . Do próprio ano | D26: =D53+E48 -> 0 | E26: =E53+F48 -> 0 | F26: =F53+G48 -> 0 | G26: =G53+H48 -> 0 | H26: =H53+I48 -> 0 | I26: =I53+J48 -> 0
A27: . Do ano anterior
A28: IVA APURAMENTO | C28: =C16-C20 -> 0 | D28: =D16-D20 -> 0 | E28: =E16-E20 -> 0 | F28: =F16-F20 -> 0 | G28: =G16-G20 -> 0 | H28: =H16-H20 -> 0 | I28: =I16-I20 -> 0
A29: IVA a pagar/receber | C29: =C28 -> 0 | D29: =C29-C31+D28 -> 0 | E29: =D29-D31+E28 -> 0 | F29: =E29-E31+F28 -> 0 | G29: =F29-F31+G28 -> 0 | H29: =G29-G31+H28 -> 0 | I29: =H29-H31+I28 -> 0
A30: SALDO QUE TRANSITA | C30: =C28 -> 0 | D30: =IF(D29<0,D29,D28/Pressupostos!C$8*3) -> 0 | E30: =IF(E29<0,E29,E28/4) -> 0 | F30: =IF(F29<0,F29,F28/4) -> 0 | G30: =IF(G29<0,G29,G28/4) -> 0 | H30: =IF(H29<0,H29,H28/4) -> 0 | I30: =IF(I29<0,I29,I28/4) -> 0
A31: PAGAMENTO AO ESTADO | D31: =D28-D30+C30 -> 0 | E31: =E28+D30-E30 -> 0 | F31: =F28+E30-F30 -> 0 | G31: =G28+F30-G30 -> 0 | H31: =H28+G30-H30 -> 0 | I31: =I28+H30-I30 -> 0
A33: ORÇAMENTO DE TESOURARIA | C33: =C14 -> 2010 | D33: =D14 -> 2011 | E33: =E14 -> 2012 | F33: =F14 -> 2013 | G33: =G14 -> 2014 | H33: =H14 -> 2015 | I33: =H33+1 -> 2016 | J33: =I33+1 -> 2017
A34: RECEBIMENTOS
A35: Do ano anterior | E35: =E36+E37 -> 0 | F35: =F36+F37 -> 0 | G35: =G36+G37 -> 0 | H35: =H36+H37 -> 0 | I35: =I36+I37 -> 0 | J35: =J36+J37 -> 0
A36: . De vendas | E36: =('Vendas PA'!D$65+VM!D64+'P. Serviços'!D$13)-D39 -> 0 | F36: =('Vendas PA'!E$65+VM!E64+'P. Serviços'!E$13)-E39 -> 0 | G36: =('Vendas PA'!F$65+VM!F64+'P. Serviços'!F$13)-F39 -> 0 | H36: =('Vendas PA'!G$65+VM!G64+'P. Serviços'!G$13)-G39 -> 0 | I36: =('Vendas PA'!H$65+VM!H64+'P. Serviços'!H$13)-H39 -> 0 | J36: =('Vendas PA'!I$65+VM!I64+'P. Serviços'!I$13)-I39 -> 0
A37: . De IVA Liquidado | E37: =('Vendas PA'!D$65+VM!D64+'P. Serviços'!D$13)*D$10-D40 -> 0 | F37: =('Vendas PA'!E$65+VM!E64+'P. Serviços'!E$13)*E$10-E40 -> 0 | G37: =('Vendas PA'!F$65+VM!F64+'P. Serviços'!F$13)*F$10-F40 -> 0 | H37: =('Vendas PA'!G$65+VM!G64+'P. Serviços'!G$13)*G$10-G40 -> 0 | I37: =('Vendas PA'!H$65+VM!H64+'P. Serviços'!H$13)*H$10-H40 -> 0 | J37: =('Vendas PA'!I$65+VM!I64+'P. Serviços'!I$13)*I$10-I40 -> 0
A38: Do próprio ano | D38: =D39+D40+D41 -> 0 | E38: =E39+E40+E41 -> 0 | F38: =F39+F40+F41 -> 0 | G38: =G39+G40+G41 -> 0 | H38: =H39+H40+H41 -> 0 | I38: =I39+I40+I41 -> 0
A39: - De vendas | D39: =('Vendas PA'!D65+VM!D64+'P. Serviços'!D13)*(1-Pressupostos!C$12/360*Pressupostos!C8/12) -> 0 | E39: =('Vendas PA'!E65+VM!E64+'P. Serviços'!E13)*(1-Pressupostos!D$12/360*Pressupostos!D8/12) -> 0 | F39: =('Vendas PA'!F65+VM!F64+'P. Serviços'!F13)*(1-Pressupostos!E$12/360*Pressupostos!E8/12) -> 0 | G39: =('Vendas PA'!G65+VM!G64+'P. Serviços'!G13)*(1-Pressupostos!F$12/360*Pressupostos!F8/12) -> 0 | H39: =('Vendas PA'!H65+VM!H64+'P. Serviços'!H13)*(1-Pressupostos!G$12/360*Pressupostos!G8/12) -> 0 | I39: =('Vendas PA'!I65+VM!I64+'P. Serviços'!I13)*(1-Pressupostos!H$12/360*Pressupostos!H8/12) -> 0
A40: - De IVA Liquidado | D40: =('Vendas PA'!D65+VM!D64+'P. Serviços'!D13)*D$10*(1-Pressupostos!C$12/360*Pressupostos!C8/12) -> 0 | E40: =('Vendas PA'!E65+VM!E64+'P. Serviços'!E13)*E$10*(1-Pressupostos!D$12/360*Pressupostos!D8/12) -> 0 | F40: =('Vendas PA'!F65+VM!F64+'P. Serviços'!F13)*F$10*(1-Pressupostos!E$12/360*Pressupostos!E8/12) -> 0 | G40: =('Vendas PA'!G65+VM!G64+'P. Serviços'!G13)*G$10*(1-Pressupostos!F$12/360*Pressupostos!F8/12) -> 0 | H40: =('Vendas PA'!H65+VM!H64+'P. Serviços'!H13)*H$10*(1-Pressupostos!G$12/360*Pressupostos!G8/12) -> 0 | I40: =('Vendas PA'!I65+VM!I64+'P. Serviços'!I13)*I$10*(1-Pressupostos!H$12/360*Pressupostos!H8/12) -> 0
A41: De outros proveitos | D41: ='P. Serviços'!D37 -> 0 | E41: ='P. Serviços'!E37 -> 0 | F41: ='P. Serviços'!F37 -> 0 | G41: ='P. Serviços'!G37 -> 0 | H41: ='P. Serviços'!H37 -> 0 | I41: ='P. Serviços'!I37 -> 0
A42: TOTAL DE RECEBIMENTOS | D42: =D38+D35 -> 0 | E42: =E38+E35 -> 0 | F42: =F38+F35 -> 0 | G42: =G38+G35 -> 0 | H42: =H38+H35 -> 0 | I42: =I38+I35 -> 0 | J42: =J38+J35 -> 0
A43: PAGAMENTOS
A44: Do ano anterior | E44: =SUM(E45:E48) -> 0 | F44: =SUM(F45:F48) -> 0 | G44: =SUM(G45:G48) -> 0 | H44: =SUM(H45:H48) -> 0 | I44: =SUM(I45:I48) -> 0 | J44: =SUM(J45:J48) -> 0
A45: - De compras | E45: =(CMVMC!D$34+'Custo Merc'!D$29)-D50 -> 0 | F45: =(CMVMC!E$34+'Custo Merc'!E$29)-E50 -> 0 | G45: =(CMVMC!F$34+'Custo Merc'!F$29)-F50 -> 0 | H45: =(CMVMC!G$34+'Custo Merc'!G$29)-G50 -> 0 | I45: =(CMVMC!H$34+'Custo Merc'!H$29)-H50 -> 0 | J45: =(CMVMC!I$34+'Custo Merc'!I$29)-I50 -> 0
A46: - De IVA dedutível | E46: =(CMVMC!D$34+'Custo Merc'!D$29)*D$12-D51 -> 0 | F46: =(CMVMC!E$34+'Custo Merc'!E$29)*E$12-E51 -> 0 | G46: =(CMVMC!F$34+'Custo Merc'!F$29)*F$12-F51 -> 0 | H46: =(CMVMC!G$34+'Custo Merc'!G$29)*G$12-G51 -> 0 | I46: =(CMVMC!H$34+'Custo Merc'!H$29)*H$12-H51 -> 0 | J46: =(CMVMC!I$34+'Custo Merc'!I$29)*I$12-I51 -> 0
A47: - De FSE | E47: =+FSE!D$20-D52 -> 0 | F47: =+FSE!E$20-E52 -> 0 | G47: =+FSE!F$20-F52 -> 0 | H47: =+FSE!G$20-G52 -> 0 | I47: =+FSE!H$20-H52 -> 0 | J47: =+FSE!I$20-I52 -> 0
A48: - De IVA dedutível | E48: =+FSE!D$20*D$11-D53 -> 0 | F48: =+FSE!E$20*E$11-E53 -> 0 | G48: =+FSE!F$20*F$11-F53 -> 0 | H48: =+FSE!G$20*G$11-G53 -> 0 | I48: =+FSE!H$20*H$11-H53 -> 0 | J48: =+FSE!I$20*I$11-I53 -> 0
A49: Do próprio ano | D49: =SUM(D50:D57) -> 0 | E49: =SUM(E50:E57) -> 0 | F49: =SUM(F50:F57) -> 0 | G49: =SUM(G50:G57) -> 0 | H49: =SUM(H50:H57) -> 0 | I49: =SUM(I50:I57) -> 0
A50: - De compras | D50: =(CMVMC!D$34+'Custo Merc'!D$29)*(1-Pressupostos!C$10/360*(Pressupostos!C$8/12)) -> 0 | E50: =(CMVMC!E34+'Custo Merc'!E29)*(1-Pressupostos!D$10/360*(Pressupostos!D$8/12)) -> 0 | F50: =(CMVMC!F34+'Custo Merc'!F29)*(1-Pressupostos!E$10/360*(Pressupostos!E$8/12)) -> 0 | G50: =(CMVMC!G34+'Custo Merc'!G29)*(1-Pressupostos!F$10/360*(Pressupostos!F$8/12)) -> 0 | H50: =(CMVMC!H34+'Custo Merc'!H29)*(1-Pressupostos!G$10/360*(Pressupostos!G$8/12)) -> 0 | I50: =(CMVMC!I34+'Custo Merc'!I29)*(1-Pressupostos!H$10/360*(Pressupostos!H$8/12)) -> 0
A51: - De IVA dedutível | D51: =(CMVMC!D$34+'Custo Merc'!D$29)*D$12*(1-Pressupostos!C$10/360*(Pressupostos!C$8/12)) -> 0 | E51: =(CMVMC!E34+'Custo Merc'!E29)*E$12*(1-Pressupostos!D$10/360*(Pressupostos!D$8/12)) -> 0 | F51: =(CMVMC!F34+'Custo Merc'!F29)*F$12*(1-Pressupostos!E$10/360*(Pressupostos!E$8/12)) -> 0 | G51: =(CMVMC!G34+'Custo Merc'!G29)*G$12*(1-Pressupostos!F$10/360*(Pressupostos!F$8/12)) -> 0 | H51: =(CMVMC!H34+'Custo Merc'!H29)*H$12*(1-Pressupostos!G$10/360*(Pressupostos!G$8/12)) -> 0 | I51: =(CMVMC!I34+'Custo Merc'!I29)*I$12*(1-Pressupostos!H$10/360*(Pressupostos!H$8/12)) -> 0
A52: - Fornecimentos e Serviços Externos | D52: =FSE!D20*(1-Pressupostos!C$11/360*(Pressupostos!C$8/12)) -> 0 | E52: =FSE!E20*(1-Pressupostos!D$11/360*(Pressupostos!D$8/12)) -> 0 | F52: =FSE!F20*(1-Pressupostos!E$11/360*(Pressupostos!E$8/12)) -> 0 | G52: =FSE!G20*(1-Pressupostos!F$11/360*(Pressupostos!F$8/12)) -> 0 | H52: =FSE!H20*(1-Pressupostos!G$11/360*(Pressupostos!G$8/12)) -> 0 | I52: =FSE!I20*(1-Pressupostos!H$11/360*(Pressupostos!H$8/12)) -> 0
A53: - De IVA dedutível | D53: =FSE!D20*D$11*(1-Pressupostos!C$11/360*(Pressupostos!C$8/12)) -> 0 | E53: =FSE!E20*E$11*(1-Pressupostos!D$11/360*(Pressupostos!D$8/12)) -> 0 | F53: =FSE!F20*F$11*(1-Pressupostos!E$11/360*(Pressupostos!E$8/12)) -> 0 | G53: =FSE!G20*G$11*(1-Pressupostos!F$11/360*(Pressupostos!F$8/12)) -> 0 | H53: =FSE!H20*H$11*(1-Pressupostos!G$11/360*(Pressupostos!G$8/12)) -> 0 | I53: =FSE!I20*I$11*(1-Pressupostos!H$11/360*(Pressupostos!H$8/12)) -> 0
A54: - Custos om o Pessoal | D54: ='C. Pessoal'!D33 -> 0 | E54: ='C. Pessoal'!E33 -> 0 | F54: ='C. Pessoal'!F33 -> 0 | G54: ='C. Pessoal'!G33 -> 0 | H54: ='C. Pessoal'!H33 -> 0 | I54: ='C. Pessoal'!I33 -> 0
A55: - Impostos | D55: ='C. Pessoal'!D34 -> 0 | E55: ='C. Pessoal'!E34 -> 0 | F55: ='C. Pessoal'!F34 -> 0 | G55: ='C. Pessoal'!G34 -> 0 | H55: ='C. Pessoal'!H34 -> 0 | I55: ='C. Pessoal'!I34 -> 0
A56: - Outros custos | D56: ='C. Pessoal'!D35 -> 0 | E56: ='C. Pessoal'!E35 -> 0 | F56: ='C. Pessoal'!F35 -> 0 | G56: ='C. Pessoal'!G35 -> 0 | H56: ='C. Pessoal'!H35 -> 0 | I56: ='C. Pessoal'!I35 -> 0
A57: - Impostos sobre os Lucros | D57: ='Dem Resultados'!D26 -> 0 | E57: ='Dem Resultados'!E26 -> 0 | F57: ='Dem Resultados'!F26 -> 0 | G57: ='Dem Resultados'!G26 -> 0 | H57: ='Dem Resultados'!H26 -> 0 | I57: ='Dem Resultados'!I26 -> 0
A58: TOTAL DE PAGAMENTOS | D58: =D44+D49 -> 0 | E58: =E44+E49 -> 0 | F58: =F44+F49 -> 0 | G58: =G44+G49 -> 0 | H58: =H44+H49 -> 0 | I58: =I44+I49 -> 0
A59: SALDO DE TESOURARIA | D59: =D42-D58 -> 0 | E59: =E42-E58 -> 0 | F59: =F42-F58 -> 0 | G59: =G42-G58 -> 0 | H59: =H42-H58 -> 0 | I59: =I42-I58 -> 0
A61: ORÇAMENTO FINANCEIRO | C61: =D61-1 -> 2010 | D61: =D33 -> 2011 | E61: =E33 -> 2012 | F61: =F33 -> 2013 | G61: =G33 -> 2014 | H61: =H33 -> 2015 | I61: =I33 -> 2016
A62: ORIGENS DE FUNDOS
A63: Capital | C63: =Financ!C6 -> 0 | D63: =Financ!D6 -> 0 | E63: =Financ!E6 -> 0 | F63: =Financ!F6 -> 0 | G63: =Financ!G6 -> 0 | H63: =Financ!H6 -> 0 | I63: =Financ!I6 -> 0
A64: Empréstimos Bancários | C64: =Financ!C13 -> 0 | D64: =Financ!D13 -> 0 | E64: =Financ!E13 -> 0 | F64: =Financ!F13 -> 0 | G64: =Financ!G13 -> 0 | H64: =Financ!H13 -> 0 | I64: =Financ!I13 -> 0
A65: Suprimentos | C65: =Financ!C14 -> 0 | D65: =Financ!D14 -> 0 | E65: =Financ!E14 -> 0 | F65: =Financ!F14 -> 0 | G65: =Financ!G14 -> 0 | H65: =Financ!H14 -> 0 | I65: =Financ!I14 -> 0
A66: Empréstimos sócios de CP | C66: =IF(C85<0,-C85,0) -> 0 | D66: =IF(D85<0,-D85,0) -> 0 | E66: =IF(E85<0,-E85,0) -> 0 | F66: =IF(F85<0,-F85,0) -> 0 | G66: =IF(G85<0,-G85,0) -> 0 | H66: =IF(H85<0,-H85,0) -> 0 | I66: =IF(I85<0,-I85,0) -> 0
A67: Saldo Tesouraria | C67: =C59 -> 0 | D67: =D59 -> 0 | E67: =E59 -> 0 | F67: =F59 -> 0 | G67: =G59 -> 0 | H67: =H59 -> 0 | I67: =I59 -> 0
A68: Disponível Inicial | D68: =C82 -> 0 | E68: =D82 -> 0 | F68: =E82 -> 0 | G68: =F82 -> 0 | H68: =G82 -> 0 | I68: =H82 -> 0
A69: Prestações Suplementares | C69: =Financ!C7 -> 0 | D69: =Financ!D7 -> 0 | E69: =Financ!E7 -> 0 | F69: =Financ!F7 -> 0 | G69: =Financ!G7 -> 0 | H69: =Financ!H7 -> 0 | I69: =Financ!I7 -> 0
A70: Recup. Op. Tesouraria | C70: =Invest!C79 -> 0 | D70: =Invest!D79 -> 0 | E70: =Invest!E79 -> 0 | F70: =Invest!F79 -> 0 | G70: =Invest!G79 -> 0 | H70: =Invest!H79 -> 0 | I70: =Invest!I79 -> 0
A71: Proveitos e Ganhos Financeiros | C71: ='Dem Resultados'!C24 -> 0 | D71: ='Dem Resultados'!D24 -> 0 | E71: ='Dem Resultados'!E24 -> 0 | F71: ='Dem Resultados'!F24 -> 0 | G71: ='Dem Resultados'!G24 -> 0 | H71: ='Dem Resultados'!H24 -> 0 | I71: ='Dem Resultados'!J24 -> 0
A72: TOTAL DE ORIGENS | C72: =C63+C64+C65+C67+C68+C69+C71+C70+C66 -> 0 | D72: =D63+D64+D65+D67+D68+D69+D71+D70+D66 -> 0 | E72: =E63+E64+E65+E67+E68+E69+E71+E70+E66 -> 0 | F72: =F63+F64+F65+F67+F68+F69+F71+F70+F66 -> 0 | G72: =G63+G64+G65+G67+G68+G69+G71+G70+G66 -> 0 | H72: =H63+H64+H65+H67+H68+H69+H71+H70+H66 -> 0 | I72: =I63+I64+I65+I67+I68+I69+I71+I70+I66 -> 0
A73: APLICAÇÕES DE FUNDOS
A74: Imobilizado | C74: =SUM(Invest!C26:C27) -> 0 | D74: =SUM(Invest!D26:D27) -> 0 | E74: =SUM(Invest!E26:E27) -> 0 | F74: =SUM(Invest!F26:F27) -> 0 | G74: =SUM(Invest!G26:G27) -> 0 | H74: =SUM(Invest!H26:H27) -> 0 | I74: =SUM(Invest!I26:I27) -> 0
A75: IVA dedutível | C75: =C21 -> 0 | D75: =D21 -> 0 | E75: =E21 -> 0 | F75: =F21 -> 0 | G75: =G21 -> 0 | H75: =H21 -> 0 | I75: =I21 -> 0
A76: Reembolso capital EB | C76: =SUM('Plano Financ'!$F$14:$F$15) -> 0 | D76: =SUM('Plano Financ'!$F$16:$F$17) -> 0 | E76: =SUM('Plano Financ'!$F$18:$F$19) -> 0 | F76: =SUM('Plano Financ'!$F$20:$F$21) -> 0 | G76: =SUM('Plano Financ'!$F$22:$F$23) -> 0 | H76: =SUM('Plano Financ'!$F$24:$F$25) -> 0 | I76: =SUM('Plano Financ'!$F$24:$F$25) -> 0
A77: Enc.Financeiros | C77: =SUM('Plano Financ'!$E$14:$E$15) -> 0 | D77: =SUM('Plano Financ'!$E$16:$E$17) -> 0 | E77: =SUM('Plano Financ'!$E$18:$E$19) -> 0 | F77: =SUM('Plano Financ'!$E$20:$E$21) -> 0 | G77: =SUM('Plano Financ'!$E$22:$E$23) -> 0 | H77: =SUM('Plano Financ'!$E$24:$E$25) -> 0 | I77: =SUM('Plano Financ'!$E$24:$E$25) -> 0
A78: Pagamento de IVA | C78: =C31 -> 0 | D78: =D31 -> 0 | E78: =E31 -> 0 | F78: =F31 -> 0 | G78: =G31 -> 0 | H78: =H31 -> 0 | I78: =I31 -> 0
A79: Aplicações de Tesouraria | C79: =Invest!C78 -> 0 | D79: =Invest!D78 -> 0 | E79: =Invest!E78 -> 0 | F79: =Invest!F78 -> 0 | G79: =Invest!G78 -> 0 | H79: =Invest!H78 -> 0 | I79: =Invest!I78 -> 0
A80: Reembolso de Suprimentos | C80: =Financ!C25 -> 0 | D80: =Financ!D25 -> 0 | E80: =Financ!E25 -> 0 | F80: =Financ!F25 -> 0 | G80: =Financ!G25 -> 0 | H80: =Financ!H25 -> 0 | I80: =Financ!I25 -> 0
A81: Reembolso de empréstimos de sócios CP | C81: =C87 -> 0 | D81: =D87 -> 0 | E81: =E87 -> 0 | F81: =F87 -> 0 | G81: =G87 -> 0 | H81: =H87 -> 0 | I81: =I87 -> 0
A82: Disponível Final | C82: =C72-(C74+C75+C76+C77+C78+C79+C80+C81) -> 0 | D82: =D72-(D74+D75+D76+D77+D78+D79+D80+D81) -> 0 | E82: =E72-(E74+E75+E76+E77+E78+E79+E80+E81) -> 0 | F82: =F72-(F74+F75+F76+F77+F78+F79+F80+F81) -> 0 | G82: =G72-(G74+G75+G76+G77+G78+G79+G80+G81) -> 0 | H82: =H72-(H74+H75+H76+H77+H78+H79+H80+H81) -> 0 | I82: =I72-(I74+I75+I76+I77+I78+I79+I80+I81) -> 0
A83: TOTAL DE APLICAÇÕES | C83: =C74+C75+C76+C77+C78+C79+C80+C82+C81 -> 0 | D83: =D74+D75+D76+D77+D78+D79+D80+D82+D81 -> 0 | E83: =E74+E75+E76+E77+E78+E79+E80+E82+E81 -> 0 | F83: =F74+F75+F76+F77+F78+F79+F80+F82+F81 -> 0 | G83: =G74+G75+G76+G77+G78+G79+G80+G82+G81 -> 0 | H83: =H74+H75+H76+H77+H78+H79+H80+H82+H81 -> 0 | I83: =I74+I75+I76+I77+I78+I79+I80+I82+I81 -> 0 | J83: =J74+J75+J76+J77+J78+J79+J80+J82+J81 -> 0
A85: Necessidade de realizar empréstimos | C85: =C63+C64+C65+C67+C68+C69+C70+C71-C74-C75-C76-C77-C78-C79-C80 -> 0 | D85: =D63+D64+D65+D67+D68+D69+D70+D71-D74-D75-D76-D77-D78-D79-D80 -> 0 | E85: =E63+E64+E65+E67+E68+E69+E70+E71-E74-E75-E76-E77-E78-E79-E80 -> 0 | F85: =F63+F64+F65+F67+F68+F69+F70+F71-F74-F75-F76-F77-F78-F79-F80 -> 0 | G85: =G63+G64+G65+G67+G68+G69+G70+G71-G74-G75-G76-G77-G78-G79-G80 -> 0 | H85: =H63+H64+H65+H67+H68+H69+H70+H71-H74-H75-H76-H77-H78-H79-H80 -> 0 | I85: =I63+I64+I65+I67+I68+I69+I70+I71-I74-I75-I76-I77-I78-I79-I80 -> 0
C86: =D86-1 -> 2010 | D86: =D61 -> 2011 | E86: =E61 -> 2012 | F86: =F61 -> 2013 | G86: =G61 -> 2014 | H86: =H61 -> 2015 | I86: =I61 -> 2016
A87: Reembolso de empréstimos de sócios CP | D87: 0 | E87: =IF(Balanço!D41>0,IF(Estado!E85>0,IF(Estado!E85<Balanço!D41,Estado!E85,Balanço!D41),0),0) -> 0 | F87: =IF(Balanço!E41>0,IF(Estado!F85>0,IF(Estado!F85<Balanço!E41,Estado!F85,Balanço!E41),0),0) -> 0 | G87: =IF(Balanço!F41>0,IF(Estado!G85>0,IF(Estado!G85<Balanço!F41,Estado!G85,Balanço!F41),0),0) -> 0 | H87: =IF(Balanço!G41>0,IF(Estado!H85>0,IF(Estado!H85<Balanço!G41,Estado!H85,Balanço!G41),0),0) -> 0 | I87: =IF(Balanço!H41>0,IF(Estado!I85>0,IF(Estado!I85<Balanço!H41,Estado!I85,Balanço!H41),0),0) -> 0 | J87: =IF(Balanço!I41>0,IF(Estado!J85>0,IF(Estado!J85<Balanço!I41,Estado!J85,Balanço!I41),0),0) -> 0
D89: =IF(D87=0,"Ok",IF(D87>D85,"Erro","Ok")) -> Ok | E89: =IF(E87=0,"Ok",IF(E87>E85,"Erro","Ok")) -> Ok | F89: =IF(F87=0,"Ok",IF(F87>F85,"Erro","Ok")) -> Ok | G89: =IF(G87=0,"Ok",IF(G87>G85,"Erro","Ok")) -> Ok | H89: =IF(H87=0,"Ok",IF(H87>H85,"Erro","Ok")) -> Ok | I89: =IF(I87=0,"Ok",IF(I87>I85,"Erro","Ok")) -> Ok

Sheet Dem Resultados
A1: 7. - Demonstração de Resultados Previsionais
A3: CONTA DE RESULTADOS PREVISIONAL | C3: =Pressupostos!B$6 -> 2010 | D3: =Pressupostos!C$6 -> 2011 | E3: =Pressupostos!D$6 -> 2012 | F3: =Pressupostos!E$6 -> 2013 | G3: =Pressupostos!F$6 -> 2014 | H3: =Pressupostos!G$6 -> 2015 | I3: =Pressupostos!H$6 -> 2016
A4: PROVEITOS E GANHOS
A5: VENDAS E PRESTAÇÃO DE SERVIÇOS | D5: =Estado!D39+Estado!E36 -> 0 | E5: =Estado!E39+Estado!F36 -> 0 | F5: =Estado!F39+Estado!G36 -> 0 | G5: =Estado!G39+Estado!H36 -> 0 | H5: =Estado!H39+Estado!I36 -> 0 | I5: =Estado!I39+Estado!J36 -> 0
A6: SUBSÍDIOS À EXPLORAÇÃO
A7: VARIAÇÃO DA PRODUÇÃO | D7: =CMVMC!D17 -> 0 | E7: =CMVMC!E17 -> 0 | F7: =CMVMC!F17 -> 0 | G7: =CMVMC!G17 -> 0 | H7: =CMVMC!H17 -> 0 | I7: =CMVMC!I17 -> 0
A8: TRABALHOS P/ PRÓPRIA EMPRESA | D8: 0 | E8: 0 | F8: 0 | G8: 0 | H8: 0 | I8: 0
A9: OUTROS PROVEITOS OPERACIONAIS | D9: ='P. Serviços'!D37 -> 0 | E9: ='P. Serviços'!E37 -> 0 | F9: ='P. Serviços'!F37 -> 0 | G9: ='P. Serviços'!G37 -> 0 | H9: ='P. Serviços'!H37 -> 0 | I9: ='P. Serviços'!I37 -> 0
A10: PROVEITOS E GANHOS EXTRAORDINÁRIOS | D10: =Financ!D16 -> 0 | E10: =Financ!E16 -> 0 | F10: 0 | G10: 0 | H10: 0 | I10: 0
A12: Total | D12: =SUM(D5:D11) -> 0 | E12: =SUM(E5:E11) -> 0 | F12: =SUM(F5:F11) -> 0 | G12: =SUM(G5:G11) -> 0 | H12: =SUM(H5:H11) -> 0 | I12: =SUM(I5:I11) -> 0
A13: CUSTOS E PERDAS
A14: C.M.V.M.C. | D14: =CMVMC!D32+'Custo Merc'!D27 -> 0 | E14: =CMVMC!E32+'Custo Merc'!E27 -> 0 | F14: =CMVMC!F32+'Custo Merc'!F27 -> 0 | G14: =CMVMC!G32+'Custo Merc'!G27 -> 0 | H14: =CMVMC!H32+'Custo Merc'!H27 -> 0 | I14: =CMVMC!I32+'Custo Merc'!I27 -> 0
A15: FORNECIMENTOS E SERVIÇOS EXTERNOS | D15: =FSE!D20 -> 0 | E15: =FSE!E20 -> 0 | F15: =FSE!F20 -> 0 | G15: =FSE!G20 -> 0 | H15: =FSE!H20 -> 0 | I15: =FSE!I20 -> 0
A16: CUSTOS COM O PESSOAL | D16: ='C. Pessoal'!D33 -> 0 | E16: ='C. Pessoal'!E33 -> 0 | F16: ='C. Pessoal'!F33 -> 0 | G16: ='C. Pessoal'!G33 -> 0 | H16: ='C. Pessoal'!H33 -> 0 | I16: ='C. Pessoal'!I33 -> 0
A17: AMORTIZAÇÕES DO EXERCÍCIO | D17: =Invest!E71 -> 0 | E17: =Invest!F71 -> 0 | F17: =Invest!G71 -> 0 | G17: =Invest!H71 -> 0 | H17: =Invest!I71 -> 0 | I17: =Invest!J71 -> 0
A18: PROVISÕES DO EXERCÍCIO | D18: =FSE!D28 -> 0 | E18: =FSE!E28 -> 0 | F18: =FSE!F28 -> 0 | G18: =FSE!G28 -> 0 | H18: =FSE!H28 -> 0 | I18: =FSE!I28 -> 0
A19: IMPOSTOS | D19: 0 | E19: 0 | F19: 0 | G19: 0 | H19: 0 | I19: 0
A20: OUTROS CUSTOS | D20: 0 | E20: 0 | F20: 0 | G20: 0 | H20: 0 | I20: 0
A21: Total | D21: =SUM(D14:D20) -> 0 | E21: =SUM(E14:E20) -> 0 | F21: =SUM(F14:F20) -> 0 | G21: =SUM(G14:G20) -> 0 | H21: =SUM(H14:H20) -> 0 | I21: =SUM(I14:I20) -> 0
A22: RESUL. ANTES DA FUNÇÃO FINAN. | D22: =D12-D21 -> 0 | E22: =E12-E21 -> 0 | F22: =F12-F21 -> 0 | G22: =G12-G21 -> 0 | H22: =H12-H21 -> 0 | I22: =I12-I21 -> 0
A23: CUSTOS E PERDAS FINANCEIRAS | D23: =Estado!D77 -> 0 | E23: =Estado!E77 -> 0 | F23: =Estado!F77 -> 0 | G23: =Estado!G77 -> 0 | H23: =Estado!H77 -> 0 | I23: =Estado!I77 -> 0
A24: PROVEITOS E GANHOS FINANCEIROS | D24: ='Plano Financ'!C38 -> 0 | E24: ='Plano Financ'!D38 -> 0 | F24: ='Plano Financ'!E38 -> 0 | G24: ='Plano Financ'!F38 -> 0 | H24: ='Plano Financ'!G38 -> 0 | I24: ='Plano Financ'!H38 -> 0
A25: RESULTADOS ANTES DE IMPOSTOS | D25: =D22-D23+D24 -> 0 | E25: =E22-E23+E24 -> 0 | F25: =F22-F23+F24 -> 0 | G25: =G22-G23+G24 -> 0 | H25: =H22-H23+H24 -> 0 | I25: =I22-I23+I24 -> 0
A26: IMPOSTOS SOBRE OS LUCROS | D26: =IF(D25>0,D25*Estado!D$5,0) -> 0 | E26: =IF(AND(E25>0,Balanço!E31>=0),E25*Estado!D5,IF(AND(AND(E25>0,Balanço!E31<0),(E25+Balanço!E31)>0),(E25+Balanço!E31)*Estado!D5,0)) -> 0 | F26: =IF(AND(F25>0,Balanço!F31>=0),F25*Estado!E5,IF(AND(AND(F25>0,Balanço!F31<0),(F25+Balanço!F31)>0),(F25+Balanço!F31)*Estado!E5,0)) -> 0 | G26: =IF(AND(G25>0,Balanço!G31>=0),G25*Estado!F5,IF(AND(AND(G25>0,Balanço!G31<0),(G25+Balanço!G31)>0),(G25+Balanço!G31)*Estado!F5,0)) -> 0 | H26: =IF(AND(H25>0,Balanço!H31>=0),H25*Estado!G5,IF(AND(AND(H25>0,Balanço!H31<0),(H25+Balanço!H31)>0),(H25+Balanço!H31)*Estado!G5,0)) -> 0 | I26: =IF(AND(I25>0,Balanço!J31>=0),I25*Estado!H5,IF(AND(AND(I25>0,Balanço!J31<0),(I25+Balanço!J31)>0),(I25+Balanço!J31)*Estado!H5,0)) -> 0
A27: RESULTADOS LÍQUIDOS | D27: =D25-D26 -> 0 | E27: =E25-E26 -> 0 | F27: =F25-F26 -> 0 | G27: =G25-G26 -> 0 | H27: =H25-H26 -> 0 | I27: =I25-I26 -> 0

Sheet Balanço
A1: 8. - Balanços Previsionais
A3: BALANÇO PREVISIONAL | C3: =Pressupostos!B$6 -> 2010 | D3: =Pressupostos!C$6 -> 2011 | E3: =Pressupostos!D$6 -> 2012 | F3: =Pressupostos!E$6 -> 2013 | G3: =Pressupostos!F$6 -> 2014 | H3: =Pressupostos!G$6 -> 2015 | I3: =Pressupostos!H$6 -> 2016
A4: ACTIVO
A5: IMOBILIZAÇÕES | C5: =Invest!B21+Invest!C21 -> 0 | D5: =Invest!C21+Invest!D21 -> 0 | E5: =D5+Invest!E21 -> 0 | F5: =E5+Invest!F21 -> 0 | G5: =F5+Invest!G21 -> 0 | H5: =G5+Invest!H21 -> 0 | I5: =H5+Invest!I21 -> 0
A6: AMORTIZAÇÕES E REINT. ACUMULADAS | C6: ='Dem Resultados'!C17 -> 0 | D6: =C6+'Dem Resultados'!D17 -> 0 | E6: =D6+'Dem Resultados'!E17 -> 0 | F6: =E6+'Dem Resultados'!F17 -> 0 | G6: =F6+'Dem Resultados'!G17 -> 0 | H6: =G6+'Dem Resultados'!H17 -> 0 | I6: =H6+'Dem Resultados'!I17 -> 0
C7: =C5-C6 -> 0 | D7: =D5-D6 -> 0 | E7: =E5-E6 -> 0 | F7: =F5-F6 -> 0 | G7: =G5-G6 -> 0 | H7: =H5-H6 -> 0 | I7: =I5-I6 -> 0
A8: EXISTÊNCIAS
A9: Mercadorias | C9: =FMN!C5 -> 0 | D9: =FMN!D5 -> 0 | E9: =FMN!E5 -> 0 | F9: =FMN!F5 -> 0 | G9: =FMN!G5 -> 0 | H9: =FMN!H5 -> 0 | I9: =FMN!I5 -> 0
A10: Matérias-primas e Subsidiarias | C10: =FMN!C6 -> 0 | D10: =FMN!D6 -> 0 | E10: =FMN!E6 -> 0 | F10: =FMN!F6 -> 0 | G10: =FMN!G6 -> 0 | H10: =FMN!H6 -> 0 | I10: =FMN!I6 -> 0
A11: Produtos-Acabados e em Curso | C11: =FMN!C7 -> 0 | D11: =FMN!D7 -> 0 | E11: =FMN!E7 -> 0 | F11: =FMN!F7 -> 0 | G11: =FMN!G7 -> 0 | H11: =FMN!H7 -> 0 | I11: =FMN!I7 -> 0
C12: =SUM(C9:C11) -> 0 | D12: =SUM(D9:D11) -> 0 | E12: =SUM(E9:E11) -> 0 | F12: =SUM(F9:F11) -> 0 | G12: =SUM(G9:G11) -> 0 | H12: =SUM(H9:H11) -> 0 | I12: =SUM(I9:I11) -> 0
A13: Provisão p/ Depreciação de Existências | C13: =FSE!C24 -> 0 | D13: =FSE!D24 -> 0 | E13: =FSE!E24 -> 0 | F13: =FSE!F24 -> 0 | G13: =FSE!G24 -> 0 | H13: =FSE!H24 -> 0 | I13: =FSE!I24 -> 0
C14: =C12-C13 -> 0 | D14: =D12-D13 -> 0 | E14: =E12-E13 -> 0 | F14: =F12-F13 -> 0 | G14: =G12-G13 -> 0 | H14: =H12-H13 -> 0 | I14: =I12-I13 -> 0
A15: DIVIDAS DE TERCEIROS M/L PRAZO | C15: 0 | D15: 0 | E15: 0 | F15: 0 | G15: 0 | H15: 0 | I15: 0
A16: DIVIDAS DE TERCEIROS CURTO PRAZO
A17: Clientes | C17: =Estado!D35 -> 0 | D17: =Estado!E35 -> 0 | E17: =Estado!F35 -> 0 | F17: =Estado!G35 -> 0 | G17: =Estado!H35 -> 0 | H17: =Estado!I35 -> 0 | I17: =Estado!J35 -> 0
A18: Estado e Outros Entes Públicos | C18: =IF(Estado!C30<0,-Estado!C30,0) -> 0 | D18: =IF(Estado!D30<0,-Estado!D30,0) -> 0 | E18: =IF(Estado!E30<0,-Estado!E30,0) -> 0 | F18: =IF(Estado!F30<0,-Estado!F30,0) -> 0 | G18: =IF(Estado!G30<0,-Estado!G30,0) -> 0 | H18: =IF(Estado!H30<0,-Estado!H30,0) -> 0 | I18: =IF(Estado!I30<0,-Estado!I30,0) -> 0
A19: Outros devedores | C19: 0 | D19: 0 | E19: 0 | F19: 0 | G19: 0 | H19: 0 | I19: 0
C20: =SUM(C17:C19) -> 0 | D20: =SUM(D17:D19) -> 0 | E20: =SUM(E17:E19) -> 0 | F20: =SUM(F17:F19) -> 0 | G20: =SUM(G17:G19) -> 0 | H20: =SUM(H17:H19) -> 0 | I20: =SUM(I17:I19) -> 0
A21: Provisão p/ Cobranças Duvidosas | C21: =FSE!C25 -> 0 | D21: =FSE!D25 -> 0 | E21: =FSE!E25 -> 0 | F21: =FSE!F25 -> 0 | G21: =FSE!G25 -> 0 | H21: =FSE!H25 -> 0 | I21: =FSE!I25 -> 0
C22: =C20-C21 -> 0 | D22: =D20-D21 -> 0 | E22: =E20-E21 -> 0 | F22: =F20-F21 -> 0 | G22: =G20-G21 -> 0 | H22: =H20-H21 -> 0 | I22: =I20-I21 -> 0
A23: APLICAÇÕES DE TESOURARIA | C23: =Invest!C80 -> 0 | D23: =Invest!D80 -> 0 | E23: =Invest!E80 -> 0 | F23: =Invest!F80 -> 0 | G23: =Invest!G80 -> 0 | H23: =Invest!H80 -> 0 | I23: =Invest!I80 -> 0
A24: DEPÓSITOS BANCÁRIOS / CAIXA | C24: =Estado!C82 -> 0 | D24: =Estado!D82 -> 0 | E24: =Estado!E82 -> 0 | F24: =Estado!F82 -> 0 | G24: =Estado!G82 -> 0 | H24: =Estado!H82 -> 0 | I24: =Estado!I82 -> 0
A25: ACRÉSCIMOS E DIFERIMENTOS | C25: 0 | D25: 0 | E25: 0 | F25: 0 | G25: 0 | H25: 0 | I25: 0
A26: TOTAL DO ACTIVO | C26: =C25+C24+C23+C22+C15+C14+C7 -> 0 | D26: =D25+D24+D23+D22+D15+D14+D7 -> 0 | E26: =E25+E24+E23+E22+E15+E14+E7 -> 0 | F26: =F25+F24+F23+F22+F15+F14+F7 -> 0 | G26: =G25+G24+G23+G22+G15+G14+G7 -> 0 | H26: =H25+H24+H23+H22+H15+H14+H7 -> 0 | I26: =I25+I24+I23+I22+I15+I14+I7 -> 0
A27: CAPITAL PRÓPRIO E PASSIVO | C27: =Pressupostos!B$6 -> 2010 | D27: =Pressupostos!C$6 -> 2011 | E27: =Pressupostos!D$6 -> 2012 | F27: =Pressupostos!E$6 -> 2013 | G27: =Pressupostos!F$6 -> 2014 | H27: =Pressupostos!G$6 -> 2015 | I27: =Pressupostos!H$6 -> 2016
A28: CAPITAL PRÓPRIO
A29: Capital | C29: =Financ!B6+Financ!C6 -> 0 | D29: =C29+Financ!D6 -> 0 | E29: =D29+Financ!E6 -> 0 | F29: =E29+Financ!F6 -> 0 | G29: =F29+Financ!G6 -> 0 | H29: =G29+Financ!H6 -> 0 | I29: =H29+Financ!I6 -> 0
A30: Prestações suplementares | C30: =Estado!C69 -> 0 | D30: =C30+Estado!D69 -> 0 | E30: =D30+Estado!E69 -> 0 | F30: =E30+Estado!F69 -> 0 | G30: =F30+Estado!G69 -> 0 | H30: =G30+Estado!H69 -> 0 | I30: =H30+Estado!I69 -> 0
A31: Resultados Transitados | D31: =C31+C32*(1-Pressupostos!C31) -> 0 | E31: =D31+D32*(1-Pressupostos!D31) -> 0 | F31: =E31+E32*(1-Pressupostos!E31) -> 0 | G31: =F31+F32*(1-Pressupostos!F31) -> 0 | H31: =G31+G32*(1-Pressupostos!G31) -> 0 | I31: =H31+H32*(1-Pressupostos!H31) -> 0
A32: Resultados Líquidos | C32: ='Dem Resultados'!C27 -> 0 | D32: ='Dem Resultados'!D27 -> 0 | E32: ='Dem Resultados'!E27 -> 0 | F32: ='Dem Resultados'!F27 -> 0 | G32: ='Dem Resultados'!G27 -> 0 | H32: ='Dem Resultados'!H27 -> 0 | I32: ='Dem Resultados'!I27 -> 0
C33: =SUM(C29:C32) -> 0 | D33: =SUM(D29:D32) -> 0 | E33: =SUM(E29:E32) -> 0 | F33: =SUM(F29:F32) -> 0 | G33: =SUM(G29:G32) -> 0 | H33: =SUM(H29:H32) -> 0 | I33: =SUM(I29:I32) -> 0
A34: PROVISÕES P/ OUTROS RISCOS E ENC.
A35: DIVIDAS A TERCEIROS M/L PRAZO
A36: Empréstimos Obtidos | C36: ='Plano Financ'!$G$15 -> 0 | D36: ='Plano Financ'!$G$17 -> 0 | E36: =D36-Estado!E76 -> 0 | F36: =E36-Estado!F76 -> 0 | G36: =F36-Estado!G76 -> 0 | H36: =G36-Estado!H76 -> 0 | I36: =H36-Estado!I76 -> 0
A37: Suprimentos | C37: =Financ!C14-Financ!C25 -> 0 | D37: =C37+Financ!D14-Financ!D25 -> 0 | E37: =D37+Financ!E14-Financ!E25 -> 0 | F37: =E37+Financ!F14-Financ!F25 -> 0 | G37: =F37+Financ!G14-Financ!G25 -> 0 | H37: =G37+Financ!H14-Financ!H25 -> 0 | I37: =H37+Financ!I14-Financ!I25 -> 0
A38: Outros | C38: 0 | D38: 0 | E38: 0 | F38: 0 | G38: 0 | H38: 0 | I38: 0
C39: =SUM(C36:C38) -> 0 | D39: =SUM(D36:D38) -> 0 | E39: =SUM(E36:E38) -> 0 | F39: =SUM(F36:F38) -> 0 | G39: =SUM(G36:G38) -> 0 | H39: =SUM(H36:H38) -> 0 | I39: =SUM(I36:I38) -> 0
A40: DIVIDAS A TERCEIROS CURTO PRAZO
A41: Empréstimos Obtidos | C41: =Estado!C66-Estado!C81 -> 0 | D41: =+C41+Estado!D66-Estado!D81 -> 0 | E41: =+D41+Estado!E66-Estado!E81 -> 0 | F41: =+E41+Estado!F66-Estado!F81 -> 0 | G41: =+F41+Estado!G66-Estado!G81 -> 0 | H41: =+G41+Estado!H66-Estado!H81 -> 0 | I41: =+H41+Estado!I66-Estado!I81 -> 0
A42: Fornecedores | C42: =Estado!D44 -> 0 | D42: =Estado!E44 -> 0 | E42: =Estado!F44 -> 0 | F42: =Estado!G44 -> 0 | G42: =Estado!H44 -> 0 | H42: =Estado!I44 -> 0 | I42: =Estado!J44 -> 0
A43: Estado e Outros Entes Públicos | C43: =IF(Estado!C30>0,Estado!C30,0) -> 0 | D43: =IF(Estado!D30>0,Estado!D30,0) -> 0 | E43: =IF(Estado!E30>0,Estado!E30,0) -> 0 | F43: =IF(Estado!F30>0,Estado!F30,0) -> 0 | G43: =IF(Estado!G30>0,Estado!G30,0) -> 0 | H43: =IF(Estado!H30>0,Estado!H30,0) -> 0 | I43: =IF(Estado!I30>0,Estado!I30,0) -> 0
A44: Outros | C44: 0 | D44: 0 | E44: 0 | F44: 0 | G44: 0 | H44: 0 | I44: 0
C45: =SUM(C41:C44) -> 0 | D45: =SUM(D41:D44) -> 0 | E45: =SUM(E41:E44) -> 0 | F45: =SUM(F41:F44) -> 0 | G45: =SUM(G41:G44) -> 0 | H45: =SUM(H41:H44) -> 0 | I45: =SUM(I41:I44) -> 0
A46: ACRÉSCIMOS E DIFERIMENTOS | C46: 0 | D46: 0 | E46: 0 | F46: 0 | G46: 0 | H46: 0 | I46: 0
A47: TOTAL DO CAPITAL PRÓPRIO E PASSIVO | C47: =C46+C45+C39+C34+C33 -> 0 | D47: =D46+D45+D39+D34+D33 -> 0 | E47: =E46+E45+E39+E34+E33 -> 0 | F47: =F46+F45+F39+F34+F33 -> 0 | G47: =G46+G45+G39+G34+G33 -> 0 | H47: =H46+H45+H39+H34+H33 -> 0 | I47: =I46+I45+I39+I34+I33 -> 0
A50: Controlo do Balanço | D50: =D26-D47 -> 0 | E50: =E26-E47 -> 0 | F50: =F26-F47 -> 0 | G50: =G26-G47 -> 0 | H50: =H26-H47 -> 0 | I50: =I26-I47 -> 0

Sheet Análise sensibilidade
B2: VAL | C2: TIR | D2: TIRI | E2: Payback
E3: Anos | F3: Meses
A4: Variação nas vendas
A5: Cenário base | B5: ='Cash Flow'!D70 -> 0 | C5: ='Cash Flow'!D76 -> #NUM! | D5: ='Cash Flow'!D77 -> #DIV/0! | E5: ='Cash Flow'!E85 -> 0 | F5: ='Cash Flow'!E86 -> 0
A6: (+) 10%
A7: (+) 20%
A8: (-) 10%
A9: (-) 20%
A11: Variação na prestação de servços
A12: Cenário base | B12: =B5 -> 0 | C12: =C5 -> #NUM! | D12: =D5 -> #DIV/0! | E12: =E5 -> 0 | F12: =F5 -> 0
A13: (+) 10%
A14: (+) 20%
A15: (-) 10%
A16: (-) 20%
B20: VAL | C20: TIR | D20: TIRI | E20: Payback
E21: Anos | F21: Meses
A22: Variação na margem de lucro das mercadorias
A23: Cenário base- margem 70% | B23: =B12 -> 0 | C23: =C12 -> #NUM! | D23: =D12 -> #DIV/0! | E23: =E12 -> 0 | F23: =F12 -> 0
A24: Cenário 1-margem 80%
A25: Cenário 2-margem 90%
A26: Cenário 3-margem 100%
